Workbook
Name A: 'LIQUIDACIÓN-GASTOS'!$Y:$Y
Name BORRADOR: ANEXO!$AP$2:$AP$180
Name EXPERIMENTALLINEA2: ANEXO!$AQ$2:$AQ$69
Name NORMATIVA: ANEXO!$AO$2:$AO$101
Name NORMATIVAS: ANEXO!$AO$3:$AO$101
Name PAISES: ANEXO!$A$2:$A$100

Sheet INICIO
M1: V24 | N1: 46288
C7: Este formulario de Excel no suele funcionar en ordenadores Mac.
C8: FORMULARIO | I8: PAGOS A CONFERENCIANTES (Ministerio/Junta)
C11: Debido a que este archivo se encuentra en fase de pruebas y está | I11: Solo se usa para abonar el concepto de “conferencia” a un ponente invitado,
C12: sujeto a actualizaciones continuas, se solicita no guardar ni realizar | I12: junto con algún gasto en concepto de viajes que procediera ser abonado
C13: copias y acceder siempre a la última versión disponible en la web.

Sheet Ayuda
E2: AYUDA DEL FORMULARIO DE LIQUIDACION
B4: El formulario está compuesto por varios cuadros, cada uno con su correspondiente nombre. Para obtener la liquidación de dietas, deberá cumplimentarse en el orden que se indica a continuación
B5: y siguiendo las indicaciones del CUADRO DE AVISO:
B7: 1. DATOS DEL SOLICITANTE.
B8: 2. DATOS DEL PROYECTO / PARA EL PROYECTO.
B9: 3. GASTOS DE LOCOMOCIÓN / INSCRIPCIÓN / OTROS.
B11: La sección correspondiente a las dietas deberá completarse de acuerdo con la naturaleza del desplazamiento realizado.
B13: 4.a. DIETAS EN TERRITORIO NACIONAL O TRÁNSITO PARA LA SALIDA.
B14: 4.b. DIETAS EN EL PRIMER PAÍS EXTRANJERO O ÚNICO.
B15: 4.c. VIAJE EN TRÁNSITO DE REGRESO DIETAS EN TERRITORIO NACIONAL (en su caso).
B16: 4.d. SEGUNDO PAÍS EXTRANJERO (viajes secuenciales a distintos países).
B17: 4.e. TERCER PAÍS EXTRANJERO (viajes secuenciales a distintos países).
B18: 0. CUADRO DE AVISO (De la fila 3 a la 8 del formulario, indica la información pendiente de completar para garantizar la correcta liquidación).
... B57: CUADRO DE DIETAS
B59: MINISTERIO.DECRETO RD 462/2002 | F59: DECRETO 54/1989 JUNTA MADRID | J59: DECRETO 54/1989 JUNTA (Excepto Madrid)
B60: Alojamiento | D60: 65.97 | F60: Alojamiento | H60: 96.41 | J60: Alojamiento | L60: 64.27
B61: Manutención completa | D61: 37.4 | F61: Manutención pernoctando | H61: 41.78 | J61: Manutención pernoctando | L61: 40.82
B62: 1/2 manutención | D62: 18.7 | F62: Manutención sin pernoctar | H62: 26.67 | J62: Manutención sin pernoctar | L62: 26.67
F63: 1/2 manutención | H63: 20.89 | J63: 1/2 manutención | L63: 20.41
B65: Instrucción 3/2021 de la US (Madrid / Barcelona) Para fecha anteriores al 26/06/2025 | G65: Instrucción 3/2021 de la US (Excepto Madrid / Barcelona) Para fecha anteriores al 26/06/2025
B66: Alojamiento | D66: 120 | G66: Alojamiento | I66: 90
B67: Manutención pernoctando | D67: 41.78 | G67: Manutención pernoctando | I67: 40.82
B68: Manutención sin pernoctar | D68: 26.67 | G68: Manutención sin pernoctar | I68: 26.67
B69: 1/2 manutención | D69: 20.89 | G69: 1/2 manutención | I69: 20.41
B73: Instrucción 3/2025 de la US (Madrid / Barcelona) Para fecha posteriores al 26/06/2025 | G73: Instrucción 3/2025 de la US (Excepto Madrid / Barcelona) Para fecha posteriores al 26/06/2025
B74: Alojamiento | D74: 150 | G74: Alojamiento | I74: 130
B75: Manutención pernoctando | D75: 53.34 | G75: Manutención pernoctando | I75: 53.34
B76: Manutención sin pernoctar | D76: 26.67 | G76: Manutención sin pernoctar | I76: 26.67
B77: 1/2 manutención | D77: 23.67 | G77: 1/2 manutención | I77: 23.67
B80: (Artículo 2 Decreto 54/1989 y sus modificaciones ). Los importes correspondientes a manutención completa y a media manutención en territorio extranjero serán los establecidos para dichos conceptos en territorio nacional Madrid. Esto se aplica en los siguientes decretos/instrucciones: Decreto 54/1989, Instrucció 3/2021 de la US, Instrucción 3/2025 de la US. Artículo 13.4.C de las instrucciones 3/2025 de gerencia de la US de 26/06/2025 En el viaje de regreso, cuando se realiza en un solo día, si la salida del país extranjero se produce despues de las 15:00 horas, solo dará lugar al derecho de percepción de media manutención del importe del país extranjero correspondiente, independientemente de la hora en que se produzca la llegada a su domicilio.
B90: Nevo decreto de la Junta Tipos de manutención
B91: Manutención pernoctando (para varios días)
B92: Manutención sin pernoctar ( para un día)
B93: 1/2 Manutención ( sólo una comida, almerzo o cena)
B96: Un día de viaje
B97: Salida | E97: Regreso | H97: manutención que corresponde
B99: antes de las 15:00 | E99: antes de las 21:00 | H99: 1/2 manutención (almerzo fuera y cena en casa)
B101: después de las 15:00 | E101: después de las 21:00 y antes de las 24:00 | H101: 1/2 manutención (almerzo en casa y cena fuera)
B104: salida antes de las 15:00 | E104: despues de las 21:00 y antes de las 24:00 | H104: Manutención sin pernoctar (almerzo y cena fuera)
B108: VARIOS DIAS DE VIAJE
B111: salida antes de las 15:00 | F111: manutención completa (almerzo y cena fuera de casa)
B114: salida despues de las 15:00 pero antes de las 21:00 y antes de las 24:00 | F114: 1/2 manutención ( cena fuera de casa)
B118: regreso después de las 21:00 y antes de las 24:00 | F118: manutención completa ( almuerzo y cena fuera de casa)
B122: regreso después de las 15:00 pero antes de las 21:00 | F122: 1/2 manutención (almerzo fuera de casa)
B126: Los proyectos cuya referencia en UNIVERSITAS XXI figura como DGP PIDI 2024 tienen asignada la orgánica 24. No obstante, es necesario evitar su confusión con aquellos proyectos cuya referencia es ProyExcel, que igualmente utilizan la orgánica 24. Para los proyectos DGP PIDI 2024, en el formulario de liquidación en Excel deberá seleccionarse en el desplegable “Tipo de proyecto / CONVOCATORIAS” la opción DGP PIDI 2024. Asimismo, los desplazamientos vinculados a estos proyectos se regulan conforme a su normativa específica. Por su parte, los proyectos ProyExcel se gestionan de acuerdo con la normativa establecida por la Junta.
B134: GASTOS DERIVADOS DE ESTANCIAS EN CENTROS I+D, TOMA DE DATOS O CAMPAÑA DE MUESTREO EN DETERMINADOS PROYECTOS Orden por la que se aprueba la convocatoria de tramitación anticipada para el año 2024 del procedimiento de concesión de ayudas a «Proyectos de Generación de Conocimiento» y a actuaciones para la formación de personal investigador predoctoral asociadas a dichos proyectos, en el marco del Plan Estatal de Investigación Científica, Técnica y de Innovación 2024-2027 Los importes de manutención y alojamiento estarán limitados a 1.500 euros mensuales (50 euros/día) en España y 1.950 euros mensuales (65 euros/día) para el extranjero. Para los cálculos de alojamiento y manutención en estancias de investigación o campañas de muestreo, se utiliza como referencia la fecha de la actividad, es decir, el periodo efectivo de la estancia o campaña.

Sheet FORMULARIO
I1: =INICIO!N1 -> 46288 | J1: =INICIO!M1 -> V24
B2: FORMULARIO DE LIQUIDACIÓN (En un MAC no suele funcionar) | H2: AYUDA DEL FORMULARIO | BB2: ACCEDA A LA HOJA “LIQUIDACIÓN DE GASTOS”, GUÁRDELA EN FORMATO PDF Y FÍRMELA PARA SU PRESENTACIÓN.
A3: 0. CUADRO DE AVISO DE ERRORES | B3: =IF(D9="","Escriba la fecha de la solicitud en D9 y siga las instrucciones",IF(AND(OR(E11="",E11="Elija la Opción ▼"),C16<>"",B10<>""),"Responda si ha solicitado un anticipo en la celda E11",IF(C16="","Escriba su nombre y apellidos en D16",IF(F16="","Escriba el D.N.I. en F16",IF(OR(H16="",H16="Elija la Opción ▼"),"Elija la Nacionalidad",IF(C19="","Escriba la Entidad para la que trabaja en C19",IF(F19="","Escriba La Categoria profesionalen F19",IF(H19="","Escriba el Nº de cuenta bancaria e H19",IF(C24="","Escriba la Orgánica en C24",IF(F24="","Escriba el nº de Proyecto en F24",IF(H24="Elija la Opción ▼","Elija el Tipo de proyecto/CONVOCATORIAS en H24",IF(OR(C27=" Elija la Opción",C27=""),"Elija la Vinculación con el proyectoen C27",IF(F27="","Escriba la Actividad/evento al que asiste en F27",IF(C30="","Escriba la fecha de inicio de todas las actividades en C30",IF(F30="","Escriba la Fecha de fin de las actividades en F30",IF(C32="","Escriba el Itinerario en C32",IF(F32="","Escriba el Luegar del desplazamiento en F32",IF(AND(C37<>"",F37=""),"Escriba la Matrícula del vehículo particular",IF(AND(D39<>0,C39="Elija Opción"),"Escriba el medio de locomoción utilizado en C39",IF(AND(D40<>0,C40="Elija Opción"),"Escriba el medio de locomoción utilizado en C40",IF(AND(D41<>0,C41="Elija Opción"),"Escriba el medio de locomoción utilizado en C41",IF(AND(D42<>0,C42="Elija Opción"),"Escriba el medio de locomoción utilizado en C42",IF(AND(G39<>0,F39="Elija Opción"),"Escriba el medio de locomoción utilizaden F39",IF(AND(G40<>0,F40="Elija Opción"),"Escriba el medio de locomoción utilizado en F40",IF(AND(G41<>0,F41="Elija Opción"),"Escriba el medio de locomoción utilizado en F41",IF(AND(G42<>0,F42="Elija Opción"),"Escriba el medio de locomoción utilizado en F42",IF(AND(C54<>"",F54=""),"Escriba la Hora de inicio del viaje en F54",IF(AND(C54<>"",C57=""),"Escriba la Fecha de fin de la viaje en C57",IF(AND(C54<>"",F57=""),"Escriba la Hora de fin del viaje en F57",IF(AND(C54="",F54<>""),"Escriba la fecha de inicio del viaje en C54",IF(AND(C54<>"",C60=""),"Escriba la Fecha de inicio de la actividad en C54",IF(AND(C54<>"",F60=""),"Escriba la Fecha de fin de la actividad en F60",IF(AND(OR(G54="Elija la Opción ▼",G54=""),G53<>"",C54<>""),"Elija la opción sin son dietas en Madrid en G54",IF(AND(OR(H57="",H57="Elija la Opción ▼"),C54<>""),"Elija si desea renunciar a la manutención en H57",IF(AND(OR(G58="Elija la Opción ▼",G58=""),G57<>"",C57<>"",'LIQUIDACIÓN-GASTOS'!J4='LIQUIDACIÓN-GASTOS'!AF2),"Elija si aporta factura factura de cena en G58",IF(AND(C64<>"",E64=""),"Escriba el Nº de noches de alojamiento en E64",IF(AND(G64<>"",I64=""),"Escriba el Nº de noches de alojamiento en Pagos con Acuerdo Marco en I64",IF(AND(C69<>"",D69=""),"Escriba la Fecha de inicio de la actividad en D69",IF(AND(C69<>"",F69=""),"Escriba la Hora de salida del viaje en F69",IF(AND(C69="",F69<>""),"Escriba la fecha de inicio del viaje en C69",IF(AND(C69<>"",C72=""),"Escriba la Fecha de fin del viaje en C72",IF(AND(C69<>"",H68="ELIJA EL PAÍS ▼"),"Elija el País en H69",IF(AND(C69<>"",D72=""),"Escriba la Fecha de fin de la actividad en D72",IF(AND(C69<>"",F72=""),"Escriba la Hora de fin del viaje en F72",IF(AND(C74<>"",F74=""),"Escriba la hora de salida del pais extranjero",IF(AND(C74<>"",I72=""),"Escriba la fecha de salida del país extranjero en I72",IF(AND(OR(E75="",E75="Elija la Opción ▼"),C73<>"",C69<>"",'LIQUIDACIÓN-GASTOS'!J4='LIQUIDACIÓN-GASTOS'!AF2),"Elija si aporta factura de cena en E75",IF(AND(OR(I75="",I75="Elija la Opción ▼"),C69<>""),"Elija si desea renunciar a toda la manutención del país en I75",IF(AND(C78<>"",F78=""),"Escriba el Nº de noches del alojamiento en F78",IF(AND(G78<>"",I78=""),"Escriba el Nº de noches del alojamiento de pagos a terceros con Acuerdo Marco en I78","")))))))))))))))))))))))))))))))))))))))))))))))))) -> Escriba la fecha de la solicitud en D9 y siga las instrucciones | J3: =IF('LIQUIDACIÓN-GASTOS'!AN80<>0,"Responda si desea renunciar a una parte de la liquidación en la CELDA E10","")
B4: =IF(AND(C113<>"",C119=""),"Escriba la Fecha de inicio de la actividad en C119",IF(AND(C113="",C119<>""),"Escriba la fecha de inicio del viaje en C113",IF(AND(OR(G113="Elija la Opción ▼",G113=""),G112<>"",C113<>""),"Responda si son dietas en Madrid en G113",IF(AND(C113<>"",F113=""),"Escriba la Hora de salida del viaje en F113",IF(AND(C113<>"",C116=""),"Escriba la Fecha de fin del viaje en C116",IF(AND(C113<>"",F119=""),"Escriba la Fecha de fin de la actividad en F119",IF(AND(C113<>"",F116=""),"Escriba la Hora de fin del viaje en F116",IF(AND(C113<>"",E120="Elija la Opción ▼"),"elija si desea renunciar a toda la manutención del país en E120",IF(AND(OR(I117="",I117="Elija la Opción ▼"),C113<>"",H116<>"",'LIQUIDACIÓN-GASTOS'!AF2='LIQUIDACIÓN-GASTOS'!J4),"Elija si aporta factura de cena en I117",IF(AND(C123<>"",E123=""),"Escriba el Nº de noches del alojamiento en E123",IF(AND(G123<>"",I123=""),"Escriba el Nº de noches del alojamiento de pagos a terceros con Acuerdo Marco en I123",IF(AND(H69<>"",H71="",H71="Elija la Opción ▼"),"Responda a la pregunta en H71","")))))))))))) | J4: =IF(AND(OR(E10="Elija la Opción ▼",E10=""),'LIQUIDACIÓN-GASTOS'!AN80<>0),"Responda si desea renunciar a una parte de la liquidación, celda E10") -> FALSE
B5: =IF(AND(C147<>"",H143="ELIJA EL PAÍS ▼"),"Elija el País en H143",IF(AND(OR(H71="",H71="Elija la Opción ▼"),H69<>""),"Responda a la pregunta en H71",IF(AND(C147="",C144<>""),"Escriba la fecha de inicio del viaje en C147",IF(AND(OR(H146="",H146="Elija la Opción ▼"),H144<>""),"Responda a la pregunta en H146",IF(AND(C147<>"",C144=""),"Escriba la Fecha de inicio de la actividad en C144",IF(AND(C147<>"",F147=""),"Escriba la Hora de salida del viaje en F147",IF(AND(C147<>"",C150=""),"Escriba la Fecha de fin del viaje en C150",IF(AND(C147<>"",F144=""),"Escriba la Fecha de fin de la actividad en F144",IF(AND(C147<>"",F150=""),"Escriba la Hora de fin del viaje en F150",IF(AND(OR(F153="Elija la Opción ▼",F153=""),C147<>""),"elija si desea renunciar a toda la manutención del país en F153",IF(AND(OR(F151="",F151="Elija la Opción ▼"),C151<>"",C147<>"",'LIQUIDACIÓN-GASTOS'!J4='LIQUIDACIÓN-GASTOS'!AF2),"Elija si aporta factura de cena",IF(AND(C152<>"",F152=""),"Escriba la hora de salida del país extranjero",IF(AND(C152<>"",I150=""),"Escriba la fecha de salida del país extranjero",IF(AND(C156<>"",F156=""),"Escriba el Nº de noches del alojamiento en F156",IF(AND(G156<>"",I156=""),"Escriba el Nº de noches del alojamiento de pagos a terceros con Acuerdo Marco en I156","")))))))))))))))
B6: =IF(AND(C164<>"",H160="ELIJA EL PAÍS ▼"),"Elija el País en H160",IF(AND(OR(H163="",H163="Elija la Opción ▼"),H161<>""),"Responda a la pregunta en H163",IF(AND(C164="",C161<>""),"Escriba la fecha de inicio del viaje en C164",IF(AND(C164<>"",C161=""),"Escriba la Fecha de inicio de la actividad en C161",IF(AND(C164<>"",F164=""),"Escriba la Hora de salida del viaje en F164",IF(AND(C164<>"",C167=""),"Escriba la Fecha de fin del viaje en C167",IF(AND(C164<>"",F161=""),"Escriba la Fecha de fin de la actividad en F161",IF(AND(C164<>"",F167=""),"Escriba la Hora de fin del viaje en F167",IF(AND(C164<>"",F165="Elija la Opción ▼"),"elija si desea renunciar a toda la manutención del país en F165",IF(AND(C167<>"",C169<>"",I167=""),"Escriba la fecha de salida del país extranjero en I167",IF(AND(C167<>"",C169<>"",F169=""),"Escriba la hora de salida del país extranjero en F169",IF(AND(C173<>"",F173=""),"Escriba el Nº de noches del alojamiento en F173",IF(AND(G173<>"",I173=""),"Escriba el Nº de noches del alojamiento de pagos a terceros con Acuerdo Marco en I173","")))))))))))))
D7: =IF(AND(OR(I60="",I60="Elija la Opción ▼"),I57<>""),"Responda a la pregunta en I60","") | E7: =IF(AND(B3="",B4="",B5="",B6="",D7="",B8="",T19=""),"SU LIQUIDACIÓN NO PRESENTA ERRORES ACCEDA A LA HOJA LIQUIDACIÓN-GASTOS","")
B8: =IF(AND(OR(E10="Elija la Opción ▼",E10=""),'LIQUIDACIÓN-GASTOS'!AL78<>0),"Responda si desea renunciar a una parte de la liquidación, celda E10","") | K8: 36526 | L8: 0.041666667
B9: Fecha de la solicitud | F9: =T19 | K9: 402133 | L9: 1.0409722
B10: ¿Desea renunciar a una parte? | E10: Elija la Opción ▼ | F10: Renuncie por conceptos cuando salga el importe | I10: =IF(I11=0,"","Importe de su liquidación ")
B11: ¿Para este viaje ha solicitado un anticipo? | E11: Elija la Opción ▼ | F11: Haga clica para ir a la liquidación | I11: ='LIQUIDACIÓN-GASTOS'!AL78 -> 0
E12: ='LIQUIDACIÓN-GASTOS'!AF9
C13: 1. DATOS DEL SOLICITANTE | T13: =IF(FORMULARIO!H24="Elija la Opción ▼",_xlfn._LONGTEXT("Seleccione desde el menú desplegable la convocatoria que corresponda a su proyecto. Si el proyecto está financiado por el Ministerio, pero no aparece entre los tipos disponibles, seleccione 'Ministerio' como opción. Para los proyectos PPIT-FEDER, seleccio","ne Normativa US. Para los proyectos EUROPEOS elija las normativas de la US. "),"") -> Seleccione desde el menú desplegable la convocatoria que corresponda a su proyecto. Si el proyecto está financiado por el Ministerio, pero no aparece entre los tipos disponibles, seleccione 'Ministerio' como opción. Para los proyectos PPIT-FEDER, seleccione Normativa US. Para los proyectos EUROPEOS elija las normativas de la US.
L14: Elija la Opción ▼
C15: Nombre y Apellidos | F15: D.N.I | H15: NACIONALIDAD | L15: ESPAÑOLA
H16: Elija la Opción ▼ | L16: EXTRANJERA (SIN RESIDENCIA EN ESPAÑA)
C18: Entidad para la que trabaja | F18: Categoría profesional | H18: Nº de cuenta bancaria | W18: =IF(AND($W$19=$V23,$X$19<>$U23),"La orgánica indicada no opera con el proyecto seleccionado","")
T19: =IF(OR(T23<>"",T24<>"",T25<>"",T26<>"",T27<>"",T28<>"",T29<>"",T30<>"",T31<>"",T32<>"",T33<>"",T34<>"",T35<>"",T34<>"",T34<>"",T35<>"",T36<>"",T36<>"",T37<>"",T38<>"",T39<>"",T40<>"",T41<>"",T42<>"",T43<>"",T44<>"",T45<>"",T46<>"",T47<>"",T48<>"",T49<>"",T50<>"",T51<>"",T52<>"",T53<>""),"La orgánica indicada no opera con la convocatoria elegida","") | W19: =H24 -> Elija la Opción ▼ | X19: =MID(C24,7,2) | Y19: =IF(OR(AND(W19<>V32),X19<>"21","22","24","26","50","51","54","56","58","85","87"),"La orgánica indicada en la celda C24, no opera con el proyecto seleccionado en la celda H24","") -> La orgánica indicada en la celda C24, no opera con el proyecto seleccionado en la celda H24
V20: =IFERROR(IF(G54="SÍ",VLOOKUP(H24,V23:X53,3,0),VLOOKUP(H24,V23:X53,2,0)),"Elija la Opción ▼") -> Elija la Opción ▼ | X20: para la salida | Y20: =G54 -> Elija la Opción ▼
C21: 2. DATOS DEL PROYECTO / PARA EL PROYECTO | V21: =IFERROR(IF(G113="SÍ",VLOOKUP(H24,V23:X50,3,0),VLOOKUP(H24,V23:X50,2,0)),"") | X21: para el regreso | Y21: =G113 -> Elija la Opción ▼ | Z21: =IF(AND(G113="SÍ",#REF!>1),VLOOKUP(H24,V23:X47,3,0)) -> #REF! | AA21: =IF(G113="SÍ",VLOOKUP(H24,V23:X47,3,0),VLOOKUP(H24,V23:X47,2,0)) -> #N/A
J22: =IF(H24="Elija la Opción ▼","","Los importes de las dietas correspondientes a la convocatoria que usted ha seleccionado se establecen conforme a lo dispuesto en el siguiente decreto/normativa.") | V22: Elija la Opción ▼ | X22: Elija la Opción ▼ | Z22: =IF(AND(G113="SÍ",#REF!>1),VLOOKUP(H24,V23:X47,3,0),"") -> #REF! | AF22: Elija la Opción ▼
C23: Orgánica (escriba sin espacio y sin puntos) | F23: Proyecto | H23: Tipo de proyecto | I23: CONVOCATORIAS | T23: =IF(AND($W$19=$V23,$X$19<>"37"),"La orgánica indicada no opera con el proyecto seleccionado","") | U23: 37 | V23: ATRAE 2023 | W23: ATRAE 2023 (Excepto Madrid/Barcelona) | X23: ATRAE 2023 (Madrid/Barcelona) | AB23: ATRAE 2023 (Excepto Madrid/Barcelona) | AF23: ATRAE 2023
H24: Elija la Opción ▼ | T24: =IF(AND($W$19=$V24,$X$19<>"37"),"La orgánica indicada no opera con el proyecto seleccionado","") | U24: 37 | V24: ATRAE 2024 | W24: ATRAE 2024 (Excepto Madrid/Barcelona) | X24: ATRAE 2023 (Madrid/Barcelona) | AB24: ATRAE 2023 (Madrid/Barcelona) | AF24: ATRAE 2024
T25: =IF(AND($W$19=$V25,$X$19<>"30"),"La orgánica indicada no opera con el proyecto seleccionado","") | U25: 30 | V25: CEX 2024 | W25: CEX 2024 (Excepto Madrid/Barcelona) | X25: CEX 2024 (Madrid/Barcelona) | AB25: ATRAE 2024 (Excepto Madrid/Barcelona) | AF25: CEX 2024
C26: Vinculación con el proyecto | F26: Actividad/evento al que asiste | T26: =IF(AND($W$19=$V26,$X$19<>"37"),"La orgánica indicada no opera con el proyecto seleccionado","") | U26: 37 | V26: CNS 2023 | W26: CNS 2023 (Excepto Madrid/Barcelona) | X26: CNS 2023 (Madrid/Barcelona) | AB26: ATRAE 2024 (Madrid/Barcelona) | AF26: CNS 2022
C27: Elija la Opción | J27: ='LIQUIDACIÓN-GASTOS'!AF2 | T27: =IF(AND($W$19=$V27,$X$19<>"37"),"La orgánica indicada no opera con el proyecto seleccionado","") | U27: 37 | V27: CNS 2024 | W27: CNS 2024 (Excepto Madrid/Barcelona) | X27: CNS 2024 (Madrid/Barcelona) | AB27: CEX 2024 (Excepto Madrid/Barcelona) | AF27: CNS 2023
H28: =T13 -> Seleccione desde el menú desplegable la convocatoria que corresponda a su proyecto. Si el proyecto está financiado por el Ministerio, pero no aparece entre los tipos disponibles, seleccione 'Ministerio' como opción. Para los proyectos PPIT-FEDER, seleccione Normativa US. Para los proyectos EUROPEOS elija las normativas de la US. | T28: =IF(AND($W$19=$V28,$X$19<>"35"),"La orgánica indicada no opera con el proyecto seleccionado","") | U28: 35 | V28: CPP 2023 | W28: CPP 2023 (Excepto Madrid/Barcelona) | X28: CPP 2023 (Madrid/Barcelona) | AB28: CEX 2024 (Madrid/Barcelona) | AF28: CNS 2024
C29: Fecha de inicio de todas las actividades | F29: Fin de las actividades | T29: =IF(AND($W$19=$V29,$X$19<>"35"),"La orgánica indicada no opera con el proyecto seleccionado","") | U29: 35 | V29: CPP 2024 | W29: CPP 2024 (Excepto Madrid/Barcelona) | X29: CPP 2024 (Madrid/Barcelona) | AB29: CNS 2024 (Excepto Madrid/Barcelona) | AF29: CPP 2023
T30: =IF(AND($W$19=$V30,$X$19<>"30"),"La orgánica indicada no opera con el proyecto seleccionado","") | U30: 30 | V30: EUR 2024 | W30: EUR 2024 (Excepto Madrid/Barcelona) | X30: EUR 2024 (Madrid/Barcelona) | AB30: CNS 2024 (Madrid/Barcelona) | AF30: CPP 2024
C31: Itinerario | F31: Lugar | T31: =IF(AND($W$19=$V31,$X$19<>"36"),"La orgánica indicada no opera con el proyecto seleccionado","") | U31: 36 | V31: JUAN DE LA CIERVA 2023 | W31: JUAN DE LA CIERVA 2023 (Excepto Madrid/Barcelona) | X31: JUAN DE LA CIERVA 2023 (Madrid/Barcelona) | AB31: CNS 2023 (Excepto Madrid/Barcelona) | AF31: DGP-PIDI-2024
T32: =IF(AND($W$19=$V32,$X$19<>"36"),"La orgánica indicada no opera con el proyecto seleccionado","") | U32: 36 | V32: JUAN DE LA CIERVA 2024 | W32: JUAN DE LA CIERVA 2024 (Excepto Madrid/Barcelona) | X32: JUAN DE LA CIERVA 2024 (Madrid/Barcelona) | AB32: CNS 2023 (Madrid/Barcelona) | AF32: EUR 2024
R33: =IF(AND(X19="21",V33=W19),"La orgánica indicada no opera con el proyecto seleccionado",IF(AND(X19="22",V33=W19),"La orgánica indicada no opera con el proyecto seleccionado",IF(AND(X19="23",V33=W19),"La orgánica indicada no opera con el proyecto seleccionado",IF(AND(X19="24",V33=W19),"La orgánica indicada no opera con el proyecto seleccionado",IF(AND(X19="26",V33=W19),"La orgánica indicada no opera con el proyecto seleccionado",IF(AND(X19="50",V33=W19),"La orgánica indicada no opera con el proyecto seleccionado",IF(AND(X19="51",V33=W19),"La orgánica indicada no opera con el proyecto seleccionado",IF(AND(X19="54",V33=W19),"La orgánica indicada no opera con el proyecto seleccionado",IF(AND(X19="56",V33=W19),"La orgánica indicada no opera con el proyecto seleccionado",IF(AND(X19="58",V33=W19),"La orgánica indicada no opera con el proyecto seleccionado",IF(AND(X19="85",V33=W19),"La orgánica indicada no opera con el proyecto seleccionado",IF(AND(X19="87",V33=W19),"La orgánica indicada no opera con el proyecto seleccionado",IF(AND(X19="71",V33=W19),"La orgánica indicada no opera con el proyecto seleccionado",IF(AND(X19="11",V33=W19),"La orgánica indicada no opera con el proyecto seleccionado","")))))))))))))) | T33: =IF(AND(X19<>"21",X19<>"22",X19<>"24",X19<>"26",X19<>"50",X19<>"51",X19<>"54",X19<>"55",X19<>"56",X19<>"58",X19<>"59",X19<>"85",X19<>"87",X19<>"09",W19=V33),"La orgánica que ha indicado no opera con el proyecto seleccionado","") | U33: 21/22/24/26/51/50/54/59/56/58 | V33: Junta | W33: Junta excepto Madrid | X33: Junta Madrid | AB33: CPP 2023 (Excepto Madrid/Barcelona) | AF33: JUAN DE LA CIERVA 2023
C34: 3. GASTOS DE LOCOMOCIÓN / INSCRIPCIÓN / OTROS | T34: =IF(AND(X19="71",X19="23",X19="21",X19="22",X19="24",X19="11",X19="23",X19="50",X19="51",X19="54",X19="56",X19="58",X19="85",X19="89",W19=V34)," La orgánica indicada no opera con el proyecto seleccionado","") | U34: 30 | V34: Ministerio | W34: Ministerio | X34: Ministerio | AB34: CPP 2024 (Madrid/Barcelona) | AF34: JUAN DE LA CIERVA 2024
T35: =IF(AND(X19<>"23",X19<>"71",X19<>"11",X19<>"59",X19<>"00",X19<>"02",X19<>"09", X19<>"08",X19<>"85",X19<>"39",W19=V35),"La orgánica indicada no opera con el proyecto seleccionado","") | U35: 23/71/11 | V35: Normativa US | W35: Normativa US (Excepto Madrid/Barcelona) | X35: Normativa US (Madrid/Barcelona) | AB35: EUR 2024 (Excepto Madrid/Barcelona) | AF35: Junta
C36: Nº de Km: | D36: 0,26 €/Km | F36: Matrícula del Vehículo particular | K36: Elija Opción | M36: Elija la Opción | T36: =IF(AND($W$19=$V36,$X$19<>"35"),"La orgánica indicada no opera con el proyecto seleccionado","") | U36: 35 | V36: Para proyectos Cátedras (Ministerio) GRUPO 1 (Catedráticos) | W36: Para proyectos Cátedras (Ministerio) GRUPO 1 (Catedráticos) | X36: Para proyectos Cátedras (Ministerio) GRUPO 1 (Catedráticos) | AB36: EUR 2024 (Madrid/Barcelona) | AF36: Ministerio
K37: Alquiler coche | M37: IP o CoIP del proyecto | T37: =IF(AND($W$19=$V37,$X$19<>"35"),"La orgánica indicada no opera con el proyecto seleccionado","") | U37: 35 | V37: Para proyectos Cátedras (Ministerio) GRUPO 2 (Personal Investigador) | W37: Para proyectos Cátedras (Ministerio) GRUPO 2 (Personal Investigador) | X37: Para proyectos Cátedras (Ministerio) GRUPO 2 (Personal Investigador) | AB37: JUAN DE LA CIERVA 2023 (Excepto Madrid/Barcelona) | AF37: Normativa US
K38: Avión | M38: Equipo de investigación | T38: =IF(AND($W$19=$V38,$X$19<>"36"),"La orgánica indicada no opera con el proyecto seleccionado","") | U38: 36 | V38: PCI 2024 | W38: PCI 2024 (Excepto Madrid/Barcelona) | X38: PCI 2024 (Madrid/Barcelona) | AB38: JUAN DE LA CIERVA 2023 (Madrid/Barcelona) | AF38: Para proyectos Cátedras (Ministerio) GRUPO 1 (Catedráticos)
C39: Elija Opción | D39: 0 | F39: Elija Opción | G39: 0 | K39: Barco | M39: Equipo de trabajo | T39: =IF(AND($W$19=$V39,$X$19<>"36"),"La orgánica indicada no opera con el proyecto seleccionado","") | U39: 36 | V39: PCI 2025 | W39: PCI 2025 (Excepto Madrid/Barcelona) | X39: PCI 2025 (Madrid/Barcelona) | AB39: JUAN DE LA CIERVA 2024 (Excepto Madrid/Barcelona) | AF39: Para proyectos Cátedras (Ministerio) GRUPO 2 (Personal Investigador)
A40: Pago con Acuerdo Marco | C40: Elija Opción | D40: 0 | F40: Elija Opción | G40: 0 | H40: Pago con Acuerdo Marco | K40: Bus | M40: Colaboración puntual | T40: =IF(AND($W$19=$V40,$X$19<>"33"),"La orgánica indicada no opera con el proyecto seleccionado","") | U40: 33 | V40: PDC 2025 | W40: PDC 2025 (Excepto Madrid/Barcelona) | X40: PDC 2025 (Madrid/Barcelona) | AB40: JUAN DE LA CIERVA 2024 (Madrid/Barcelona) | AF40: PCI 2024
C41: Elija Opción | D41: 0 | F41: Elija Opción | G41: 0 | K41: Gasolina | T41: =IF(AND($W$19=$V41,$X$19<>"30"),"La orgánica indicada no opera con el proyecto seleccionado","") | U41: 30 | V41: PID 2023 | W41: PID 2023 (Excepto Madrid/Barcelona) | X41: PID 2023 (Madrid/Barcelona) | AB41: Junta excepto Madrid | AF41: PCI 2025
C42: Elija Opción | D42: 0 | F42: Elija Opción | G42: 0 | K42: Metro | T42: =IF(AND($X$19<>"30",$X$19<>"31",$W$19=$V42),"La orgánica indicada no opera con el proyecto seleccionado","") | U42: 30 | V42: PID 2024 | W42: PID 2024 (Excepto Madrid/Barcelona) | X42: PID 2024 (Madrid/Barcelona) | AB42: Junta Madrid | AF42: PDC 2025
K43: Parking | T43: =IF(AND($W$19=$V43,$X$19<>"30"),"La orgánica indicada no opera con el proyecto seleccionado","") | U43: 30 | V43: PID 2022 | W43: PID 2022 (Excepto Madrid/Barcelona) | X43: PID 2022 (Madrid/Barcelona) | AB43: Ministerio | AF43: PID 2023
C44: Gastos de inscripción abonada por el comisionado | G44: Gastos de inscripción Pago con reserva de crédito | K44: Peaje | T44: =IF(AND($W$19=$V44,$X$19<>"35"),"La orgánica indicada no opera con el proyecto seleccionado","") | U44: 35 | V44: PLEC 2021 (MINISTERIO) | W44: PLEC 2021 (MINISTERIO) | X44: PLEC 2021 (MINISTERIO) | AB44: Normativa US (Excepto Madrid/Barcelona) | AF44: PID 2024
C45: Importe | G45: Importe | K45: Seguro de accidente | T45: =IF(AND($W$19=$V45,$X$19<>"35"),"La orgánica indicada no opera con el proyecto seleccionado","") | U45: 35 | V45: PLEC 2022 (MINISTERIO) | W45: PLEC 2022 (MINISTERIO) | X45: PLEC 2022 (MINISTERIO) | AB45: Normativa US (Madrid/Barcelona) | AF45: PID 2022
K46: Seguro médico | T46: =IF(AND($W$19=$V46,$X$19<>"35"),"La orgánica indicada no opera con el proyecto seleccionado","") | U46: 35 | V46: PLEC 2023 | W46: PLEC 2023 (Excepto Madrid/Barcelona) | X46: PLEC 2023 (Madrid/Barcelona) | AB46: Para proyectos Cátedras (Ministerio) GRUPO 1 (Catedráticos) | AF46: PLEC 2021 (MINISTERIO)
C47: Otros gastos | K47: Taxis | T47: =IF(AND($W$19=$V47,$X$19<>"35"),"La orgánica indicada no opera con el proyecto seleccionado","") | U47: 35 | V47: PLEC 2024 | W47: PLEC 2024 (Excepto Madrid/Barcelona) | X47: PLEC 2024 (Madrid/Barcelona) | AB47: Para proyectos Cátedras (Ministerio) GRUPO 2 (Personal Investigador) | AF47: PLEC 2022 (MINISTERIO)
C48: Importe | K48: Tren | T48: =IF(AND($W$19=$V48,$X$19<>"37"),"La orgánica indicada no opera con el proyecto seleccionado","") | U48: 37 | V48: RAMON Y CAJAL 2022 | W48: RAMON Y CAJAL 2022 (Excepto Madrid/Barcelona) | X48: RAMON Y CAJAL 2022 (Madrid/Barcelona) | AB48: PID 2022 (Excepto Madrid/Barcelona) | AF48: PLEC 2023
K49: Visado | T49: =IF(AND($W$19=$V49,$X$19<>"37"),"La orgánica indicada no opera con el proyecto seleccionado","") | U49: 37 | V49: RAMON Y CAJAL 2023 | W49: RAMON Y CAJAL 2023 (Excepto Madrid/Barcelona) | X49: RAMON Y CAJAL 2023 (Madrid/Barcelona) | AB49: PID 2022 (Madrid/Barcelona) | AF49: PLEC 2024
T50: =IF(AND($W$19=$V50,$X$19<>"37"),"La orgánica indicada no opera con el proyecto seleccionado","") | U50: 37 | V50: RAMON Y CAJAL 2024 | W50: RAMON Y CAJAL 2024 (Excepto Madrid/Barcelona) | X50: RAMON Y CAJAL 2024 (Madrid/Barcelona) | AB50: PID 2023 (Excepto Madrid/Barcelona) | AF50: RAMON Y CAJAL 2022
C51: 4.a. DIETAS EN TERRITORIO NACIONAL O TRÁNSITO PARA LA SALIDA | T51: =IF(AND($W$19=$V51,$X$19<>"30"),"La orgánica indicada no opera con el proyecto seleccionado","") | U51: 30 | V51: RED 2024 | W51: RED 2024 (Excepto Madrid/Barcelona) | X51: RED 2024 (Madrid/Barcelona) | AB51: PID 2023 (Madrid/Barcelona) | AF51: RAMON Y CAJAL 2023
T52: =IF(AND($W$19=$V52,$X$19<>"37"),"La orgánica indicada no opera con el proyecto seleccionado","") | U52: 37 | V52: CNS 2022 | W52: CNS 2022 (Excepto Madrid/Barcelona) | X52: CNS 2022 (Madrid/Barcelona) | AB52: PID 2024 (Excepto Madrid/Barcelona) | AF52: RAMON Y CAJAL 2024
C53: Fecha de Inicio del viaje | F53: Hora:mm | G53: =IF(C54="","",IF(OR(ANEXO!A390=ANEXO!A392,ANEXO!A390=ANEXO!A393,ANEXO!A390=ANEXO!A397),"¿Dietas en Madrid o Barcelona?",IF(OR(ANEXO!A390=ANEXO!A394,ANEXO!A390=ANEXO!A396),"¿Dietas en Madrid?",""))) | T53: =IF(AND($W$19=$V53,$X$19<>"24"),"La orgánica indicada no opera con el proyecto seleccionado","") | U53: 24 | V53: DGP-PIDI-2024 | W53: DGP-PIDI-2024 | X53: DGP-PIDI-2024 | AB53: PID 2024 (Madrid/Barcelona) | AF53: RED 2024
G54: Elija la Opción ▼ | H54: =IF(AND(C54<>"",F54=""),"Falta indicar la hora de salida",IF(AND(C54<>"",C57=""),"Falta indicar la fecha de fin del viaje",IF(AND(C57<>"",F57=""),"Falta indicar la hora de fin del viaje",IF(AND(C64<>"",E64=""),"Falta indicar las noches de hotel",IF(C57<C54,"Revise las fechas del viaje",""))))) | AB54: PLEC 2021 (MINISTERIO)
AB55: PLEC 2022 (MINISTERIO)
C56: Fecha de fin del viaje | F56: Hora:mm | H56: ¿Renuncia a la manutención? | AB56: PLEC 2023 (Excepto Madrid/Barcelona)
G57: =IF('LIQUIDACIÓN-GASTOS'!M12<>"",'LIQUIDACIÓN-GASTOS'!M12,"") | H57: Elija la Opción ▼ | I57: =IFERROR(IF(AND('LIQUIDACIÓN-GASTOS'!AP33>=1,'LIQUIDACIÓN-GASTOS'!AS33>=1),"¿La actividad es una estancia en un centro I+D, campaña de muestreo, o toma de datos?",""),"") | AB57: PLEC 2023 (Madrid/Barcelona)
G58: Elija la Opción ▼ | AB58: PLEC 2024 (Excepto Madrid/Barcelona)
C59: Fecha de Inicio de la actividad | F59: Fecha de fin de la actividad | AB59: PLEC 2024 (Madrid/Barcelona)
I60: Elija la Opción ▼ | AB60: RAMON Y CAJAL 2022 (Excepto Madrid/Barcelona)
AB61: RAMON Y CAJAL 2022 (Madrid/Barcelona)
C62: Factura de alojamiento abonada por el comisionado | G62: Factura de alojamiento (pago con Acuerdo Marco) | AB62: RAMON Y CAJAL 2023 (Excepto Madrid/Barcelona)
C63: Importe | E63: Nº de noches | G63: Importe | I63: Nº de noches | AB63: RAMON Y CAJAL 2023 (Madrid/Barcelona)
AB64: RAMON Y CAJAL 2024 (Excepto Madrid/Barcelona)
AB65: RAMON Y CAJAL 2024 (Madrid/Barcelona)
C66: 4.b. DIETAS EN EL PRIMER PAÍS EXTRANJERO O ÚNICO | AB66: RED 2024 (Excepto Madrid/Barcelona)
AB67: RED 2024 (Madrid/Barcelona)
C68: Fecha de inicio del viaje | D68: Fecha Inicio de la actividad | F68: Hora:mm | H68: ELIJA EL PAÍS ▼ | AB68: PRUEBA DE CONCEPTO 2024 (Excepto Madrid/Barcelona)
H69: =IFERROR(IF(AND('LIQUIDACIÓN-GASTOS'!AP53>=3,'LIQUIDACIÓN-GASTOS'!AS53>=1),"¿La actividad es una estancia en un centro I+D, campaña de muestreo, o toma de datos?",""),"") | AB69: PDC 2025 (Madrid/Barcelona)
AB70: CNS 2022 (Excepto Madrid/Barcelona)
C71: Fecha de Fin del viaje | D71: Fecha Fin de la actividad | F71: Hora:mm | H71: Elija la Opción ▼ | AB71: CNS 2022 (Madrid/Barcelona)
G72: =IF(C74<>"","Fecha salida del extranjero","") | AB72: DGP-PIDI-2024
C73: =IF('LIQUIDACIÓN-GASTOS'!M14<>"",'LIQUIDACIÓN-GASTOS'!M14,"") | G73: =IF(OR('LIQUIDACIÓN-GASTOS'!AF2='LIQUIDACIÓN-GASTOS'!J3,'LIQUIDACIÓN-GASTOS'!J4='LIQUIDACIÓN-GASTOS'!AF2),"",'LIQUIDACIÓN-GASTOS'!O22)
C74: =IF(AND('LIQUIDACIÓN-GASTOS'!AF2='LIQUIDACIÓN-GASTOS'!J1,F72>'LIQUIDACIÓN-GASTOS'!C70),"Hora de salida del extranjero:","")
C75: =IF('LIQUIDACIÓN-GASTOS'!M14<>"",'LIQUIDACIÓN-GASTOS'!M14,"") | E75: Elija la Opción ▼ | F75: ¿Renuncia a toda la manutención de este país? | I75: Elija la Opción ▼
C76: Factura de alojamiento abonada por el comisionado | G76: Factura de alojamiento(pago con Acuerdo Marco)
C77: Importe | F77: Nº de noches | G77: Importe | I77: Nº de noches
M82: Elija la Opción ▼
M83: SÍ
M84: NO
C107: 4.c. VIAJE EN TRÁNSITO DE REGRESO DIETAS EN TERRITORIO NACIONAL
C109: Si después del regreso del extranjero, necesita pernoctar en una ciudad dentro del territorio nacional complete el siguiente cuadro
C112: Fecha de Inicio del viaje | F112: Hora:mm | G112: =IF(C113="","",IF(OR(ANEXO!A390=ANEXO!A392,ANEXO!A390=ANEXO!A393,ANEXO!A390=ANEXO!A397),"¿Dietas en Madrid o Barcelona?",IF(OR(ANEXO!A390=ANEXO!A394,ANEXO!A390=ANEXO!A396),"¿Dietas en Madrid?","")))
G113: Elija la Opción ▼ | H113: =IF(AND(C113<>"",F113=""),"Falta indicar la hora de inicio del viaje",IF(AND(C113<>"",C116=""),"Falta indicar la fecha de fin del viaje",IF(AND(C116<>"",F116=""),"Falta indicar la hora de fin del viaje",IF(AND(C119="",C113<>""),"falta indicar la fecha de inicio de la actividad",IF(AND(C113<>"",F119=""),"Falta indicar la fecha de fin de la actividad",IF(AND(C123<>"",E123=""),"Falta indicar las noches de hotel",IF(C116<C113,"Revise las fechas del viaje","")))))))
C115: Fecha de fin del viaje | F115: Hora:mm
H116: =IF('LIQUIDACIÓN-GASTOS'!M13<>"",'LIQUIDACIÓN-GASTOS'!M13,"")
I117: Elija la Opción ▼
C118: Fecha de Inicio de la actividad | F118: Fecha de fin de la actividad
C120: ¿Renuncia a la manutención? | E120: Elija la Opción ▼
C121: Factura de alojamiento abonada por el comisionado | G121: Factura de alojamiento (pago conAcuerdo Marco)
C122: Importe | E122: Nº de noches | G122: Importe | I122: Nº de noches
R126: ZIMBABWE
R127: RESTO DEL MUNDO
K135: ELIJA EL PAÍS ▼
C136: VARIOS PAÍSES EXTRANJERO | K136: ALEMANIA
K137: ANDORRA
C138: Si tiene viajes secuenciales a un 2º país o 3º país extranjero, complete el siguiente cuadro | K138: ANGOLA
K139: ARABIA SAUDITA
K140: ARGELIA
C141: 4.d. SEGUNDO PAÍS EXTRAJERO | K141: ARGENTINA
K142: AUSTRALIA
...

Sheet ANEXO
A1: JUNTA | B1: ALOJAMIENTO | C1: MANUTENCION PERNOC | D1: MINISTERIO | E1: ALOJAMIENTO | F1: MANUTENCION | G1: 1/2 MANUTEN. | H1: GRUPO 1 | I1: ALOJAMIENTO | J1: MANUTENCION | K1: MEDIA | N1: Elija la Opción ▼ | O1: 2 | P1: 1/2 Manutención 3 | Q1: 4 | R1: Manutención conmpleta 5 | S1: Sin pernoctar 6 | T1: sin pernoctar 7 | U1: 8 | V1: 9 | W1: ALOJAMIENTO 10 | X1: FECHA | Y1: 46022 | AA1: Elija la Opción ▼ | AB1: BOLSA | AC1: COLUM 3 | AD1: COLUM 4 | AF1: Instrucción 3/2025, de 23/06 de la Gerencia de la US | AG1: FECHA INICIO DEL VIAJE | AH1: 45834 | AI1: NUEVO LISTADO | AJ1: BUSCAR | AO1: NORMATIVA | AP1: BORRADOR | AQ1: EXPERIMENTALLINEA2 | BB1: ='LIQUIDACIÓN-GASTOS'!AF2 | BC1: =IF(OR(BB1=AX2,BB1=AX4,BB1=AX5),"NORMATIVA",IF(BB1=AX6,"BORRADOR",IF(FORMULARIO!W19="DGP-PIDI-2024","EXPERIMENTALLINEA2","")))
A2: ELIJA EL PAÍS ▼ | D2: ELIJA EL PAÍS ▼ | H2: ELIJA EL PAÍS ▼ | N2: ATRAE 2023 (Excepto Madrid/Barcelona) | O2: 1/2 Manutención | P2: =IF(#REF!=$AF$2,20.41,IF(#REF!=$AF$1,23.67,"")) -> #REF! | Q2: Manutención completa | R2: =IF(#REF!=$AF$2,40.82,IF(#REF!=$AF$1,53.34,"")) -> #REF! | S2: Manutención sin pernoctar | T2: 26.67 | U2: =IF($AG$2<$AH$1,$AF$2,IF($AG$2>$AH$1,$AF$1,"")) -> Instrucción 3/2025, de 23/06 de la Gerencia de la US | W2: =IF(#REF!=$AF$2,90,IF(#REF!=$AF$1,130,"")) -> #REF! | X2: 50 | Y2: 65 | Z2: * | AA2: ATRAE 2023 (Excepto Madrid/Barcelona) | AB2: ATRAE 2023 (Excepto Madrid/Barcelona) | AC2: 50 | AD2: 65 | AF2: Instrucción 3/2021, de 22 de diciembre de la Gerencia de la US | AG2: =IF(FORMULARIO!C54<>"",FORMULARIO!C54,IF(AND(FORMULARIO!C54="",FORMULARIO!C69<>""),FORMULARIO!C69,"")) | AH2: <26/06/2025 | AI2: AFGANISTAN | AJ2: RESTO DEL MUNDO | AO2: ELIJA EL PAÍS ▼ | AP2: ELIJA EL PAÍS ▼ | AQ2: ELIJA EL PAÍS ▼ | AR2: CONTINENTES | AS2: COSTE UNITARIO DIARIO | AT2: MAS ECONOMICO | AX2: Instrucción 3/2025, de 23/06 de la Gerencia de la US | BC2: ELIJA EL PAÍS ▼
A3: ALEMANIA | B3: 142.04 | C3: 63.63 | D3: ALEMANIA | E3: 132.82 | F3: 59.5 | G3: =F3/2 -> 29.75 | H3: Alemania | I3: 155.66 | J3: 68.52 | K3: =J3/2 -> 34.26 | N3: ATRAE 2023 (Madrid/Barcelona) | O3: 1/2 Manutención | P3: =IF(#REF!=$AF$2,20.89,IF(#REF!=$AF$1,23.67,"")) -> #REF! | Q3: Manutención pernoctando | R3: =IF(#REF!=$AF$2,41.78,IF(#REF!=$AF$1,53.34,"")) -> #REF! | S3: Manutención sin pernoctar | T3: 26.67 | U3: =IF($AG$2<$AH$1,$AF$2,IF($AG$2>$AH$1,$AF$1,"")) -> Instrucción 3/2025, de 23/06 de la Gerencia de la US | V3: 23.67 | W3: =IF(#REF!=$AF$2,120,IF(#REF!=$AF$1,150,"")) -> #REF! | X3: 50 | Y3: 65 | Z3: * | AA3: ATRAE 2023 (Madrid/Barcelona) | AB3: ATRAE 2023 (Madrid/Barcelona) | AC3: 50 | AD3: 65 | AF3: DECRETO DE DIETAS 54/1989 | AI3: ALBANIA | AJ3: RESTO DEL MUNDO | AO3: ALEMANIA | AP3: AFGANISTAN | AQ3: SI NO FIGURA EN ESTA RELACIÓN EL PAÍS, ELIJA EL CONTINENTE DEL FINAL DE LA LISTA | AT3: 71.67 | AU3: EUROPA | AV3: BULGARIA | AX3: DGP-PIDI-2024
A4: ANDORRA | B4: 50.13 | C4: 40.49 | D4: ANDORRA | E4: 46.88 | F4: 37.86 | G4: =F4/2 -> 18.93 | H4: Andorra | I4: 54.69 | J4: 44.47 | K4: =J4/2 -> 22.24 | N4: ATRAE 2024 (Excepto Madrid/Barcelona) | O4: 1/2 Manutención | P4: =IF(#REF!=$AF$2,20.41,IF(#REF!=$AF$1,23.67,"")) -> #REF! | Q4: Manutención pernoctando | R4: =IF(#REF!=$AF$2,40.82,IF(#REF!=$AF$1,53.34,"")) -> #REF! | S4: Manutención sin pernoctar | T4: 26.67 | U4: =IF($AG$2<$AH$1,$AF$2,IF($AG$2>$AH$1,$AF$1,"")) -> Instrucción 3/2025, de 23/06 de la Gerencia de la US | W4: =IF(#REF!=$AF$2,90,IF(#REF!=$AF$1,130,"")) -> #REF! | X4: 50 | Y4: 65 | Z4: * | AA4: ATRAE 2024 (Excepto Madrid/Barcelona) | AB4: ATRAE 2024 (Excepto Madrid/Barcelona) | AC4: 50 | AD4: 65 | AF4: R.D. 462/2002 de 24 DE MAYO | AI4: ALEMANIA | AJ4: ALEMANIA | AO4: ANDORRA | AP4: ALBANIA | AQ4: ALEMANIA | AR4: EUROPA | AS4: 85.9 | AT4: 71.67 | AU4: ASIA | AV4: TAIWAN | AX4: DECRETO DE DIETAS 54/1989
A5: ANGOLA | B5: 144.61 | C5: 63.63 | D5: ANGOLA | E5: 135.23 | F5: 59.5 | G5: =F5/2 -> 29.75 | H5: Angola | I5: 158.67 | J5: 66.71 | K5: =J5/2 -> 33.36 | N5: ATRAE 2024 (Madrid/Barcelona) | O5: 1/2 Manutención | P5: =IF(#REF!=$AF$2,20.89,IF(#REF!=$AF$1,23.67,"")) -> #REF! | Q5: Manutención pernoctando | R5: =IF(#REF!=$AF$2,41.78,IF(#REF!=$AF$1,53.34,"")) -> #REF! | S5: Manutención sin pernoctar | T5: 26.67 | U5: =IF($AG$2<$AH$1,$AF$2,IF($AG$2>$AH$1,$AF$1,"")) -> Instrucción 3/2025, de 23/06 de la Gerencia de la US | W5: =IF(#REF!=$AF$2,120,IF(#REF!=$AF$1,150,"")) -> #REF! | X5: 50 | Y5: 65 | Z5: * | AA5: ATRAE 2024 (Madrid/Barcelona) | AB5: ATRAE 2024 (Madrid/Barcelona) | AC5: 50 | AD5: 65 | AF5: BORRADOR | AG5: 48213 | AI5: ANDORRA | AJ5: ANDORRA | AO5: ANGOLA | AP5: ALEMANIA | AQ5: ARABIA SAUDITA | AR5: ASIA | AS5: 78.3 | AT5: 71.67 | AU5: AMERICA | AV5: CUBA | AX5: R.D. 462/2002 de 24 DE MAYO
A6: ARABIA SAUDITA | B6: 79.05 | C6: 57.84 | D6: ARABIA SAUDITA | E6: 73.92 | F6: 54.09 | G6: =F6/2 -> 27.05 | H6: Arabia Saudita | I6: 86.55 | J6: 60.7 | K6: =J6/2 -> 30.35 | N6: CEX 2024 (Excepto Madrid/Barcelona) | O6: 1/2 Manutención | P6: =IF(#REF!=$AF$2,20.41,IF(#REF!=$AF$1,23.67,"")) -> #REF! | Q6: Manutención pernoctando | R6: =IF(#REF!=$AF$2,40.82,IF(#REF!=$AF$1,53.34,"")) -> #REF! | S6: Manutención sin pernoctar | T6: 26.67 | U6: =IF($AG$2<$AH$1,$AF$2,IF($AG$2>$AH$1,$AF$1,"")) -> Instrucción 3/2025, de 23/06 de la Gerencia de la US | W6: =IF(#REF!=$AF$2,90,IF(#REF!=$AF$1,130,"")) -> #REF! | Z6: * | AA6: CEX 2024 (Excepto Madrid/Barcelona) | AB6: CEX 2024 (Excepto Madrid/Barcelona) | AC6: 50 | AD6: 65 | AI6: ANGOLA | AJ6: ANGOLA | AO6: ARABIA SAUDITA | AP6: ANDORRA | AQ6: ARGENTINA | AR6: AMERICA | AS6: 81.77 | AT6: 72.07 | AU6: OCEANIA | AV6: NUEVA ZELANDA | AX6: BORRADOR
A7: ARGELIA | B7: 108.62 | C7: 47.56 | D7: ARGELIA | E7: 101.57 | F7: 44.47 | G7: =F7/2 -> 22.24 | H7: Argelia | I7: 119 | J7: 51.09 | K7: =J7/2 -> 25.55 | M7: 30 | N7: CEX 2024 (Madrid/Barcelona) | O7: 1/2 Manutención | P7: =IF(#REF!=$AF$2,20.89,IF(#REF!=$AF$1,23.67,"")) -> #REF! | Q7: Manutención pernoctando | R7: =IF(#REF!=$AF$2,41.78,IF(#REF!=$AF$1,53.34,"")) -> #REF! | S7: Manutención sin pernoctar | T7: 26.67 | U7: =IF($AG$2<$AH$1,$AF$2,IF($AG$2>$AH$1,$AF$1,"")) -> Instrucción 3/2025, de 23/06 de la Gerencia de la US | W7: =IF(#REF!=$AF$2,120,IF(#REF!=$AF$1,150,"")) -> #REF! | Z7: * | AA7: CEX 2024 (Madrid/Barcelona) | AB7: CEX 2024 (Madrid/Barcelona) | AC7: 50 | AD7: 65 | AF7: =IF($AG$2>$AG$5,$AF$5,"") -> BORRADOR | AG7: BORRADOR | AI7: ARABIA SAUDITA | AJ7: ARABIA SAUDITA | AO7: ARGELIA | AP7: ANGOLA | AQ7: AUSTRALIA | AR7: OCEANIA | AS7: 76.3 | AT7: 72.07 | AU7: AFRICA | AV7: TANZANIA
A8: ARGENTINA | B8: 118.91 | C8: 59.13 | D8: ARGENTINA | E8: 111.19 | F8: 55.29 | G8: =F8/2 -> 27.65 | H8: Argentina | I8: 130.42 | J8: 64.91 | K8: =J8/2 -> 32.46 | M8: 35 | N8: CNS 2024 (Excepto Madrid/Barcelona) | O8: 1/2 Manutención | P8: =IF(#REF!=$AF$2,20.41,IF(#REF!=$AF$1,23.67,"")) -> #REF! | Q8: Manutención completa | R8: =IF(#REF!=$AF$2,40.82,IF(#REF!=$AF$1,53.34,"")) -> #REF! | S8: Manutención sin pernoctar | T8: 26.67 | U8: =IF($AG$2<$AH$1,$AF$2,IF($AG$2>$AH$1,$AF$1,"")) -> Instrucción 3/2025, de 23/06 de la Gerencia de la US | W8: =IF(#REF!=$AF$2,90,IF(#REF!=$AF$1,130,"")) -> #REF! | X8: 50 | Y8: 65 | Z8: * | AA8: CNS 2024 (Excepto Madrid/Barcelona) | AB8: CNS 2024 (Excepto Madrid/Barcelona) | AC8: 50 | AD8: 65 | AF8: =VLOOKUP(#REF!,A210:C387,3,0) -> #REF! | AG8: ALOJAMIENTOS EXTRANJERO | AI8: ARGELIA | AJ8: ARGELIA | AO8: ARGENTINA | AP8: ARABIA SAUDITA | AQ8: AUSTRIA | AR8: EUROPA | AS8: 79.83 | AX8: =IF(BB1=AX5,"NORMATIVAS") -> FALSE
A9: AUSTRALIA | B9: 86.77 | C9: 54.64 | D9: AUSTRALIA | E9: 81.14 | F9: 51.09 | G9: =F9/2 -> 25.55 | H9: Australia | I9: 94.96 | J9: 57.1 | K9: =J9/2 -> 28.55 | N9: CNS 2024 (Madrid/Barcelona) | O9: 1/2 Manutención | P9: =IF(#REF!=$AF$2,20.89,IF(#REF!=$AF$1,23.67,"")) -> #REF! | Q9: Manutención pernoctando | R9: =IF(#REF!=$AF$2,41.78,IF(#REF!=$AF$1,53.34,"")) -> #REF! | S9: Manutención sin pernoctar | T9: 26.67 | U9: =IF($AG$2<$AH$1,$AF$2,IF($AG$2>$AH$1,$AF$1,"")) -> Instrucción 3/2025, de 23/06 de la Gerencia de la US | W9: =IF(#REF!=$AF$2,120,IF(#REF!=$AF$1,150,"")) -> #REF! | X9: 50 | Y9: 65 | Z9: * | AA9: CNS 2024 (Madrid/Barcelona) | AB9: CNS 2024 (Madrid/Barcelona) | AC9: 50 | AD9: 65 | AG9: MANUTENCION PERNOCATANDO EXTRANJERO | AI9: ARGENTINA | AJ9: ARGENTINA | AO9: AUSTRALIA | AP9: ARGELIA | AQ9: BELGICA | AR9: EUROPA | AS9: 92.17 | AT9: Si no figura en esta relación el país, elija el continente del final de la lista
A10: AUSTRIA | B10: 102.19 | C10: 62.99 | D10: AUSTRIA | E10: 95.56 | F10: 58.9 | G10: =F10/2 -> 29.45 | H10: Austria | I10: 112.39 | J10: 66.11 | K10: =J10/2 -> 33.06 | N10: CPP 2024 (Excepto Madrid/Barcelona) | O10: 1/2 Manutención | P10: =IF(#REF!=$AF$2,20.41,IF(#REF!=$AF$1,23.67,"")) -> #REF! | Q10: Manutención pernoctando | R10: =IF(#REF!=$AF$2,40.82,IF(#REF!=$AF$1,53.34,"")) -> #REF! | S10: Manutención sin pernoctar | T10: 26.67 | U10: =IF($AG$2<$AH$1,$AF$2,IF($AG$2>$AH$1,$AF$1,"")) -> Instrucción 3/2025, de 23/06 de la Gerencia de la US | V10: 45839 | W10: =IF(#REF!=$AF$2,90,IF(#REF!=$AF$1,130,"")) -> #REF! | AA10: CNS 2023 (Excepto Madrid/Barcelona) | AB10: CNS 2023 (Excepto Madrid/Barcelona) | AC10: 50 | AD10: 65 | AI10: ARMENIA | AJ10: RESTO DEL MUNDO | AO10: AUSTRIA | AP10: ARGENTINA | AQ10: BRASIL | AR10: AMERICA | AS10: 88.33
A11: BELGICA | B11: 158.75 | C11: 88.7 | D11: BELGICA | E11: 148.45 | F11: 82.94 | G11: =F11/2 -> 41.47 | H11: Belgica | I11: 174.29 | J11: 91.35 | K11: =J11/2 -> 45.68 | N11: CPP 2024 (Madrid/Barcelona) | O11: 1/2 Manutención | P11: =IF(#REF!=$AF$2,20.89,IF(#REF!=$AF$1,23.67,"")) -> #REF! | Q11: Manutención pernoctando | R11: =IF(#REF!=$AF$2,41.78,IF(#REF!=$AF$1,53.34,"")) -> #REF! | S11: Manutención sin pernoctar | T11: 26.67 | U11: =IF($AG$2<$AH$1,$AF$2,IF($AG$2>$AH$1,$AF$1,"")) -> Instrucción 3/2025, de 23/06 de la Gerencia de la US | V11: ESTA NORMATIVA ES PARA VIAJES POSTERIOR A26/06/2025 | W11: =IF(#REF!=$AF$2,120,IF(#REF!=$AF$1,150,"")) -> #REF! | AA11: CNS 2023 (Madrid/Barcelona) | AB11: CNS 2023 (Madrid/Barcelona) | AC11: 50 | AD11: 65 | AI11: AUSTRALIA | AJ11: AUSTRALIA | AO11: BELGICA | AP11: ARMENIA | AQ11: BULGARIA | AR11: EUROPA | AS11: 71.67 | AT11: SI NO FIGURA EN ESTA RELACIÓN EL PAÍS, ELIJA EL CONTINENTE DEL FINAL DE LA LISTA
A12: BOLIVIA | B12: 54.64 | C12: 39.2 | D12: BOLIVIA | E12: 51.09 | F12: 36.66 | G12: =F12/2 -> 18.33 | H12: Bolivia | I12: 60.1 | J12: 42.67 | K12: =J12/2 -> 21.34 | N12: EUR 2024 (Excepto Madrid/Barcelona) | O12: 1/2 Manutención | P12: =IF(#REF!=$AF$2,20.41,IF(#REF!=$AF$1,23.67,"")) -> #REF! | Q12: Manutención pernoctando | R12: =IF(#REF!=$AF$2,40.82,IF(#REF!=$AF$1,53.34,"")) -> #REF! | S12: Manutención sin pernoctar | T12: 26.67 | U12: =IF($AG$2<$AH$1,$AF$2,IF($AG$2>$AH$1,$AF$1,"")) -> Instrucción 3/2025, de 23/06 de la Gerencia de la US | V12: ESTA NORMATIVA ES PARA VIAJES POSTERIOR A 26/06/2025 | W12: =IF(#REF!=$AF$2,90,IF(#REF!=$AF$1,130,"")) -> #REF! | AA12: CPP 2024 (Excepto Madrid/Barcelona) | AB12: PID 2022 (Excepto Madrid/Barcelona) | AC12: 50 | AD12: 65 | AI12: AUSTRIA | AJ12: AUSTRIA | AO12: BOLIVIA | AP12: AUSTRALIA | AQ12: CANADA | AR12: AMERICA | AS12: 78.5
A13: BOSNIA Y HERZEGOVINA | B13: 77.77 | C13: 53.34 | D13: BOSNIA Y HERZEGOVINA | E13: 72.72 | F13: 49.88 | G13: =F13/2 -> 24.94 | H13: Bosnia-Herzegovina | I13: 85.34 | J13: 57.7 | K13: =J13/2 -> 28.85 | M13: 37 | N13: EUR 2024 (Madrid/Barcelona) | O13: 1/2 Manutención | P13: =IF(#REF!=$AF$2,20.89,IF(#REF!=$AF$1,23.67,"")) -> #REF! | Q13: Manutención pernoctando | R13: =IF(#REF!=$AF$2,41.78,IF(#REF!=$AF$1,53.34,"")) -> #REF! | S13: Manutención sin pernoctar | T13: 26.67 | U13: =IF($AG$2<$AH$1,$AF$2,IF($AG$2>$AH$1,$AF$1,"")) -> Instrucción 3/2025, de 23/06 de la Gerencia de la US | W13: =IF(#REF!=$AF$2,120,IF(#REF!=$AF$1,150,"")) -> #REF! | AA13: CPP 2024 (Madrid/Barcelona) | AB13: PID 2022 (Madrid/Barcelona) | AC13: 50 | AD13: 65 | AI13: AZERBAIYAN | AJ13: RESTO DEL MUNDO | AO13: BOSNIA Y HERZEGOVINA | AP13: AUSTRIA | AQ13: CHILE | AR13: AMERICA | AS13: 79.57
A14: BRASIL | B14: 136.9 | C14: 84.84 | D14: BRASIL | E14: 128.02 | F14: 79.33 | G14: =F14/2 -> 39.67 | H14: Brasil | I14: 150.25 | J14: 91.35 | K14: =J14/2 -> 45.68 | M14: 37 | N14: JUAN DE LA CIERVA 2023 (Excepto Madrid/Barcelona) | O14: 1/2 Manutención | P14: =IF(#REF!=$AF$2,20.41,IF(#REF!=$AF$1,23.67,"")) -> #REF! | Q14: Manutención pernoctando | R14: =IF(#REF!=$AF$2,40.82,IF(#REF!=$AF$1,53.34,"")) -> #REF! | S14: Manutención sin pernoctar | T14: 26.67 | U14: =IF($AG$2<$AH$1,$AF$2,IF($AG$2>$AH$1,$AF$1,"")) -> Instrucción 3/2025, de 23/06 de la Gerencia de la US | W14: =IF(#REF!=$AF$2,90,IF(#REF!=$AF$1,130,"")) -> #REF! | AA14: EUR 2024 (Excepto Madrid/Barcelona) | AB14: PID 2023 (Excepto Madrid/Barcelona) | AC14: 50 | AD14: 65 | AI14: BAHAMAS | AJ14: RESTO DEL MUNDO | AO14: BRASIL | AP14: AZERBAIYAN | AQ14: CHINA | AR14: ASIA | AS14: 73.97
A15: BULGARIA | B15: 57.2 | C15: 40.49 | D15: BULGARIA | E15: 53.49 | F15: 37.86 | G15: =F15/2 -> 18.93 | H15: Bulgaria | I15: 62.51 | J15: 44.47 | K15: =J15/2 -> 22.24 | M15: 37 | N15: JUAN DE LA CIERVA 2023 (Madrid/Barcelona) | O15: 1/2 Manutención | P15: =IF(#REF!=$AF$2,20.89,IF(#REF!=$AF$1,23.67,"")) -> #REF! | Q15: Manutención pernoctando | R15: =IF(#REF!=$AF$2,41.78,IF(#REF!=$AF$1,53.34,"")) -> #REF! | S15: Manutención sin pernoctar | T15: 26.67 | U15: =IF($AG$2<$AH$1,$AF$2,IF($AG$2>$AH$1,$AF$1,"")) -> Instrucción 3/2025, de 23/06 de la Gerencia de la US | W15: =IF(#REF!=$AF$2,120,IF(#REF!=$AF$1,150,"")) -> #REF! | AA15: EUR 2024 (Madrid/Barcelona) | AB15: PID 2023 (Madrid/Barcelona) | AC15: 50 | AD15: 65 | AI15: BANGLADESH | AJ15: RESTO DEL MUNDO | AO15: BULGARIA | AP15: BAHAMAS | AQ15: CHIPRE | AR15: EUROPA | AS15: 72.43
A16: CAMERUN | B16: 94.48 | C16: 52.06 | D16: CAMERUN | E16: 88.35 | F16: 48.68 | G16: =F16/2 -> 24.34 | H16: Camerun | I16: 103.37 | J16: 55.29 | K16: =J16/2 -> 27.65 | M16: 37 | N16: JUAN DE LA CIERVA 2024 (Excepto Madrid/Barcelona) | O16: 1/2 Manutención | P16: =IF(#REF!=$AF$2,20.41,IF(#REF!=$AF$1,23.67,"")) -> #REF! | Q16: Manutención pernoctando | R16: =IF(#REF!=$AF$2,40.82,IF(#REF!=$AF$1,53.34,"")) -> #REF! | S16: Manutención sin pernoctar | T16: 26.67 | U16: =IF($AG$2<$AH$1,$AF$2,IF($AG$2>$AH$1,$AF$1,"")) -> Instrucción 3/2025, de 23/06 de la Gerencia de la US | W16: =IF(#REF!=$AF$2,90,IF(#REF!=$AF$1,130,"")) -> #REF! | AA16: JUAN DE LA CIERVA 2023 (Excepto Madrid/Barcelona) | AB16: PID 2024 (Excepto Madrid/Barcelona) | AC16: 50 | AD16: 65 | AI16: BARBADOS | AJ16: RESTO DEL MUNDO | AO16: CAMERUN | AP16: BANGLADESH | AQ16: COLOMBIA | AR16: AMERICA | AS16: 87.47
A17: CANADA | B17: 100.91 | C17: 55.28 | D17: CANADA | E17: 94.36 | F17: 51.69 | G17: =F17/2 -> 25.85 | H17: Canada | I17: 110.59 | J17: 58.3 | K17: =J17/2 -> 29.15 | M17: 37 | N17: JUAN DE LA CIERVA 2024 (Madrid/Barcelona) | O17: 1/2 Manutención | P17: =IF(#REF!=$AF$2,20.89,IF(#REF!=$AF$1,23.67,"")) -> #REF! | Q17: Manutención pernoctando | R17: =IF(#REF!=$AF$2,41.78,IF(#REF!=$AF$1,53.34,"")) -> #REF! | S17: Manutención sin pernoctar | T17: 26.67 | U17: =IF($AG$2<$AH$1,$AF$2,IF($AG$2>$AH$1,$AF$1,"")) -> Instrucción 3/2025, de 23/06 de la Gerencia de la US | W17: =IF(#REF!=$AF$2,120,IF(#REF!=$AF$1,150,"")) -> #REF! | AA17: JUAN DE LA CIERVA 2023 (Madrid/Barcelona) | AB17: PID 2024 (Madrid/Barcelona) | AC17: 50 | AD17: 65 | AF17: =IF(OR(FORMULARIO!C54="",FORMULARIO!C69=""),FORMULARIO!C113) -> 0 | AI17: BAREIN | AJ17: RESTO DEL MUNDO | AO17: CANADA | AP17: BARBADOS | AQ17: COREA | AR17: ASIA | AS17: 80.33
A18: CHILE | B18: 109.26 | C18: 53.99 | D18: CHILE | E18: 102.17 | F18: 50.49 | G18: =F18/2 -> 25.25 | H18: Chile | I18: 120.2 | J18: 57.7 | K18: =J18/2 -> 28.85 | M18: 37 | N18: Junta excepto Madrid | O18: 1/2 Manutención | P18: =IF(AG2>AG5,22.45,20.41) -> 22.45 | Q18: Manutención pernoctando | R18: =IF(AG2>AG5,44.9,40.82) -> 44.9 | S18: Manutención sin pernoctar | T18: 26.67 | U18: =IF($AG$2>$AG$5,$AF$5,"DECRETO DE DIETAS 54/1989") -> BORRADOR | W18: =IF($AG$2>$AG$5,96.73,64.27) -> 96.73 | AA18: JUAN DE LA CIERVA 2024 (Excepto Madrid/Barcelona) | AB18: CEX 2024 (Excepto Madrid/Barcelona) | AC18: 50 | AD18: 65 | AI18: BELGICA | AJ18: BÉLGICA | AO18: CHILE | AP18: BAREIN | AQ18: COSTA RICA | AR18: AMERICA | AS18: 72.73
A19: CHINA | B19: 76.48 | C19: 49.49 | D19: CHINA | E19: 71.52 | F19: 46.28 | G19: =F19/2 -> 23.14 | H19: China | I19: 84.14 | J19: 51.69 | K19: =J19/2 -> 25.85 | M19: 3 | N19: Junta Madrid | O19: 1/2 Manutención | P19: =IF(AG2>AG5,24.02,20.89) -> 24.02 | Q19: Manutención pernoctando | R19: =IF(AG2>AG5,48.05,41.78) -> 48.05 | S19: Manutención sin pernoctar | T19: 26.67 | U19: =IF($AG$2>$AG$5,$AF$5,"DECRETO DE DIETAS 54/1989") -> BORRADOR | W19: =IF($AG$2>$AG$5,149.44,96.41) -> 149.44 | AA19: JUAN DE LA CIERVA 2024 (Madrid/Barcelona) | AB19: CEX 2024 (Madrid/Barcelona) | AC19: 50 | AD19: 65 | AI19: BELICE | AJ19: RESTO DEL MUNDO | AO19: CHINA | AP19: BELGICA | AQ19: CROACIA | AR19: EUROPA | AS19: 74.73
A20: COLOMBIA | B20: 132.4 | C20: 83.55 | D20: COLOMBIA | E20: 123.81 | F20: 78.13 | G20: =F20/2 -> 39.07 | H20: Colombia | I20: 145.44 | J20: 90.15 | K20: =J20/2 -> 45.08 | M20: 37 | N20: Ministerio | O20: 1/2 Manutención | P20: 18.7 | Q20: Manutención completa | R20: 37.4 | S20: . | T20: . | U20: R.D. 462/2002 de 24 DE MAYO | W20: 65.97 | AA20: Junta excepto Madrid | AB20: CNS 2024 (Excepto Madrid/Barcelona) | AC20: 50 | AD20: 65 | AI20: BENIN | AJ20: RESTO DEL MUNDO | AO20: COLOMBIA | AP20: BELICE | AQ20: CUBA | AR20: AMERICA | AS20: 71.67
A21: COREA | B21: 109.26 | C21: 59.13 | D21: COREA | E21: 102.17 | F21: 55.29 | G21: =F21/2 -> 27.65 | H21: Corea | I21: 120.2 | J21: 62.51 | K21: =J21/2 -> 31.26 | M21: 37 | N21: Normativa US (Excepto Madrid/Barcelona) | O21: 1/2 Manutención | P21: =IF(#REF!=$AF$2,20.41,IF(#REF!=$AF$1,23.67,"")) -> #REF! | Q21: Manutención pernoctando | R21: =IF(#REF!=$AF$2,40.82,IF(#REF!=$AF$1,53.34,"")) -> #REF! | S21: Manutención sin pernoctar | T21: 26.67 | U21: =IF($AG$2<$AH$1,$AF$2,IF($AG$2>$AH$1,$AF$1,"")) -> Instrucción 3/2025, de 23/06 de la Gerencia de la US | W21: =IF(#REF!=$AF$2,90,IF(#REF!=$AF$1,130,"")) -> #REF! | AA21: Junta Madrid | AB21: CNS 2024 (Madrid/Barcelona) | AC21: 50 | AD21: 65 | AI21: BIELORRUSIA | AJ21: RESTO DEL MUNDO | AO21: COREA | AP21: BENIN | AQ21: DINAMARCA | AR21: EUROPA | AS21: 85.13
A22: COSTA DE MARFIL | B22: 65.55 | C22: 52.7 | D22: COSTA DE MARFIL | E22: 61.3 | F22: 49.28 | G22: =F22/2 -> 24.64 | H22: Costa de Marfil | I22: 72.12 | J22: 52.29 | K22: =J22/2 -> 26.15 | M22: 37 | N22: Normativa US (Madrid/Barcelona) | O22: 1/2 Manutención | P22: =IF(#REF!=$AF$2,20.89,IF(#REF!=$AF$1,23.67,"")) -> #REF! | Q22: Manutención pernoctando | R22: =IF(#REF!=$AF$2,41.78,IF(#REF!=$AF$1,53.34,"")) -> #REF! | S22: Manutención sin pernoctar | T22: 26.67 | U22: =IF($AG$2<$AH$1,$AF$2,IF($AG$2>$AH$1,$AF$1,"")) -> Instrucción 3/2025, de 23/06 de la Gerencia de la US | W22: =IF(#REF!=$AF$2,120,IF(#REF!=$AF$1,150,"")) -> #REF! | AA22: Ministerio | AB22: PCI 2024 (Excepto Madrid/Barcelona) | AC22: 50 | AD22: 65 | AI22: BOLIVIA | AJ22: BOLIVIA | AO22: COSTA DE MARFIL | AP22: BIELORRUSIA | AQ22: EGIPTO | AR22: AFRICA | AS22: 79.83
A23: COSTA RICA | B23: 70.06 | C23: 47.56 | D23: COSTA RICA | E23: 65.51 | F23: 44.47 | G23: =F23/2 -> 22.24 | H23: Costa Rica | I23: 76.93 | J23: 57.7 | K23: =J23/2 -> 28.85 | M23: 37 | N23: Para proyectos Cátedras (Ministerio) GRUPO 1 (Catedráticos) | O23: 1/2 Manutención | P23: 26.67 | Q23: Manutención completa | R23: 53.34 | S23: * | T23: 0 | U23: R.D. 462/2002 de 24 DE MAYO | W23: 102.56 | AA23: Normativa US (Excepto Madrid/Barcelona) | AB23: PCI 2025 (Excepto Madrid/Barcelona) | AC23: 50 | AD23: 65 | AI23: BOSNIA Y HERZEGOVINA | AJ23: BOSNIA Y HERZEGOVINA | AO23: COSTA RICA | AP23: BOLIVIA | AQ23: EMIRATOS ARABES | AR23: ASIA | AS23: 80.43
A24: CROACIA | B24: 77.77 | C24: 53.34 | D24: CROACIA | E24: 72.72 | F24: 49.88 | G24: =F24/2 -> 24.94 | H24: Croacia | I24: 85.34 | J24: 38.46 | K24: =J24/2 -> 19.23 | M24: 37 | N24: Para proyectos Cátedras (Ministerio) GRUPO 2 (Personal Investigador) | O24: 1/2 Manutención | P24: 18.7 | Q24: Manutención completa | R24: 37.4 | S24: * | T24: 0 | U24: R.D. 462/2002 de 24 DE MAYO | W24: 65.97 | AA24: Normativa US (Madrid/Barcelona) | AB24: PCI 2024 (Madrid/Barcelona) | AC24: 50 | AD24: 65 | AI24: BOTSUANA | AJ24: RESTO DEL MUNDO | AO24: CROACIA | AP24: BOSNIA Y HERZEGOVINA | AQ24: ESLOVAQUIA | AR24: EUROPA | AS24: 78.3
A25: CUBA | B25: 60.42 | C25: 35.35 | D25: CUBA | E25: 56.5 | F25: 33.06 | G25: =F25/2 -> 16.53 | H25: Cuba | I25: 66.11 | J25: 72.12 | K25: =J25/2 -> 36.06 | M25: 36 | N25: PID 2022 (Excepto Madrid/Barcelona) | O25: 1/2 Manutención | P25: =IF(#REF!=$AF$2,20.41,IF(#REF!=$AF$1,23.67,"")) -> #REF! | Q25: Manutención pernoctando | R25: =IF(#REF!=$AF$2,40.82,IF(#REF!=$AF$1,53.34,"")) -> #REF! | S25: Manutención sin pernoctar | T25: 26.67 | U25: =IF($AG$2<$AH$1,$AF$2,IF($AG$2>$AH$1,$AF$1,"")) -> Instrucción 3/2025, de 23/06 de la Gerencia de la US | W25: =IF(#REF!=$AF$2,90,IF(#REF!=$AF$1,130,"")) -> #REF! | X25: 50 | Y25: 65 | AA25: Para proyectos Cátedras (Ministerio) GRUPO 1 (Catedráticos) | AB25: PCI 2025 (Madrid/Barcelona) | AC25: 50 | AD25: 65 | AI25: BRASIL | AJ25: BRASIL | AO25: CUBA | AP25: BOTSUANA | AQ25: ESLOVENIA | AR25: EUROPA | AS25: 74.17
A26: DINAMARCA | B26: 131.12 | C26: 69.41 | D26: DINAMARCA | E26: 122.61 | F26: 64.91 | G26: =F26/2 -> 32.46 | H26: Dinamarca | I26: 144.24 | J26: 42.07 | K26: =J26/2 -> 21.04 | M26: 36 | N26: PID 2022 (Madrid/Barcelona) | O26: 1/2 Manutención | P26: =IF(#REF!=$AF$2,20.89,IF(#REF!=$AF$1,23.67,"")) -> #REF! | Q26: Manutención pernoctando | R26: =IF(#REF!=$AF$2,41.78,IF(#REF!=$AF$1,53.34,"")) -> #REF! | S26: Manutención sin pernoctar | T26: 26.67 | U26: =IF($AG$2<$AH$1,$AF$2,IF($AG$2>$AH$1,$AF$1,"")) -> Instrucción 3/2025, de 23/06 de la Gerencia de la US | W26: =IF(#REF!=$AF$2,120,IF(#REF!=$AF$1,150,"")) -> #REF! | X26: 50 | Y26: 65 | AA26: Para proyectos Cátedras (Ministerio) GRUPO 2 (Personal Investigador) | AB26: CPP 2024 (Excepto Madrid/Barcelona) | AC26: 50 | AD26: 65 | AI26: BRUNEI | AJ26: RESTO DEL MUNDO | AO26: DINAMARCA | AP26: BRASIL | AQ26: ESTADOS UNIDOS | AR26: AMERICA | AS26: 89.2
A27: ECUADOR | B27: 69.41 | C27: 46.24 | D27: ECUADOR | E27: 64.91 | F27: 43.27 | G27: =F27/2 -> 21.64 | H27: R. Dominicana | I27: 75.13 | J27: 50.49 | K27: =J27/2 -> 25.25 | M27: 36 | N27: PID 2023 (Excepto Madrid/Barcelona) | O27: 1/2 Manutención | P27: =IF(#REF!=$AF$2,20.41,IF(#REF!=$AF$1,23.67,"")) -> #REF! | Q27: Manutención pernoctando | R27: =IF(#REF!=$AF$2,40.82,IF(#REF!=$AF$1,53.34,"")) -> #REF! | S27: Manutención sin pernoctar | T27: 26.67 | U27: =IF($AG$2<$AH$1,$AF$2,IF($AG$2>$AH$1,$AF$1,"")) -> Instrucción 3/2025, de 23/06 de la Gerencia de la US | W27: =IF(#REF!=$AF$2,90,IF(#REF!=$AF$1,130,"")) -> #REF! | X27: 50 | Y27: 65 | AA27: PID 2022 (Excepto Madrid/Barcelona) | AB27: CPP 2024 (Madrid/Barcelona) | AC27: 50 | AD27: 65 | AI27: BULGARIA | AJ27: BULGARIA | AO27: ECUADOR | AP27: BRUNEI | AQ27: ESTONIA | AR27: EUROPA | AS27: 81.77
A28: EGIPTO | B28: 97.69 | C28: 41.78 | D28: EGIPTO | E28: 91.35 | F28: 39.07 | G28: =F28/2 -> 19.54 | H28: Ecuador | I28: 75.73 | J28: 44.47 | K28: =J28/2 -> 22.24 | M28: 30 | N28: PID 2023 (Madrid/Barcelona) | O28: 1/2 Manutención | P28: =IF(#REF!=$AF$2,20.89,IF(#REF!=$AF$1,23.67,"")) -> #REF! | Q28: Manutención pernoctando | R28: =IF(#REF!=$AF$2,41.78,IF(#REF!=$AF$1,53.34,"")) -> #REF! | S28: Manutención sin pernoctar | T28: 26.67 | U28: =IF($AG$2<$AH$1,$AF$2,IF($AG$2>$AH$1,$AF$1,"")) -> Instrucción 3/2025, de 23/06 de la Gerencia de la US | W28: =IF(#REF!=$AF$2,120,IF(#REF!=$AF$1,150,"")) -> #REF! | X28: 50 | Y28: 65 | AA28: PID 2022 (Madrid/Barcelona) | AB28: PDC 2025 (Excepto Madrid/Barcelona) | AC28: 50 | AD28: 65 | AI28: BURKINA FASO | AJ28: RESTO DEL MUNDO | AO28: EGIPTO | AP28: BULGARIA | AQ28: FINLANDIA | AR28: EUROPA | AS28: 84
A29: EL SALVADOR | B29: 70.7 | C29: 46.27 | D29: EL SALVADOR | E29: 66.11 | F29: 43.27 | G29: =F29/2 -> 21.64 | H29: Egipto | I29: 106.98 | J29: 50.49 | K29: =J29/2 -> 25.25 | M29: 30 | N29: PID 2024 (Excepto Madrid/Barcelona) | O29: 1/2 Manutención | P29: =IF(#REF!=$AF$2,20.41,IF(#REF!=$AF$1,23.67,"")) -> #REF! | Q29: Manutención pernoctando | R29: =IF(#REF!=$AF$2,40.82,IF(#REF!=$AF$1,53.34,"")) -> #REF! | S29: Manutención sin pernoctar | T29: 26.67 | U29: =IF($AG$2<$AH$1,$AF$2,IF($AG$2>$AH$1,$AF$1,"")) -> Instrucción 3/2025, de 23/06 de la Gerencia de la US | W29: =IF(#REF!=$AF$2,90,IF(#REF!=$AF$1,130,"")) -> #REF! | X29: 50 | Y29: 65 | AA29: PID 2023 (Excepto Madrid/Barcelona) | AB29: PDC 2025 (Madrid/Barcelona) | AC29: 50 | AD29: 65 | AI29: BURUNDI | AJ29: RESTO DEL MUNDO | AO29: EL SALVADOR | AP29: BURKINA FASO | AQ29: FRANCIA | AR29: EUROPA | AS29: 85.23
A30: EMIRATOS ARABES | B30: 108.62 | C30: 60.42 | D30: EMIRATOS ARABES | E30: 101.57 | F30: 56.5 | G30: =F30/2 -> 28.25 | H30: El Salvador | I30: 77.53 | J30: 50.49 | K30: =J30/2 -> 25.25 | M30: 35 | N30: PID 2024 (Madrid/Barcelona) | O30: 1/2 Manutención | P30: =IF(#REF!=$AF$2,20.89,IF(#REF!=$AF$1,23.67,"")) -> #REF! | Q30: Manutención pernoctando | R30: =IF(#REF!=$AF$2,41.78,IF(#REF!=$AF$1,53.34,"")) -> #REF! | S30: Manutención sin pernoctar | T30: 26.67 | U30: =IF($AG$2<$AH$1,$AF$2,IF($AG$2>$AH$1,$AF$1,"")) -> Instrucción 3/2025, de 23/06 de la Gerencia de la US | W30: =IF(#REF!=$AF$2,120,IF(#REF!=$AF$1,150,"")) -> #REF! | AA30: PID 2023 (Madrid/Barcelona) | AB30: CNS 2022 (Excepto Madrid/Barcelona) | AC30: 50 | AD30: 65 | AI30: BUTAN | AJ30: RESTO DEL MUNDO | AO30: EMIRATOS ARABES | AP30: BURUNDI | AQ30: GRECIA | AR30: EUROPA | AS30: 72.43
A31: ESLOVAQUIA | B31: 80.99 | C31: 46.27 | D31: ESLOVAQUIA | E31: 75.73 | F31: 43.27 | G31: =F31/2 -> 21.64 | H31: Emiratos Arabes Unidos | I31: 119 | J31: 63.71 | K31: =J31/2 -> 31.86 | M31: 35 | N31: PLEC 2021 (MINISTERIO) | O31: 1/2 Manutención | P31: 18.7 | Q31: Manutención completa | R31: 37.4 | S31: * | T31: . | U31: R.D. 462/2002 de 24 DE MAYO | W31: 65.97 | AA31: PID 2024 (Excepto Madrid/Barcelona) | AB31: CNS 2022 (Madrid/Barcelona) | AC31: 50 | AD31: 65 | AI31: CABO VERDE | AJ31: RESTO DEL MUNDO | AO31: ESLOVAQUIA | AP31: BUTAN | AQ31: HUNGRIA | AR31: EUROPA | AS31: 81
A32: ESTADOS UNIDOS | B32: 152.97 | C32: 74.56 | D32: ESTADOS UNIDOS | E32: 143.04 | F32: 69.72 | G32: =F32/2 -> 34.86 | H32: Eslovaquia | I32: 88.95 | J32: 49.88 | K32: =J32/2 -> 24.94 | M32: 35 | N32: PLEC 2022 (MINISTERIO) | O32: 1/2 Manutención | P32: 18.7 | Q32: Manutención completa | R32: 37.4 | S32: * | T32: . | U32: R.D. 462/2002 de 24 DE MAYO | W32: 65.97 | AA32: PID 2024 (Madrid/Barcelona) | AI32: CAMBOYA | AJ32: RESTO DEL MUNDO | AO32: ESTADOS UNIDOS | AP32: CABO VERDE | AQ32: INDIA | AR32: ASIA | AS32: 77.33
A33: ETIOPIA | B33: 127.9 | C33: 40.49 | D33: ETIOPIA | E33: 119.6 | F33: 37.86 | G33: =F33/2 -> 18.93 | H33: Estados Unidos | I33: 168.28 | J33: 77.53 | K33: =J33/2 -> 38.77 | M33: 35 | N33: PLEC 2023 (Excepto Madrid/Barcelona) | O33: 1/2 Manutención | P33: =IF(#REF!=$AF$2,20.41,IF(#REF!=$AF$1,23.67,"")) -> #REF! | Q33: Manutención pernoctando | R33: =IF(#REF!=$AF$2,40.82,IF(#REF!=$AF$1,53.34,"")) -> #REF! | S33: Manutención sin pernoctar | T33: 26.67 | U33: =IF($AG$2<$AH$1,$AF$2,IF($AG$2>$AH$1,$AF$1,"")) -> Instrucción 3/2025, de 23/06 de la Gerencia de la US | W33: =IF(#REF!=$AF$2,90,IF(#REF!=$AF$1,130,"")) -> #REF! | Z33: * | AA33: PLEC 2021 (MINISTERIO) | AI33: CAMERUN | AJ33: CAMERÚN | AO33: ETIOPIA | AP33: CAMBOYA | AQ33: IRAN | AR33: ASIA | AS33: 81.77
A34: FILIPINAS | B34: 76.48 | C34: 42.42 | D34: FILIPINAS | E34: 71.52 | F34: 39.67 | G34: =F34/2 -> 19.84 | H34: Etiopia | I34: 140.04 | J34: 43.87 | K34: =J34/2 -> 21.94 | M34: 35 | N34: PLEC 2023 (Madrid/Barcelona) | O34: 1/2 Manutención | P34: =IF(#REF!=$AF$2,20.89,IF(#REF!=$AF$1,23.67,"")) -> #REF! | Q34: Manutención pernoctando | R34: =IF(#REF!=$AF$2,41.78,IF(#REF!=$AF$1,53.34,"")) -> #REF! | S34: Manutención sin pernoctar | T34: 26.67 | U34: =IF($AG$2<$AH$1,$AF$2,IF($AG$2>$AH$1,$AF$1,"")) -> Instrucción 3/2025, de 23/06 de la Gerencia de la US | W34: =IF(#REF!=$AF$2,120,IF(#REF!=$AF$1,150,"")) -> #REF! | Z34: * | AA34: PLEC 2022 (MINISTERIO) | AI34: CANADA | AJ34: CANADÁ | AO34: FILIPINAS | AP34: CAMERUN | AQ34: IRLANDA | AR34: EUROPA | AS34: 77.73
A35: FINLANDIA | B35: 122.76 | C35: 70.06 | D35: FINLANDIA | E35: 114.79 | F35: 65.51 | G35: =F35/2 -> 32.76 | H35: Filipinas | I35: 84.14 | J35: 45.08 | K35: =J35/2 -> 22.54 | M35: 35 | N35: PLEC 2024 (Excepto Madrid/Barcelona) | O35: 1/2 Manutención | P35: =IF(#REF!=$AF$2,20.41,IF(#REF!=$AF$1,23.67,"")) -> #REF! | Q35: Manutención pernoctando | R35: =IF(#REF!=$AF$2,40.82,IF(#REF!=$AF$1,53.34,"")) -> #REF! | S35: Manutención sin pernoctar | T35: 26.67 | U35: =IF($AG$2<$AH$1,$AF$2,IF($AG$2>$AH$1,$AF$1,"")) -> Instrucción 3/2025, de 23/06 de la Gerencia de la US | W35: =IF(#REF!=$AF$2,90,IF(#REF!=$AF$1,130,"")) -> #REF! | Z35: * | AA35: PLEC 2023 (Excepto Madrid/Barcelona) | AI35: CHAD | AJ35: RESTO DEL MUNDO | AO35: FINLANDIA | AP35: CANADA | AQ35: ISRAEL | AR35: ASIA | AS35: 78.97
A36: FRANCIA | B36: 131.12 | C36: 70.06 | D36: FRANCIA | E36: 122.61 | F36: 65.51 | G36: =F36/2 -> 32.76 | H36: Finlandia | I36: 134.63 | J36: 72.72 | K36: =J36/2 -> 36.36 | M36: 35 | N36: PLEC 2024 (Madrid/Barcelona) | O36: 1/2 Manutención | P36: =IF(#REF!=$AF$2,20.89,IF(#REF!=$AF$1,23.67,"")) -> #REF! | Q36: Manutención completa | R36: =IF(#REF!=$AF$2,41.78,IF(#REF!=$AF$1,53.34,"")) -> #REF! | S36: Manutención sin pernoctar | T36: 26.67 | U36: =IF($AG$2<$AH$1,$AF$2,IF($AG$2>$AH$1,$AF$1,"")) -> Instrucción 3/2025, de 23/06 de la Gerencia de la US | W36: =IF(#REF!=$AF$2,120,IF(#REF!=$AF$1,150,"")) -> #REF! | Z36: * | AA36: PLEC 2023 (Madrid/Barcelona) | AI36: CHILE | AJ36: CHILE | AO36: FRANCIA | AP36: CHAD | AQ36: ISLANDIA | AR36: EUROPA | AS36: 77.73
A37: GABON | B37: 107.34 | C37: 56.56 | D37: GABON | E37: 100.37 | F37: 52.89 | G37: =F37/2 -> 26.45 | H37: Francia | I37: 144.24 | J37: 72.72 | K37: =J37/2 -> 36.36 | M37: 35 | N37: RAMON Y CAJAL 2022 (Excepto Madrid/Barcelona) | O37: 1/2 Manutención | P37: =IF(#REF!=$AF$2,20.41,IF(#REF!=$AF$1,23.67,"")) -> #REF! | Q37: Manutención completa | R37: =IF(#REF!=$AF$2,40.82,IF(#REF!=$AF$1,53.34,"")) -> #REF! | S37: Manutención sin pernoctar | T37: 26.67 | U37: =IF($AG$2<$AH$1,$AF$2,IF($AG$2>$AH$1,$AF$1,"")) -> Instrucción 3/2025, de 23/06 de la Gerencia de la US | W37: =IF(#REF!=$AF$2,90,IF(#REF!=$AF$1,130,"")) -> #REF! | Z37: * | AA37: PLEC 2024 (Excepto Madrid/Barcelona) | AI37: CHINA | AJ37: CHINA | AO37: GEBON | AP37: CHILE | AQ37: ITALIA | AR37: EUROPA | AS37: 86.2
A38: GHANA | B38: 71.34 | C38: 39.85 | D38: GHANA | E38: 66.71 | F38: 37.26 | G38: =F38/2 -> 18.63 | H38: Gabon | I38: 117.8 | J38: 59.5 | K38: =J38/2 -> 29.75 | M38: 35 | N38: RAMON Y CAJAL 2022 (Madrid/Barcelona) | O38: 1/2 Manutención | P38: =IF(#REF!=$AF$2,20.89,IF(#REF!=$AF$1,23.67,"")) -> #REF! | Q38: Manutención completa | R38: =IF(#REF!=$AF$2,41.78,IF(#REF!=$AF$1,53.34,"")) -> #REF! | S38: Manutención sin pernoctar | T38: 26.67 | U38: =IF($AG$2<$AH$1,$AF$2,IF($AG$2>$AH$1,$AF$1,"")) -> Instrucción 3/2025, de 23/06 de la Gerencia de la US | W38: =IF(#REF!=$AF$2,120,IF(#REF!=$AF$1,150,"")) -> #REF! | Z38: * | AA38: PLEC 2024 (Madrid/Barcelona) | AI38: CHIPRE | AJ38: RESTO DEL MUNDO | AO38: GHENA | AP38: CHINA | AQ38: JAPON | AR38: ASIA | AS38: 96.2
A39: GRECIA | B39: 73.92 | C39: 41.78 | D39: GRECIA | E39: 69.12 | F39: 39.07 | G39: =F39/2 -> 19.54 | H39: Ghana | I39: 78.13 | J39: 42.67 | K39: =J39/2 -> 21.34 | N39: RAMON Y CAJAL 2023 (Excepto Madrid/Barcelona) | O39: 1/2 Manutención | P39: =IF(#REF!=$AF$2,20.41,IF(#REF!=$AF$1,23.67,"")) -> #REF! | Q39: Manutención pernoctando | R39: =IF(#REF!=$AF$2,40.82,IF(#REF!=$AF$1,53.34,"")) -> #REF! | S39: Manutención sin pernoctar | T39: 26.67 | U39: =IF($AG$2<$AH$1,$AF$2,IF($AG$2>$AH$1,$AF$1,"")) -> Instrucción 3/2025, de 23/06 de la Gerencia de la US | W39: =IF(#REF!=$AF$2,90,IF(#REF!=$AF$1,130,"")) -> #REF! | Z39: * | AA39: RAMON Y CAJAL 2022 (Excepto Madrid/Barcelona) | AI39: COLOMBIA | AJ39: COLOMBIA | AO39: GRECIA | AP39: CHIPRE | AQ39: LETONIA | AR39: EUROPA | AS39: 74.17
A40: GUATEMALA | B40: 95.76 | C40: 45.63 | D40: GUATEMALA | E40: 89.55 | F40: 42.67 | G40: =F40/2 -> 21.34 | H40: Grecia | I40: 81.14 | J40: 45.08 | K40: =J40/2 -> 22.54 | N40: RAMON Y CAJAL 2023 (Madrid/Barcelona) | O40: 1/2 Manutención | P40: =IF(#REF!=$AF$2,20.89,IF(#REF!=$AF$1,23.67,"")) -> #REF! | Q40: Manutención pernoctando | R40: =IF(#REF!=$AF$2,41.78,IF(#REF!=$AF$1,53.34,"")) -> #REF! | S40: Manutención sin pernoctar | T40: 26.67 | U40: =IF($AG$2<$AH$1,$AF$2,IF($AG$2>$AH$1,$AF$1,"")) -> Instrucción 3/2025, de 23/06 de la Gerencia de la US | W40: =IF(#REF!=$AF$2,120,IF(#REF!=$AF$1,150,"")) -> #REF! | Z40: * | AA40: RAMON Y CAJAL 2022 (Madrid/Barcelona) | AI40: CONGO | AJ40: RESTO DEL MUNDO | AO40: GUATEMALA | AP40: COLOMBIA | AQ40: LITUANIA | AR40: EUROPA | AS40: 74.17
A41: GUINEA ECUATORIAL | B41: 93.84 | C41: 53.99 | D41: GUINEA ECUATORIAL | E41: 87.75 | F41: 50.49 | G41: =F41/2 -> 25.25 | H41: Guatemala | I41: 105.18 | J41: 49.28 | K41: =J41/2 -> 24.64 | N41: RAMON Y CAJAL 2024 (Excepto Madrid/Barcelona) | O41: 1/2 Manutención | P41: =IF(#REF!=$AF$2,20.41,IF(#REF!=$AF$1,23.67,"")) -> #REF! | Q41: Manutención pernoctando | R41: =IF(#REF!=$AF$2,40.82,IF(#REF!=$AF$1,53.34,"")) -> #REF! | S41: Manutención sin pernoctar | T41: 26.67 | U41: =IF($AG$2<$AH$1,$AF$2,IF($AG$2>$AH$1,$AF$1,"")) -> Instrucción 3/2025, de 23/06 de la Gerencia de la US | W41: =IF(#REF!=$AF$2,90,IF(#REF!=$AF$1,130,"")) -> #REF! | AA41: RAMON Y CAJAL 2023 (Excepto Madrid/Barcelona) | AI41: COREA DEL NORTE | AJ41: COREA | AO41: GUINEA ECUATORIAL | AP41: CONGO | AQ41: LUXEMBURGO | AR41: EUROPA | AS41: 85.8
A42: HAITI | B42: 48.21 | C42: 40.49 | D42: HAITI | E42: 45.08 | F42: 37.86 | G42: =F42/2 -> 18.93 | H42: Guinea Ecuatorial | I42: 102.77 | J42: 56.5 | K42: =J42/2 -> 28.25 | N42: RAMON Y CAJAL 2024 (Madrid/Barcelona) | O42: 1/2 Manutención | P42: =IF(#REF!=$AF$2,20.89,IF(#REF!=$AF$1,23.67,"")) -> #REF! | Q42: Manutención pernoctando | R42: =IF(#REF!=$AF$2,41.78,IF(#REF!=$AF$1,53.34,"")) -> #REF! | S42: Manutención sin pernoctar | T42: 26.67 | U42: =IF($AG$2<$AH$1,$AF$2,IF($AG$2>$AH$1,$AF$1,"")) -> Instrucción 3/2025, de 23/06 de la Gerencia de la US | W42: =IF(#REF!=$AF$2,120,IF(#REF!=$AF$1,150,"")) -> #REF! | AA42: RAMON Y CAJAL 2023 (Madrid/Barcelona) | AI42: COREA DEL SUR | AJ42: COREA | AO42: HAITI | AP42: COREA DEL NORTE | AQ42: MALTA | AR42: EUROPA | AS42: 71.67
A43: HONDURAS | B43: 74.56 | C43: 44.99 | D43: HONDURAS | E43: 69.72 | F43: 42.07 | G43: =F43/2 -> 21.04 | H43: Haiti | I43: 52.89 | J43: 43.87 | K43: =J43/2 -> 21.94 | N43: RED 2024 (Excepto Madrid/Barcelona) | O43: 1/2 Manutención | P43: =IF(#REF!=$AF$2,20.41,IF(#REF!=$AF$1,23.67,"")) -> #REF! | Q43: Manutención pernoctando | R43: =IF(#REF!=$AF$2,40.82,IF(#REF!=$AF$1,53.34,"")) -> #REF! | S43: Manutención sin pernoctar | T43: 26.67 | U43: =IF($AG$2<$AH$1,$AF$2,IF($AG$2>$AH$1,$AF$1,"")) -> Instrucción 3/2025, de 23/06 de la Gerencia de la US | W43: =IF(#REF!=$AF$2,90,IF(#REF!=$AF$1,130,"")) -> #REF! | AA43: RAMON Y CAJAL 2024 (Excepto Madrid/Barcelona) | AI43: COSTA DE MARFIL | AJ43: COSTA DE MARFIL | AO43: HONDURAS | AP43: COREA DEL SUR | AQ43: MARRUECOS | AR43: AFRICA | AS43: 77.33
A44: HONG KONG S.A.R | B44: 129.63 | C44: 55.28 | D44: HONG KONG S.A.R | E44: 121.4 | F44: 51.69 | G44: =F44/2 -> 25.85 | H44: Honduras | I44: 81.74 | J44: 49.28 | K44: =J44/2 -> 24.64 | N44: RED 2024 (Madrid/Barcelona) | O44: 1/2 Manutención | P44: =IF(#REF!=$AF$2,20.89,IF(#REF!=$AF$1,23.67,"")) -> #REF! | Q44: Manutención pernoctando | R44: =IF(#REF!=$AF$2,41.78,IF(#REF!=$AF$1,53.34,"")) -> #REF! | S44: Manutención sin pernoctar | T44: 26.67 | U44: =IF($AG$2<$AH$1,$AF$2,IF($AG$2>$AH$1,$AF$1,"")) -> Instrucción 3/2025, de 23/06 de la Gerencia de la US | W44: =IF(#REF!=$AF$2,120,IF(#REF!=$AF$1,150,"")) -> #REF! | AA44: RAMON Y CAJAL 2024 (Madrid/Barcelona) | AI44: COSTA RICA | AJ44: COSTA RICA | AO44: HONG KONG S.A.R | AP44: COSTA DE MARFIL | AQ44: MEXICO | AR44: AMERICA | AS44: 75.13
A45: HUNGRIA | B45: 123.4 | C45: 49.49 | D45: HUNGRIA | E45: 115.39 | F45: 46.28 | G45: =F45/2 -> 23.14 | H45: Hong Kong | I45: 142.44 | J45: 57.7 | K45: =J45/2 -> 28.85 | N45: CNS 2023 (Excepto Madrid/Barcelona) | O45: 1/2 Manutención | P45: =IF(#REF!=$AF$2,20.41,IF(#REF!=$AF$1,23.67,"")) -> #REF! | Q45: Manutención pernoctando | R45: =IF(#REF!=$AF$2,40.82,IF(#REF!=$AF$1,53.34,"")) -> #REF! | S45: Manutención sin pernoctar | T45: 26.67 | U45: =IF($AG$2<$AH$1,$AF$2,IF($AG$2>$AH$1,$AF$1,"")) -> Instrucción 3/2025, de 23/06 de la Gerencia de la US | W45: =IF(#REF!=$AF$2,90,IF(#REF!=$AF$1,130,"")) -> #REF! | AA45: RED 2024 (Excepto Madrid/Barcelona) | AI45: CROACIA | AJ45: CROACIA | AO45: HUNGRIA | AP45: COSTA RICA | AQ45: NORUEGA | AR45: EUROPA | AS45: 89.27
A46: INDIA | B46: 106.69 | C46: 41.13 | D46: INDIA | E46: 99.77 | F46: 38.46 | G46: =F46/2 -> 19.23 | H46: Hungria | I46: 135.23 | J46: 52.89 | K46: =J46/2 -> 26.45 | N46: CNS 2023 (Madrid/Barcelona) | O46: 1/2 Manutención | P46: =IF(#REF!=$AF$2,20.89,IF(#REF!=$AF$1,23.67,"")) -> #REF! | Q46: Manutención pernoctando | R46: =IF(#REF!=$AF$2,41.78,IF(#REF!=$AF$1,53.34,"")) -> #REF! | S46: Manutención sin pernoctar | T46: 26.67 | U46: =IF($AG$2<$AH$1,$AF$2,IF($AG$2>$AH$1,$AF$1,"")) -> Instrucción 3/2025, de 23/06 de la Gerencia de la US | W46: =IF(#REF!=$AF$2,120,IF(#REF!=$AF$1,150,"")) -> #REF! | AA46: RED 2024 (Madrid/Barcelona) | AI46: CUBA | AJ46: CUBA | AO46: INDIA | AP46: CROACIA | AQ46: NUEVA ZELANDA | AR46: OCEANIA | AS46: 72.07
A47: INDONESIA | B47: 109.26 | C47: 45.63 | D47: INDONESIA | E47: 102.17 | F47: 42.67 | G47: =F47/2 -> 21.34 | H47: India | I47: 117.2 | J47: 44.47 | K47: =J47/2 -> 22.24 | N47: PCI 2024 (Excepto Madrid/Barcelona) | O47: 1/2 Manutención | P47: =IF(#REF!=$AF$2,20.41,IF(#REF!=$AF$1,23.67,"")) -> #REF! | Q47: Manutención pernoctando | R47: =IF(#REF!=$AF$2,40.82,IF(#REF!=$AF$1,53.34,"")) -> #REF! | S47: Manutención sin pernoctar | T47: 26.67 | U47: =IF($AG$2<$AH$1,$AF$2,IF($AG$2>$AH$1,$AF$1,"")) -> Instrucción 3/2025, de 23/06 de la Gerencia de la US | W47: =IF(#REF!=$AF$2,90,IF(#REF!=$AF$1,130,"")) -> #REF! | AA47: PCI 2024 (Excepto Madrid/Barcelona) | AI47: DINAMARCA | AJ47: DINAMARCA | AO47: INDONESIA | AP47: CUBA | AQ47: PAISES BAJOS | AR47: EUROPA | AS47: 85.73
A48: IRAK | B48: 70.7 | C48: 41.78 | D48: IRAK | E48: 66.11 | F48: 39.07 | G48: =F48/2 -> 19.54 | H48: Indonesia | I48: 120.2 | J48: 48.68 | K48: =J48/2 -> 24.34 | N48: PCI 2025 (Excepto Madrid/Barcelona) | O48: 1/2 Manutención | P48: =IF(#REF!=$AF$2,20.41,IF(#REF!=$AF$1,23.67,"")) -> #REF! | Q48: Manutención pernoctando | R48: =IF(#REF!=$AF$2,41.78,IF(#REF!=$AF$1,53.34,"")) -> #REF! | S48: Manutención sin pernoctar | T48: 26.67 | U48: =IF($AG$2<$AH$1,$AF$2,IF($AG$2>$AH$1,$AF$1,"")) -> Instrucción 3/2025, de 23/06 de la Gerencia de la US | W48: =IF(#REF!=$AF$2,90,IF(#REF!=$AF$1,130,"")) -> #REF! | AA48: PCI 2025 (Excepto Madrid/Barcelona) | AI48: ECUADOR | AJ48: ECUADOR | AO48: IRAK | AP48: DINAMARCA | AQ48: PERU | AR48: AMERICA | AS48: 79.57
A49: IRAN | B49: 86.13 | C49: 47.56 | D49: IRAN | E49: 80.54 | F49: 44.47 | G49: =F49/2 -> 22.24 | H49: Irak | I49: 77.53 | J49: 44.47 | K49: =J49/2 -> 22.24 | N49: PCI 2024 (Madrid/Barcelona) | O49: 1/2 Manutención | P49: =IF(#REF!=$AF$2,20.89,IF(#REF!=$AF$1,23.67,"")) -> #REF! | Q49: Manutención pernoctando | R49: =IF(#REF!=$AF$2,41.78,IF(#REF!=$AF$1,53.34,"")) -> #REF! | S49: Manutención sin pernoctar | T49: 26.67 | U49: =IF($AG$2<$AH$1,$AF$2,IF($AG$2>$AH$1,$AF$1,"")) -> Instrucción 3/2025, de 23/06 de la Gerencia de la US | W49: =IF(#REF!=$AF$2,120,IF(#REF!=$AF$1,150,"")) -> #REF! | AA49: PCI 2024 (Madrid/Barcelona) | AI49: EGIPTO | AJ49: EGIPTO | AO49: IRAN | AP49: ECUADOR | AQ49: POLONIA | AR49: EUROPA | AS49: 77.73
A50: IRLANDA | B50: 99.63 | C50: 51.42 | D50: IRLANDA | E50: 93.16 | F50: 48.08 | G50: =F50/2 -> 24.04 | H50: Iran | I50: 94.36 | J50: 51.69 | K50: =J50/2 -> 25.85 | N50: PCI 2025 (Madrid/Barcelona) | O50: 1/2 Manutención | P50: =IF(#REF!=$AF$2,20.89,IF(#REF!=$AF$1,23.67,"")) -> #REF! | Q50: Manutención pernoctando | R50: =IF(#REF!=$AF$2,41.78,IF(#REF!=$AF$1,53.34,"")) -> #REF! | S50: Manutención sin pernoctar | T50: 26.67 | U50: =IF($AG$2<$AH$1,$AF$2,IF($AG$2>$AH$1,$AF$1,"")) -> Instrucción 3/2025, de 23/06 de la Gerencia de la US | W50: =IF(#REF!=$AF$2,120,IF(#REF!=$AF$1,150,"")) -> #REF! | AA50: PCI 2025 (Madrid/Barcelona) | AI50: EL SALVADOR | AJ50: EL SALVADOR | AO50: IRLANDA | AP50: EGIPTO | AQ50: PORTUGAL | AR50: EUROPA | AS50: 77.33
A51: ISRAEL | B51: 98.98 | C51: 60.42 | D51: ISRAEL | E51: 92.56 | F51: 56.5 | G51: =F51/2 -> 28.25 | H51: Irlanda | I51: 109.38 | J51: 54.09 | K51: =J51/2 -> 27.05 | N51: CPP 2023 (Excepto Madrid/Barcelona) | O51: 1/2 Manutención | P51: =IF(#REF!=$AF$2,20.89,IF(#REF!=$AF$1,23.67,"")) -> #REF! | Q51: Manutención pernoctando | R51: =IF(#REF!=$AF$2,41.78,IF(#REF!=$AF$1,53.34,"")) -> #REF! | S51: Manutención sin pernoctar | T51: 26.67 | U51: =IF($AG$2<$AH$1,$AF$2,IF($AG$2>$AH$1,$AF$1,"")) -> Instrucción 3/2025, de 23/06 de la Gerencia de la US | AA51: CNS 2022 (Excepto Madrid/Barcelona) | AI51: EMIRATOS ARABES UNIDOS | AJ51: EMIRATOS ÁRABES UNIDOS | AO51: ISRAEL | AP51: EL SALVADOR | AQ51: PUERTO RICO | AR51: AMERICA | AS51: 72.73
A52: ITALIA | B52: 140.11 | C52: 67.49 | D52: ITALIA | E52: 131.02 | F52: 63.11 | G52: =F52/2 -> 31.56 | H52: Israel | I52: 108.78 | J52: 63.71 | K52: =J52/2 -> 31.86 | N52: CPP 2023 (Madrid/Barcelona) | O52: 1/2 Manutención | P52: =IF(#REF!=$AF$2,20.89,IF(#REF!=$AF$1,23.67,"")) -> #REF! | Q52: Manutención pernoctando | R52: =IF(#REF!=$AF$2,41.78,IF(#REF!=$AF$1,53.34,"")) -> #REF! | S52: Manutención sin pernoctar | T52: 26.67 | U52: =IF($AG$2<$AH$1,$AF$2,IF($AG$2>$AH$1,$AF$1,"")) -> Instrucción 3/2025, de 23/06 de la Gerencia de la US | AA52: CNS 2022 (Madrid/Barcelona) | AI52: ERITREA | AJ52: RESTO DEL MUNDO | AO52: ITALIA | AP52: EMIRATOS ARABES UNIDOS | AQ52: QATAR | AR52: ASIA | AS52: 80.43
A53: JAMAICA | B53: 82.27 | C53: 49.49 | D53: JAMAICA | E53: 76.93 | F53: 46.28 | G53: =F53/2 -> 23.14 | H53: Italia | I53: 153.86 | J53: 69.72 | K53: =J53/2 -> 34.86 | N53: PDC 2025 (Excepto Madrid/Barcelona) | O53: 1/2 Manutención | P53: =IF(#REF!=$AF$2,20.89,IF(#REF!=$AF$1,23.67,"")) -> #REF! | Q53: Manutención pernoctando | R53: =IF(#REF!=$AF$2,41.78,IF(#REF!=$AF$1,53.34,"")) -> #REF! | S53: Manutención sin pernoctar | T53: 26.67 | U53: =IF($AG$2<$AH$1,$AF$2,IF($AG$2>$AH$1,$AF$1,"")) -> Instrucción 3/2025, de 23/06 de la Gerencia de la US | AI53: ESLOVAQUIA | AJ53: ESLOVAQUIA | AO53: JAMAICA | AP53: ERITREA | AQ53: REINO UNIDO | AR53: EUROPA | AS53: 93.5
A54: JAPON | B54: 170.96 | C54: 103.48 | D54: JAPON | E54: 159.87 | F54: 96.76 | G54: =F54/2 -> 48.38 | H54: Jamaica | I54: 90.15 | J54: 51.69 | K54: =J54/2 -> 25.85 | N54: PDC 2025 (Madrid/Barcelona) | O54: 1/2 Manutención | P54: =IF(#REF!=$AF$2,20.89,IF(#REF!=$AF$1,23.67,"")) -> #REF! | Q54: Manutención pernoctando | R54: =IF(#REF!=$AF$2,41.78,IF(#REF!=$AF$1,53.34,"")) -> #REF! | S54: Manutención sin pernoctar | T54: 26.67 | U54: =IF($AG$2<$AH$1,$AF$2,IF($AG$2>$AH$1,$AF$1,"")) -> Instrucción 3/2025, de 23/06 de la Gerencia de la US | AI54: ESLOVENIA | AJ54: RESTO DEL MUNDO | AO54: JAPON | AP54: ESLOVAQUIA | AQ54: REPUBLICA CHECA | AR54: EUROPA | AS54: 78.3
A55: JORDANIA | B55: 99.63 | C55: 45.63 | D55: JORDANIA | E55: 93.16 | F55: 42.67 | G55: =F55/2 -> 21.34 | H55: Japon | I55: 187.52 | J55: 108.18 | K55: =J55/2 -> 54.09 | N55: CNS 2022 (Excepto Madrid/Barcelona) | O55: 1/2 Manutención | Q55: Manutención pernoctando | S55: Manutención sin pernoctar | T55: 26.67 | U55: =IF($AG$2<$AH$1,$AF$2,IF($AG$2>$AH$1,$AF$1,"")) -> Instrucción 3/2025, de 23/06 de la Gerencia de la US | AI55: ESTADOS UNIDOS | AJ55: ESTADOS UNIDOS | AO55: JORDANIA | AP55: ESLOVENIA | AQ55: RUMANIA | AR55: EUROPA | AS55: 81.57
A56: KENIA | B56: 88.05 | C56: 42.42 | D56: KENIA | E56: 82.34 | F56: 39.67 | G56: =F56/2 -> 19.84 | H56: Jordania | I56: 109.38 | J56: 48.68 | K56: =J56/2 -> 24.34 | N56: CNS 2022 (Madrid/Barcelona) | O56: 1/2 Manutención | Q56: Manutención pernoctando | S56: Manutención sin pernoctar | T56: 26.67 | U56: =IF($AG$2<$AH$1,$AF$2,IF($AG$2>$AH$1,$AF$1,"")) -> Instrucción 3/2025, de 23/06 de la Gerencia de la US | AI56: ESTONIA | AJ56: RESTO DEL MUNDO | AO56: KENIA | AP56: ESTADOS UNIDOS | AQ56: RUSIA | AR56: EUROPA | AS56: 103.33
A57: KUWAIT | B57: 131.12 | C57: 47.56 | D57: KUWAIT | E57: 122.61 | F57: 44.47 | G57: =F57/2 -> 22.24 | H57: Kenia | I57: 96.76 | J57: 45.08 | K57: =J57/2 -> 22.54 | N57: DGP-PIDI-2024 | U57: DGP-PIDI-2024 | AI57: ETIOPIA | AJ57: ETIOPÍA | AO57: KUWAIT | AP57: ESTONIA | AQ57: SINGAPUR | AR57: ASIA | AS57: 76.47
A58: LIBANO | B58: 123.4 | C58: 37.28 | D58: LIBANO | E58: 115.39 | F58: 34.86 | G58: =F58/2 -> 17.43 | H58: Kuwait | I58: 144.24 | J58: 50.49 | K58: =J58/2 -> 25.25 | AI58: FILIPINAS | AJ58: FILIPINAS | AO58: LIBANO | AP58: ETIOPIA | AQ58: SUDAFRICA | AR58: AFRICA | AS58: 73.1
A59: LIBIA | B59: 109.26 | C59: 58.49 | D59: LIBIA | E59: 102.17 | F59: 54.69 | G59: =F59/2 -> 27.35 | H59: Libano | I59: 135.23 | J59: 40.87 | K59: =J59/2 -> 20.44 | AI59: FINLANDIA | AJ59: FINLANDIA | AO59: LIBIA | AP59: FILIPINAS | AQ59: SUECIA | AR59: EUROPA | AS59: 90.73
A60: LUXEMBURGO | B60: 145.26 | C60: 59.77 | D60: LUXEMBURGO | E60: 135.83 | F60: 55.89 | G60: =F60/2 -> 27.95 | H60: Libia | I60: 119.6 | J60: 62.51 | K60: =J60/2 -> 31.26 | AI60: FIYI | AJ60: RESTO DEL MUNDO | AO60: LUXEMBURGO | AP60: FINLANDIA | AQ60: SUIZA | AR60: EUROPA | AS60: 88.7
A61: MALASIA | B61: 98.33 | C61: 36.64 | D61: MALASIA | E61: 91.95 | F61: 34.26 | G61: =F61/2 -> 17.13 | H61: Luxemburgo | I61: 159.27 | J61: 63.11 | K61: =J61/2 -> 31.56 | AI61: FRANCIA | AJ61: FRANCIA | AO61: MALASIA | AP61: FIYI | AQ61: TAIWAN | AR61: ASIA | AS61: 71.67
A62: MALTA | B62: 49.49 | C62: 34.06 | D62: MALTA | E62: 46.28 | F62: 31.85 | G62: =F62/2 -> 15.93 | H62: Malasia | I62: 108.18 | J62: 39.67 | K62: =J62/2 -> 19.84 | AI62: GABON | AJ62: GABÓN | AO62: MALTA | AP62: FRANCIA | AQ62: TANZANIA | AR62: AFRICA | AS62: 72.07
A63: MARRUECOS | B63: 106.05 | C63: 42.42 | D63: MARRUECOS | E63: 99.17 | F63: 39.67 | G63: =F63/2 -> 19.84 | H63: Malta | I63: 54.09 | J63: 37.26 | K63: =J63/2 -> 18.63 | AI63: GAMBIA | AJ63: RESTO DEL MUNDO | AO63: MARRUECOS | AP63: GABON | AQ63: TURQUIA | AR63: EUROPA | AS63: 72.43
A64: MAURITANIA | B64: 52.7 | C64: 41.78 | D64: MAURITANIA | E64: 49.28 | F64: 39.07 | G64: =F64/2 -> 19.54 | H64: Marruecos | I64: 116.6 | J64: 45.68 | K64: =J64/2 -> 22.84 | AI64: GEORGIA | AJ64: RESTO DEL MUNDO | AO64: MAURITANIA | AP64: GAMBIA | AQ64: URUGUAY | AR64: AMERICA | AS64: 71.67
A65: MEXICO | B65: 87.41 | C65: 46.27 | D65: MEXICO | E65: 81.74 | F65: 43.27 | G65: =F65/2 -> 21.64 | H65: Mauritania | I65: 57.7 | J65: 45.08 | K65: =J65/2 -> 22.54 | AI65: GHANA | AJ65: RESTO DEL MUNDO | AO65: MEXICO | AP65: GEORGIA | AQ65: Asia | AR65: EUROPA | AS65: 71.67
A66: MOZAMBIQUE | B66: 71.98 | C66: 45.63 | D66: MOZAMBIQUE | E66: 67.31 | F66: 42.67 | G66: =F66/2 -> 21.34 | H66: Mejico | I66: 96.16 | J66: 49.88 | K66: =J66/2 -> 24.94 | AI66: GRECIA | AJ66: GRECIA | AO66: MONTENEGRO | AP66: GHANA | AQ66: América | AR66: ASIA | AS66: 71.67
A67: NICARAGUA | B67: 100.91 | C67: 56.56 | D67: NICARAGUA | E67: 94.36 | F67: 52.89 | G67: =F67/2 -> 26.45 | H67: Mozambique | I67: 78.73 | J67: 48.08 | K67: =J67/2 -> 24.04 | AI67: GUATEMALA | AJ67: GUATEMALA | AO67: MOZAMBIQUE | AP67: GRECIA | AQ67: Europa | AR67: AMERICA | AS67: 71.67
A68: NIGERIA | B68: 125.98 | C68: 50.13 | D68: NIGERIA | E68: 117.8 | F68: 46.58 | G68: =F68/2 -> 23.29 | H68: Nicaragua | I68: 110.59 | J68: 61.9 | K68: =J68/2 -> 30.95 | AI68: GUINEA | AJ68: RESTO DEL MUNDO | AO68: NICARAGUA | AP68: GUATEMALA | AQ68: Africa | AR68: OCEANIA | AS68: 72.07
A69: NORUEGA | B69: 142.04 | C69: 86.13 | D69: NORUEGA | E69: 132.82 | F69: 80.54 | G69: =F69/2 -> 40.27 | H69: Nigeria | I69: 138.23 | J69: 51.69 | K69: =J69/2 -> 25.85 | AI69: GUINEA BISAU | AJ69: RESTO DEL MUNDO | AO69: NIGERIA | AP69: GUINEA | AQ69: Oceanía | AR69: AFRICA | AS69: 72.07
A70: NUEVA ZELANDA | B70: 70.06 | C70: 43.06 | D70: NUEVA ZELANDA | E70: 65.51 | F70: 40.27 | G70: =F70/2 -> 20.14 | H70: Noruega | I70: 156.26 | J70: 89.55 | K70: =J70/2 -> 44.78 | AI70: GUINEA ECUATORIAL | AJ70: GUINEA ECUATORIAL | AO70: NORUEGA | AP70: GUINEA BISAU
A71: PAISES BAJOS | B71: 135.61 | C71: 68.77 | D71: PAISES BAJOS | E71: 126.81 | F71: 64.31 | G71: =F71/2 -> 32.16 | H71: Nueva Zelanda | I71: 76.93 | J71: 46.28 | K71: =J71/2 -> 23.14 | AI71: GUYANA | AJ71: RESTO DEL MUNDO | AO71: NUEVA ZELANDA | AP71: GUINEA ECUATORIAL
A72: PAKISTAN | B72: 62.35 | C72: 39.85 | D72: PAKISTAN | E72: 58.3 | F72: 37.26 | G72: =F72/2 -> 18.63 | H72: Paises Bajos | I72: 149.05 | J72: 71.52 | K72: =J72/2 -> 35.76 | AI72: HAITI | AJ72: HAITÍ | AO72: PAISES BAJOS | AP72: GUYANA
A73: PANAMA | B73: 69.41 | C73: 39.2 | D73: PANAMA | E73: 64.91 | F73: 36.66 | G73: =F73/2 -> 18.33 | H73: Pakistan | I73: 68.52 | J73: 43.27 | K73: =J73/2 -> 21.64 | AI73: HONDURAS | AJ73: HONDURAS | AO73: PAKISTAN | AP73: HAITI
A74: PARAGUAY | B74: 48.85 | C74: 35.35 | D74: PARAGUAY | E74: 45.68 | F74: 33.06 | G74: =F74/2 -> 16.53 | H74: Panama | I74: 75.73 | J74: 42.07 | K74: =J74/2 -> 21.04 | AI74: HONG KONG | AJ74: HONG KONG | AO74: PANAMA | AP74: HONDURAS
A75: PERU | B75: 85.48 | C75: 46.27 | D75: PERU | E75: 79.93 | F75: 43.27 | G75: =F75/2 -> 21.64 | H75: Paraguay | I75: 53.49 | J75: 38.46 | K75: =J75/2 -> 19.23 | AI75: HUNGRIA | AJ75: HUNGRÍA | AO75: PARAGUAY | AP75: HONG KONG
A76: POLONIA | B76: 106.69 | C76: 45.63 | D76: POLONIA | E76: 99.77 | F76: 42.67 | G76: =F76/2 -> 21.34 | H76: Peru | I76: 93.76 | J76: 50.49 | K76: =J76/2 -> 25.25 | AI76: INDIA | AJ76: INDIA | AO76: PERU | AP76: HUNGRIA
A77: PORTUGAL | B77: 104.12 | C77: 46.91 | D77: PORTUGAL | E77: 97.36 | F77: 43.87 | G77: =F77/2 -> 21.94 | H77: Polonia | I77: 117.2 | J77: 48.68 | K77: =J77/2 -> 24.34 | AI77: INDONESIA | AJ77: INDONESIA | AO77: POLONIA | AP77: INDIA
A78: REINO UNIDO | B78: 167.75 | C78: 88.7 | D78: REINO UNIDO | E78: 156.86 | F78: 82.94 | G78: =F78/2 -> 41.47 | H78: Portugal | I78: 114.19 | J78: 51.09 | K78: =J78/2 -> 25.55 | AI78: IRAK | AJ78: IRAK | AO78: PORTUGAL | AP78: INDONESIA
A79: REPUBLICA CHECA | B79: 108.62 | C79: 46.27 | D79: REPUBLICA CHECA | E79: 101.57 | F79: 43.27 | G79: =F79/2 -> 21.64 | H79: Reino Unido | I79: 183.91 | J79: 91.35 | K79: =J79/2 -> 45.68 | AI79: IRAN | AJ79: IRÁN | AO79: REINO UNIDO | AP79: IRAK
A80: REPUBLICA DOMINICANA | B80: 68.77 | C80: 39.2 | D80: REPUBLICA DOMINICANA | E80: 64.31 | F80: 36.66 | G80: =F80/2 -> 18.33 | H80: Republica Checa | I80: 119 | J80: 49.88 | K80: =J80/2 -> 24.94 | AI80: IRLANDA | AJ80: IRLANDA | AO80: REPUBLICA CHECA | AP80: IRAN
A81: RUMANIA | B81: 135.61 | C81: 41.13 | D81: RUMANIA | E81: 126.81 | F81: 38.46 | G81: =F81/2 -> 19.23 | H81: Rumania | I81: 149.05 | J81: 44.47 | K81: =J81/2 -> 22.24 | AI81: ISLANDIA | AJ81: RESTO DEL MUNDO | AO81: REPUBLICA DOMINICANA | AP81: IRLANDA
... A100: RESTO DEL MUNDO | B100: 116.33 | C100: 43.71 | D100: RESTO DEL MUNDO | E100: 108.78 | F100: 40.87 | G100: =F100/2 -> 20.44 | H100: Resto del mundo | I100: 127.41 | J100: 46.88 | K100: =J100/2 -> 23.44 | AI100: MACEDONIA DEL NORTE | AJ100: RESTO DEL MUNDO | AO100: ZAIRE/CONGO | AP100: LUXEMBURGO
AI101: MADAGASCAR | AJ101: RESTO DEL MUNDO | AO101: ZIMBABWE | AP101: MACEDONIA DEL NORTE
A102: JUNTA | C102: MEDIA | D102: MINISTERIO | H102: GRUPO 1 | AI102: MALASIA | AJ102: MALASIA | AP102: MADAGASCAR
A103: ALEMANIA | C103: =$C3/2 -> 31.82 | E103: ESPAÑA | H103: ESPAÑA | AI103: MALAWI | AJ103: RESTO DEL MUNDO | AP103: MALASIA
A104: ANDORRA | C104: =$C4/2 -> 20.25 | E104: Alojamiento | F104: 65.97 | H104: Alojamiento | I104: 102.56 | J104: PID 2022 | AI104: MALDIVAS | AJ104: RESTO DEL MUNDO | AP104: MALAWI
A105: ANGOLA | C105: =$C5/2 -> 31.82 | E105: 1/2 manutención | F105: 18.7 | H105: 1/2 manutención | I105: =I106/2 -> 26.67 | J105: ESPAÑA | AI105: MALI | AJ105: RESTO DEL MUNDO | AP105: MALDIVAS
A106: ARABIA SAUDITA | C106: =$C6/2 -> 28.92 | E106: Manutención completa | F106: 37.4 | H106: Manutención completa | I106: 53.34 | J106: <30 DIAS POR DECRETO 4622 DE 24/05 | AI106: MALTA | AJ106: MALTA | AP106: MALI
A107: ARGELIA | C107: =$C7/2 -> 23.78 | J107: >= 30 DIAS 1,200/MES | AI107: MARRUECOS | AJ107: MARRUECOS | AP107: MALTA
A108: ARGENTINA | C108: =$C8/2 -> 29.57 | J108: 50 EUROS /DIA | AI108: MAURICIO | AJ108: RESTO DEL MUNDO | AP108: MARRUECOS
A109: AUSTRALIA | C109: =$C9/2 -> 27.32 | J109: EXTRANJERO | AI109: MAURITANIA | AJ109: MAURITANIA | AP109: MAURICIO
A110: AUSTRIA | C110: =$C10/2 -> 31.5 | J110: <30 DIAS DECRETO 462/DE24/05 | AI110: MEXICO | AJ110: MÉXICO | AP110: MAURITANIA
A111: BELGICA | C111: =$C11/2 -> 44.35 | J111: >= 30 DIAS 1,950EUROS/MES (65 EUROS/DIAS | AI111: MOLDAVIA | AJ111: RESTO DEL MUNDO | AP111: MEXICO
A112: BOLIVIA | C112: =$C12/2 -> 19.6 | AI112: MONGOLIA | AJ112: RESTO DEL MUNDO | AP112: MOLDAVIA
A113: BOSNIA Y HERZEGOVINA | C113: =$C13/2 -> 26.67 | AI113: MONTENEGRO | AJ113: SERBIA Y MONTENEGRO | AP113: MONGOLIA
A114: BRASIL | C114: =$C14/2 -> 42.42 | AI114: MOZAMBIQUE | AJ114: MOZAMBIQUE | AP114: MONTENEGRO
A115: BULGARIA | C115: =$C15/2 -> 20.25 | AI115: MYANMAR | AJ115: RESTO DEL MUNDO | AP115: MOZAMBIQUE
A116: CAMERÚN | C116: =$C16/2 -> 26.03 | AI116: NAMIBIA | AJ116: RESTO DEL MUNDO | AP116: MYANMAR
A117: CANADÁ | C117: =$C17/2 -> 27.64 | AI117: NEPAL | AJ117: RESTO DEL MUNDO | AP117: NAMIBIA
A118: CHILE | C118: =$C18/2 -> 27 | AI118: NICARAGUA | AJ118: NICARAGUA | AP118: NEPAL
...

Sheet LIQUIDACIÓN-GASTOS
A1: VARIOS DIAS | B1: =FORMULARIO!F54 -> 0 | C1: =FORMULARIO!F57 -> 0 | E1: =AF2 | J1: Instrucción 3/2025, de 23/06 de la Gerencia de la US | O1: 0.58402778 | P1: 0.62569444 | AL1: =INICIO!M1 -> V24 | AM1: =INICIO!N1 -> 46288
A2: ESPAÑA IDA | B2: =IF(OR(FORMULARIO!C54="",FORMULARIO!C57=""),"",(FORMULARIO!C57-FORMULARIO!C54)+1) | E2: Junta y US | F2: =FORMULARIO!G53 | I2: =FORMULARIO!G54 -> Elija la Opción ▼ | J2: Instrucción 3/2021, de 22 de diciembre de la Gerencia de la US | AF2: =IFERROR(VLOOKUP(AI6,ANEXO!N2:U62,8,0),"")
A3: SALIDA | B3: <14:00 | C3: =IF(E1=J1,O1,O3) -> 0.58333333 | E3: Manutención pernoctando | F3: =IF(AND(OR(E1=J1,E1=J3,E1=J6),B2>1,B1<C3),E3,"") | H3: =IF(B2="",0,IF(F3<>"","1",0)) -> 0 | J3: DECRETO DE DIETAS 54/1989 | O3: 0.58333333 | P3: 0.625
B4: >=14:00 Y <22:00 | C4: =IF(E1=J1,O1,O3) -> 0.58333333 | D4: 0.91666667 | E4: 1/2 Manutención | F4: =IF(AND(OR(E1=J1,E1=J3,E1=J6),B2>1,B1>=C3,B1<D4),E4,"") | H4: =IF(B2="",0,IF(F4<>"","1",0)) -> 0 | J4: R.D. 462/2002 de 24 DE MAYO | AD4: =IF(OR(FORMULARIO!B3<>"",FORMULARIO!B4<>"",FORMULARIO!B5<>"",FORMULARIO!B6<>"",FORMULARIO!F9<>"",FORMULARIO!B8<>""),"La liquidación presenta errores, por favor, revise el formulario y el cuadro de aviso para verificar los datos pendientes de completar","Esta Liquidación deberá justificar TODOS los gastos relacionados con el viaje y adjuntar la Comisión de Servicio Original.") -> La liquidación presenta errores, por favor, revise el formulario y el cuadro de aviso para verificar los datos pendientes de completar
B5: >22:00 | C5: 0.91666667 | D5: 1 | E5: No corresponde manutención | F5: =IF(AND(OR(E1=J1,E1=J3,E1=J6),B2>1,B1>C5),E5,"") | J5: NUEVO DECRETO JUNTA
J6: DGP-PIDI-2024 | AE6: =IF(OR(FORMULARIO!B3<>"",FORMULARIO!B4<>"",FORMULARIO!B5<>"",FORMULARIO!B6<>"",FORMULARIO!F9<>"",FORMULARIO!B8<>""),"","Orgánica:") | AF6: =IF(OR(FORMULARIO!B3<>"",FORMULARIO!B4<>"",FORMULARIO!B5<>"",FORMULARIO!B6<>"",FORMULARIO!F9<>"",FORMULARIO!B8<>""),"",FORMULARIO!C24) | AG6: =IF(OR(FORMULARIO!B3<>"",FORMULARIO!B4<>"",FORMULARIO!B5<>"",FORMULARIO!B6<>"",FORMULARIO!F9<>"",FORMULARIO!B8<>""),"","Proyecto") | AH6: =IF(OR(FORMULARIO!B3<>"",FORMULARIO!B4<>"",FORMULARIO!B5<>"",FORMULARIO!B6<>"",FORMULARIO!F9<>"",FORMULARIO!B8<>""),"",FORMULARIO!F24) | AI6: =FORMULARIO!V20 -> Elija la Opción ▼ | AN6: =FORMULARIO!G53
A7: DIAS INTERMEDIOS | E7: Manutención pernoctando | F7: =IF(AND(OR(E1=J1,E1=J3,E1=J6),B2>1),E7,"") | H7: =IF(B2="",0,IF(F7="",0,B2-2)) -> 0 | J7: 0.041666667 | L7: 0.625 | AC7: =IF(OR(FORMULARIO!B3<>"",FORMULARIO!B4<>"",FORMULARIO!B5<>"",FORMULARIO!B6<>"",FORMULARIO!F9<>"",FORMULARIO!B8<>""),"","Subdirección de Gestión") | AE7: =IF(OR(FORMULARIO!B3<>"",FORMULARIO!B4<>"",FORMULARIO!B5<>"",FORMULARIO!B6<>"",FORMULARIO!F9<>"",FORMULARIO!B8<>""),"",FORMULARIO!B11) | AH7: =IF(OR(FORMULARIO!B3<>"",FORMULARIO!B4<>"",FORMULARIO!B5<>"",FORMULARIO!B6<>"",FORMULARIO!F9<>"",FORMULARIO!B8<>""),"",FORMULARIO!E11) | AN7: =FORMULARIO!G54 -> Elija la Opción ▼
J8: 0.99930556 | L8: 0.875 | AC8: =IF(OR(FORMULARIO!B3<>"",FORMULARIO!B4<>"",FORMULARIO!B5<>"",FORMULARIO!B6<>"",FORMULARIO!F9<>"",FORMULARIO!B8<>""),"","Económica de la Investigación")
A9: REGRESO | B9: <15:00 | C9: =IF(E1=J1,P1,P3) -> 0.625 | E9: No corresponde manutención | F9: =IF(AND(OR(E1=J1,E1=J3,E1=J6),B2>1,C1<C9),E9,"") | AF9: =IF(AG10=AN10,"ESTA LIQUIDACIÓN TIENEN QUE FIRMARLA ELECTRÓNICAMENTE EL I.P. Y EL TITULAR DE LA LIQUIDACIÓN",IF(AG10=AN11,"ESTA LIQUIDACIÓN SOLO TIENE QUE SER FIRMARLA POR EL I.P. (POR PORTAFIRMAS U.S)",""))
B10: >15:00 Y < =22:00 | C10: =IF(E1=J1,P1,P3) -> 0.625 | D10: 0.91666667 | E10: 1/2 Manutención | F10: =IF(AND(OR(E1=J1,E1=J3,E1=J6),B2>1,C1>C10,C1<=D10),E10,"") | H10: =IF(B2="",0,IF(F10<>"","1",0)) -> 0 | J10: ¿Aporta factura de cena? | AC10: =IF(OR(FORMULARIO!B3<>"",FORMULARIO!B4<>"",FORMULARIO!B5<>"",FORMULARIO!B6<>"",FORMULARIO!F9<>"",FORMULARIO!B8<>""),"","DATOS DEL TITULAR") | AE10: =IF(OR(FORMULARIO!B3<>"",FORMULARIO!B4<>"",FORMULARIO!B5<>"",FORMULARIO!B6<>"",FORMULARIO!F9<>"",FORMULARIO!B8<>""),"","NACIONALIDAD") | AG10: =IF(OR(FORMULARIO!B3<>"",FORMULARIO!B4<>"",FORMULARIO!B5<>"",FORMULARIO!B6<>"",FORMULARIO!F9<>"",FORMULARIO!B8<>""),"",FORMULARIO!H16) | AN10: ESPAÑOLA
B11: >22:00 | C11: 0.91666667 | D11: 1 | E11: Manutención sin pernoctar | F11: =IF(AND(OR(E1=J1,E1=J3,E1=J6),B2>1,C1>C11,C1<D11),E11,"") | H11: =IF(B2="",0,IF(F11<>"","1",0)) -> 0 | J11: FECHA DE REGRESO | K11: 0.91666667 | N11: HORAS | AC11: =IF(OR(FORMULARIO!B3<>"",FORMULARIO!B4<>"",FORMULARIO!B5<>"",FORMULARIO!B6<>"",FORMULARIO!F9<>"",FORMULARIO!B8<>""),"","Nombre y Apellidos del titular de la liquidación") | AF11: =IF(OR(FORMULARIO!B3<>"",FORMULARIO!B4<>"",FORMULARIO!B5<>"",FORMULARIO!B6<>"",FORMULARIO!F9<>"",FORMULARIO!B8<>""),"",FORMULARIO!C16) | AJ11: =IF(OR(FORMULARIO!B3<>"",FORMULARIO!B4<>"",FORMULARIO!B5<>"",FORMULARIO!B6<>"",FORMULARIO!F9<>"",FORMULARIO!B8<>""),"","DNI:") | AK11: =IF(OR(FORMULARIO!B3<>"",FORMULARIO!B4<>"",FORMULARIO!B5<>"",FORMULARIO!B6<>"",FORMULARIO!F9<>"",FORMULARIO!B8<>""),"",FORMULARIO!F16) | AN11: EXTRANJERA (SIN RESIDENCIA EN ESPAÑA)
A12: Manutención pernoctando | B12: =IFERROR(H3+H7,"") -> 0 | C12: Manutención sin pernoctar | F12: =IFERROR(H11,"") -> 0 | G12: 1/2 Manutención | H12: =IFERROR(H4+H10,"") -> 0 | J12: =FORMULARIO!C57 -> 0 | K12: NACIONAL SALIDA | M12: =IF(AND(N12>K11,J13="",J14="",J15="",J16="",AF2=J4),"¿Aporta factura de cena?","") | N12: =FORMULARIO!F57 -> 0 | AC12: =IF(OR(FORMULARIO!B3<>"",FORMULARIO!B4<>"",FORMULARIO!B5<>"",FORMULARIO!B6<>"",FORMULARIO!F9<>"",FORMULARIO!B8<>""),"","Vinculación con el proyecto:") | AE12: =IF(OR(FORMULARIO!B3<>"",FORMULARIO!B4<>"",FORMULARIO!B5<>"",FORMULARIO!B6<>"",FORMULARIO!F9<>"",FORMULARIO!B8<>""),"",FORMULARIO!C27) | AG12: =IF(OR(FORMULARIO!B3<>"",FORMULARIO!B4<>"",FORMULARIO!B5<>"",FORMULARIO!B6<>"",FORMULARIO!F9<>"",FORMULARIO!B8<>""),"",FORMULARIO!F18) | AI12: =IF(OR(FORMULARIO!B3<>"",FORMULARIO!B4<>"",FORMULARIO!B5<>"",FORMULARIO!B6<>"",FORMULARIO!F9<>"",FORMULARIO!B8<>""),"",FORMULARIO!F19)
A13: VARIOS DIAS | B13: =FORMULARIO!F54 -> 0 | C13: =FORMULARIO!F57 -> 0 | E13: =AF2 | J13: =IF(FORMULARIO!C116="","",FORMULARIO!C116) | K13: NACIONAL REGRESO | M13: =IF(AND(N13>K11,J13<>"",AF2=J4),"¿Aporta factura de cena?","") | N13: =FORMULARIO!F116 -> 0 | AC13: =IF(OR(FORMULARIO!B3<>"",FORMULARIO!B4<>"",FORMULARIO!B5<>"",FORMULARIO!B6<>"",FORMULARIO!F9<>"",FORMULARIO!B8<>""),"",FORMULARIO!C18) | AE13: =IF(OR(FORMULARIO!B3<>"",FORMULARIO!B4<>"",FORMULARIO!B5<>"",FORMULARIO!B6<>"",FORMULARIO!F9<>"",FORMULARIO!B8<>""),"",FORMULARIO!C19) | AG13: =IF(OR(FORMULARIO!B3<>"",FORMULARIO!B4<>"",FORMULARIO!B5<>"",FORMULARIO!B6<>"",FORMULARIO!F9<>"",FORMULARIO!B8<>""),"",FORMULARIO!H18) | AI13: =IF(OR(FORMULARIO!B3<>"",FORMULARIO!B4<>"",FORMULARIO!B5<>"",FORMULARIO!B6<>"",FORMULARIO!F9<>"",FORMULARIO!B8<>""),"",FORMULARIO!H19)
A14: ESPAÑA IDA | B14: =IF(OR(FORMULARIO!C54="",FORMULARIO!C57=""),"",(FORMULARIO!C57-FORMULARIO!C54)+1) | E14: Ministerio | F14: =FORMULARIO!G57 | I14: =IF(AND(FORMULARIO!G58="SÍ",M12<>""),"SÍ","NO") -> NO | J14: =IF(FORMULARIO!C72="","",FORMULARIO!C72) | K14: 1 PAIS EXTRANJERO | M14: =IF(AND(N14>K11,J13="",J15="",J16="",AF2=J4),"¿Aporta factura de cena?","") | N14: =FORMULARIO!F72 -> 0 | AC14: =IF(OR(FORMULARIO!B3<>"",FORMULARIO!B4<>"",FORMULARIO!B5<>"",FORMULARIO!B6<>"",FORMULARIO!F9<>"",FORMULARIO!B8<>""),"",FORMULARIO!F26) | AE14: =IF(OR(FORMULARIO!B3<>"",FORMULARIO!B4<>"",FORMULARIO!B5<>"",FORMULARIO!B6<>"",FORMULARIO!F9<>"",FORMULARIO!B8<>""),"",FORMULARIO!F27) | AG14: =IF(OR(FORMULARIO!B3<>"",FORMULARIO!B4<>"",FORMULARIO!B5<>"",FORMULARIO!B6<>"",FORMULARIO!F9<>"",FORMULARIO!B8<>""),"",FORMULARIO!C31) | AH14: =IF(OR(FORMULARIO!B3<>"",FORMULARIO!B4<>"",FORMULARIO!B5<>"",FORMULARIO!B6<>"",FORMULARIO!F9<>"",FORMULARIO!B8<>""),"",FORMULARIO!C32) | AJ14: =IF(OR(FORMULARIO!B3<>"",FORMULARIO!B4<>"",FORMULARIO!B5<>"",FORMULARIO!B6<>"",FORMULARIO!F9<>"",FORMULARIO!B8<>""),"",FORMULARIO!F31) | AK14: =IF(OR(FORMULARIO!B3<>"",FORMULARIO!B4<>"",FORMULARIO!B5<>"",FORMULARIO!B6<>"",FORMULARIO!F9<>"",FORMULARIO!B8<>""),"",FORMULARIO!F32)
A15: SALIDA | B15: <14:00 | C15: 0.58333333 | E15: Manutención pernoctando | F15: =IF(ANEXO!B207<>J4,"",IF(AND(ANEXO!B207=J4,B14>1,B13<C15),E15,"")) | H15: =IF(B14="",0,IF(F15<>"","1",0)) -> 0 | J15: =IF(FORMULARIO!C150="","",FORMULARIO!C150) | K15: 2 PAIS EXTRANJERO | M15: =IF(AND(N15>K11,J13="",J16="",AF2=J4),"¿Aporta factura de cena?","") | N15: =FORMULARIO!F150 -> 0 | AC15: =IF(OR(FORMULARIO!B3<>"",FORMULARIO!B4<>"",FORMULARIO!B5<>"",FORMULARIO!B6<>"",FORMULARIO!F9<>"",FORMULARIO!B8<>""),"",FORMULARIO!C29) | AF15: =IF(OR(FORMULARIO!B3<>"",FORMULARIO!B4<>"",FORMULARIO!B5<>"",FORMULARIO!B6<>"",FORMULARIO!F9<>"",FORMULARIO!B8<>""),"",FORMULARIO!C30) | AG15: =IF(OR(FORMULARIO!B3<>"",FORMULARIO!B4<>"",FORMULARIO!B5<>"",FORMULARIO!B6<>"",FORMULARIO!F9<>"",FORMULARIO!B8<>""),"",FORMULARIO!F29) | AI15: =IF(OR(FORMULARIO!B3<>"",FORMULARIO!B4<>"",FORMULARIO!B5<>"",FORMULARIO!B6<>"",FORMULARIO!F9<>"",FORMULARIO!B8<>""),"",FORMULARIO!F30)
B16: >=14:00 Y <22:00 | C16: 0.58333333 | D16: 0.91666667 | E16: 1/2 Manutención | F16: =IF(ANEXO!B207<>J4,"",IF(AND(ANEXO!B207=J4,B14>1,B13>=C16,B13<D16),E16,"")) | H16: =IF(B14="",0,IF(F16<>"","1",0)) -> 0 | J16: =IF(FORMULARIO!C167="","",FORMULARIO!C167) | K16: 3 PAIS EXTRANJERO | M16: =IF(AND(N16>K11,J13="",J16<>"",AF2=J4),"¿Aporta factura de cena?","") | N16: =FORMULARIO!F167 -> 0 | AC16: =IF(OR(FORMULARIO!B3<>"",FORMULARIO!B4<>"",FORMULARIO!B5<>"",FORMULARIO!B6<>"",FORMULARIO!F9<>"",FORMULARIO!B8<>""),"","GASTOS DE LOCOMOCIÓN / INSCRIPCIÓN / OTROS")
B17: >22:00 | C17: 0.91666667 | E17: No corresponde manutención | F17: =IF(ANEXO!B207<>J4,"",IF(AND(ANEXO!B207=J4,B14>1,B13>C17),E17,"")) | AC17: =IF(OR(FORMULARIO!B3<>"",FORMULARIO!B4<>"",FORMULARIO!B5<>"",FORMULARIO!B6<>"",FORMULARIO!F9<>"",FORMULARIO!B8<>""),"",FORMULARIO!C36) | AD17: =FORMULARIO!C37 -> 0 | AE17: 0.26 | AF17: =IF(OR(FORMULARIO!B3<>"",FORMULARIO!B4<>"",FORMULARIO!B5<>"",FORMULARIO!B6<>"",FORMULARIO!F9<>""),"","euros/Km") | AG17: =AD17*AE17 -> 0 | AH17: =IF(OR(FORMULARIO!B3<>"",FORMULARIO!B4<>"",FORMULARIO!B5<>"",FORMULARIO!B6<>"",FORMULARIO!F9<>"",FORMULARIO!B8<>""),"",FORMULARIO!F36) | AK17: =FORMULARIO!F37 -> 0 | AN17: =AG17+AD18+AD19+AF18+AF19+AH18+AH19 -> 0 | AO17: TOTA LLOCOMOCION
AC18: =IF(OR(FORMULARIO!B3<>"",FORMULARIO!B4<>"",FORMULARIO!B5<>"",FORMULARIO!B6<>"",FORMULARIO!F9<>"",FORMULARIO!B8<>""),"",FORMULARIO!C39) | AD18: =FORMULARIO!D39 -> 0 | AE18: =IF(OR(FORMULARIO!B3<>"",FORMULARIO!B4<>"",FORMULARIO!B5<>"",FORMULARIO!B6<>"",FORMULARIO!F9<>""),"",FORMULARIO!F39) | AF18: =FORMULARIO!G39 -> 0 | AG18: =IF(OR(FORMULARIO!B3<>"",FORMULARIO!B4<>"",FORMULARIO!B5<>"",FORMULARIO!B6<>"",FORMULARIO!F9<>""),"",FORMULARIO!C41) | AH18: =FORMULARIO!D41 -> 0 | AI18: =IF(OR(FORMULARIO!B3<>"",FORMULARIO!B4<>"",FORMULARIO!B5<>"",FORMULARIO!B6<>"",FORMULARIO!F9<>"",FORMULARIO!B8<>""),"",FORMULARIO!C40) | AJ18: =FORMULARIO!D40 -> 0 | AK18: =IF(OR(FORMULARIO!B3<>"",FORMULARIO!B4<>"",FORMULARIO!B5<>"",FORMULARIO!B6<>"",FORMULARIO!F9<>"",FORMULARIO!B8<>""),"",FORMULARIO!A40) | AN18: =AJ18+AJ19 -> 0 | AO18: TOTAL LOCOMOCION
A19: DIAS INTERMEDIOS | E19: Manutención pernoctando | F19: =IF(AND(ANEXO!B207=J4,B14>1),E19,"") | H19: =IF(B14="",0,IF(F19="",0,B14-2)) -> 0 | J19: 1/2 manutención el extranjero | AC19: =IF(OR(FORMULARIO!B3<>"",FORMULARIO!B4<>"",FORMULARIO!B5<>"",FORMULARIO!B6<>"",FORMULARIO!F9<>"",FORMULARIO!B8<>""),"",FORMULARIO!C42) | AD19: =FORMULARIO!D42 -> 0 | AE19: =IF(OR(FORMULARIO!B3<>"",FORMULARIO!B4<>"",FORMULARIO!B5<>"",FORMULARIO!B6<>"",FORMULARIO!F9<>""),"",FORMULARIO!F42) | AF19: =FORMULARIO!G42 -> 0 | AG19: =IF(OR(FORMULARIO!B3<>"",FORMULARIO!B4<>"",FORMULARIO!B5<>"",FORMULARIO!B6<>"",FORMULARIO!F9<>""),"",FORMULARIO!F41) | AH19: =FORMULARIO!G41 -> 0 | AI19: =IF(OR(FORMULARIO!B3<>"",FORMULARIO!B4<>"",FORMULARIO!B5<>"",FORMULARIO!B6<>"",FORMULARIO!F9<>"",FORMULARIO!B8<>""),"",FORMULARIO!F40) | AJ19: =FORMULARIO!G40 -> 0 | AN19: =AK21 -> 0
M20: 1 | N20: 0.625 | O20: =IF(N24>M20,"DD","NO") -> NO | P20: =IF(AND(AF2=J1,J22<>"",J23="",J24="",J22=K22,N22<M22,N22>N20,N22<M20),"1/2 Manutención del extranjero","") | AC20: =IF(OR(FORMULARIO!B3<>"",FORMULARIO!B4<>"",FORMULARIO!B5<>"",FORMULARIO!B6<>"",FORMULARIO!F9<>"",FORMULARIO!B8<>""),"","TOTAL LOCOMOCIÓN desglosado en pagos a terceros "&TEXT((AN18),"#.###,00 €")&" abonado por el profesor "&TEXT(AN17,"#.###,00 €"))
A21: REGRESO | B21: >24:00 | E21: No corresponde manutención | F21: =IF(ANEXO!B207<>J4,"",IF(AND(ANEXO!B207=J4,B14>1,C13>=D23),E21,"")) | J21: fecha fin del viaje a casa | K21: fecha salida extranjero | M21: hora de casa | N21: hora salida extrajero | O21: resultado | AC21: =IF(OR(FORMULARIO!B3<>"",FORMULARIO!B4<>"",FORMULARIO!B5<>"",FORMULARIO!B6<>"",FORMULARIO!F9<>"",FORMULARIO!B8<>""),"",FORMULARIO!C44) | AF21: =FORMULARIO!C46 -> 0 | AG21: =IF(OR(FORMULARIO!B3<>"",FORMULARIO!B4<>"",FORMULARIO!B5<>"",FORMULARIO!B6<>"",FORMULARIO!F9<>"",FORMULARIO!B8<>""),"",FORMULARIO!G44) | AK21: =FORMULARIO!G46 -> 0 | AL21: =IF(OR(FORMULARIO!B3<>"",FORMULARIO!B4<>"",FORMULARIO!B5<>"",FORMULARIO!B6<>"",FORMULARIO!F9<>"",FORMULARIO!B8<>""),"",FORMULARIO!C47) | AM21: =FORMULARIO!C49 -> 0 | AN21: TOTAL | AO21: =AF21+AM21 -> 0 | AP21: Inscripcion + otros gastos
B22: >14:00 y <22:00 | C22: 0.58333333 | D22: 0.91666667 | E22: 1/2 Manutención | F22: =IF(AND(ANEXO!B207=J4,B14>1,C13>C22,C13<=D22),E22,"") | H22: =IF(B14="",0,IF(F22<>"","1",0)) -> 0 | J22: =IF(FORMULARIO!C72="","",FORMULARIO!C72) | K22: =IF(FORMULARIO!I72="","",FORMULARIO!I72) | M22: =FORMULARIO!F72 -> 0 | N22: =FORMULARIO!F74 -> 0 | O22: =IF(M22=M20,"",IF(O24<>"","",IF(O23<>"","",IF(AND(AF2=J1,J22=K22,N22>N20,N22<M22,N22<M20),"1/2 Manutención del extranjero","")))) | P22: 1º PAIS
B23: >22:00 Y<24:00 | C23: 0.91666667 | D23: 1 | E23: Manutención completa cena | F23: =IF(AND(ANEXO!B207=J4,B14>1,C13>D22,I14="SÍ"),E23,E22) -> 1/2 Manutención | H23: =IF(B14="",0,IF(C13=D23,0,IF(AND(C13>D22,I14="NO"),1,0))) -> 0 | J23: =IF(FORMULARIO!C150="","",FORMULARIO!C150) | K23: =FORMULARIO!I150 -> 0 | M23: =FORMULARIO!F150 -> 0 | N23: =FORMULARIO!F152 -> 0 | O23: =IF(M23=M20,"",IF(AND(O24="",J23=K23,M23>N20,N23>N20),"1/2 Manutención del pais extranjero","")) | P23: 2º PAIS | AC23: =IF(AD25="","",IF(OR(FORMULARIO!B3<>"",FORMULARIO!B4<>"",FORMULARIO!B5<>"",FORMULARIO!B6<>"",FORMULARIO!F9<>"",FORMULARIO!B8<>""),""," DIETAS EN TERRITORIO NACIONAL O TRÁNSITO PARA LA SALIDA")) | AH23: =IF(AD25="","",IF(OR(FORMULARIO!B3<>"",FORMULARIO!B4<>"",FORMULARIO!B5<>"",FORMULARIO!B6<>"",FORMULARIO!F9<>"",FORMULARIO!B8<>""),"",FORMULARIO!C59)) | AK23: =IF(AD25="","",IF(FORMULARIO!C60="","",FORMULARIO!C60)) | AN23: =FORMULARIO!G53
A24: =E15 -> Manutención pernoctando | B24: =IFERROR(H15+H19+F24,"") -> 0 | C24: 1/2 Manutención | D24: =IF(I14="NO",H16+H24,H16+H22+H23) -> 0 | E24: =IF(F21<>"",0,IFERROR(H16+H22+H23,"")) -> 0 | F24: =IF(C13=D23,0,IF(AND(C13>D22,I14="SÍ"),1,0)) -> 0 | H24: =IF(B14="",0,IF(C13=D23,0,IF(F23=E22,1,0))) -> 0 | J24: =IF(FORMULARIO!C167<>"",FORMULARIO!C167,"") | K24: =IF(FORMULARIO!I167="","",FORMULARIO!I167) | M24: =FORMULARIO!F167 -> 0 | N24: =FORMULARIO!F169 -> 0 | O24: =IF(M24=M20,"",IF(AND(AF2=J1,J22<>"",J23<>"",J24=K24,M24>N20,N24>N20),"1/2 Manutención del extranjero","")) | P24: 3º PAIS | Q24: =IF(M24=M20,"",IF(AND(AF2=J1,J22<>"",J23<>"",J24=K24,N24),"1/2 Manutención del país extranjero","MAL")) -> MAL | AC24: =IF(OR(FORMULARIO!B3<>"",FORMULARIO!B4<>"",FORMULARIO!B5<>"",FORMULARIO!B6<>"",FORMULARIO!F9<>"",FORMULARIO!B8<>""),"",FORMULARIO!G53) | AE24: =IF(AD25="","",IF(AC24="","",FORMULARIO!G54)) | AH24: =IF(AD25="","",IF(OR(FORMULARIO!B3<>"",FORMULARIO!B4<>"",FORMULARIO!B5<>"",FORMULARIO!B6<>"",FORMULARIO!F9<>"",FORMULARIO!B8<>""),"",FORMULARIO!F59)) | AK24: =IF(AD25="","",IF(FORMULARIO!F60="","",FORMULARIO!F60)) | AN24: =FORMULARIO!G54 -> Elija la Opción ▼
A25: VARIOS DIAS | B25: =FORMULARIO!F113 -> 0 | C25: =FORMULARIO!F116 -> 0 | E25: =AF2 | J25: j | K25: K | M25: M | N25: N | O25: O | AC25: =IF(AD25="","",IF(OR(FORMULARIO!B3<>"",FORMULARIO!B4<>"",FORMULARIO!B5<>"",FORMULARIO!B6<>"",FORMULARIO!F9<>"",FORMULARIO!B8<>""),"",FORMULARIO!C53)) | AD25: =IF(FORMULARIO!C54="","",FORMULARIO!C54) | AE25: =IF(AD25="","",IF(OR(FORMULARIO!B3<>"",FORMULARIO!B4<>"",FORMULARIO!B5<>"",FORMULARIO!B6<>"",FORMULARIO!F9<>"",FORMULARIO!B8<>""),"",IF(FORMULARIO!F54="","",FORMULARIO!F54))) | AF25: =IF(AD25="","",IF(OR(FORMULARIO!B3<>"",FORMULARIO!B4<>"",FORMULARIO!B5<>"",FORMULARIO!B6<>"",FORMULARIO!F9<>"",FORMULARIO!B8<>""),"","Total días de viaje ")) | AH25: =IF(AD25="","",IF(OR(FORMULARIO!B3<>"",FORMULARIO!B4<>"",FORMULARIO!B5<>"",FORMULARIO!B6<>"",FORMULARIO!F9<>"",FORMULARIO!B8<>""),"",AN25)) | AK25: =IF(AD25="","",IF(OR(FORMULARIO!B3<>"",FORMULARIO!B4<>"",FORMULARIO!B5<>"",FORMULARIO!B6<>"",FORMULARIO!F9<>"",FORMULARIO!B8<>""),"",AN26)) | AN25: =FORMULARIO!H56 -> ¿Renuncia a la manutención?
A26: ESPAÑA REGRESO | B26: =IF(OR(FORMULARIO!C113="",FORMULARIO!C116=""),"",(FORMULARIO!C116-FORMULARIO!C113)+1) | E26: Ministerio | F26: =FORMULARIO!H116 | I26: =IF(AND(FORMULARIO!I117="SÍ",M13<>""),"SÍ","NO") -> NO | AC26: =IF(AD25="","",IF(OR(FORMULARIO!B3<>"",FORMULARIO!B4<>"",FORMULARIO!B5<>"",FORMULARIO!B6<>"",FORMULARIO!F9<>"",FORMULARIO!B8<>""),"",FORMULARIO!C56)) | AD26: =IF(FORMULARIO!C57="","",FORMULARIO!C57) | AE26: =IF(AD25="","",IF(OR(FORMULARIO!B3<>"",FORMULARIO!B4<>"",FORMULARIO!B5<>"",FORMULARIO!B6<>"",FORMULARIO!F9<>"",FORMULARIO!B8<>""),"",IF(FORMULARIO!F57="","",FORMULARIO!F57))) | AF26: =IF(AD25="","",IF(OR(AD25="",AD26=""),"",(AD26-AD25)+1)) | AN26: =FORMULARIO!H57 -> Elija la Opción ▼
A27: SALIDA | B27: <14:00 | C27: 0.58333333 | E27: Manutención pernoctando | F27: =IF(ANEXO!B207<>J4,"",IF(AND(B26>1,ANEXO!B207=J4,B25<C27),E27,"")) | H27: =IF(B26="",0,IF(F27<>"","1",0)) -> 0 | AC27: =IF(AD25="","",IF(OR(FORMULARIO!B3<>"",FORMULARIO!B4<>"",FORMULARIO!B5<>"",FORMULARIO!B6<>"",FORMULARIO!F9<>"",FORMULARIO!B8<>""),"",FORMULARIO!G57)) | AE27: =IF(AD25="","",IF(AC27="","",FORMULARIO!G58)) | AH27: =IF(AD25="","",IF(OR(FORMULARIO!B3<>"",FORMULARIO!B4<>"",FORMULARIO!B5<>"",FORMULARIO!B6<>"",FORMULARIO!F9<>""),"","noches")) | AL27: =IF(AD25="","",IF(OR(FORMULARIO!B3<>"",FORMULARIO!B4<>"",FORMULARIO!B5<>"",FORMULARIO!B6<>"",FORMULARIO!F9<>"",FORMULARIO!B8<>""),"","noches")) | AN27: decreto | AO27: factura | AP27: supera
B28: >=14:00 Y <=22:00 | C28: 0.58333333 | D28: 0.91666667 | E28: 1/2 Manutención | F28: =IF(ANEXO!B207<>J4,"",IF(AND(ANEXO!B207=J4,B25>=C28,B25<=D28),E28,"")) | H28: =IF(B26="",0,IF(F28<>"","1",0)) -> 0 | AC28: =IF(AD25="","",IF(OR(FORMULARIO!B3<>"",FORMULARIO!B4<>"",FORMULARIO!B5<>"",FORMULARIO!B6<>"",FORMULARIO!F9<>"",FORMULARIO!B8<>""),"","Alojamiento:")) | AD28: =IF(AD25="","",IF(OR(FORMULARIO!B3<>"",FORMULARIO!B4<>"",FORMULARIO!B5<>"",FORMULARIO!B6<>"",FORMULARIO!F9<>"",FORMULARIO!B8<>""),"","decreto/noche")) | AE28: =IF(AD25="","",IF(AN32<>"",0,IF(AI6=ANEXO!C390,ANEXO!J401,IF(AF26="","",IF(AND(AN24="SÍ",AN23<>""),ANEXO!D398,ANEXO!C398))))) | AG28: =IF(AD25="","",IF(OR(FORMULARIO!B3<>"",FORMULARIO!B4<>"",FORMULARIO!B5<>"",FORMULARIO!B6<>"",FORMULARIO!F9<>"",FORMULARIO!B8<>""),"","total factura")) | AH28: =IF(AD25="","",FORMULARIO!E64) | AI28: =IF(AD25="","",IF(OR(FORMULARIO!B3<>"",FORMULARIO!B4<>"",FORMULARIO!B5<>"",FORMULARIO!B6<>"",FORMULARIO!F9<>"",FORMULARIO!B8<>""),"",AR28)) | AJ28: =IF(AD25="","",IF(OR(FORMULARIO!B3<>"",FORMULARIO!B4<>"",FORMULARIO!B5<>"",FORMULARIO!B6<>"",FORMULARIO!F9<>"",FORMULARIO!B8<>""),"","Pagos a Terceros")) | AL28: =IF(AD25="","",FORMULARIO!I64) | AM28: =IF(AD25="","",FORMULARIO!G64) | AN28: =IFERROR(AE28*AH28,0) -> 0 | AO28: =FORMULARIO!C64 -> 0 | AP28: =IF(AO28>AN28,AO28-AN28,AO28) -> 0 | AQ28: Alojamiento | AR28: =IF(AO28>AN28,AN28,AO28) -> 0
B29: >22:00 | C29: 0.91666667 | E29: No corresponde manutención | F29: =IF(ANEXO!B207<>J4,"",IF(AND(ANEXO!B207=J4,B25>=C29),E29,"")) | AC29: =IF(AD25="","",IF(OR(FORMULARIO!B3<>"",FORMULARIO!B4<>"",FORMULARIO!B5<>"",FORMULARIO!B6<>"",FORMULARIO!F9<>"",FORMULARIO!B8<>""),"",IF(AO28>AN28,"Según decreto de dietas de alojamiento le corresponde"&TEXT((AN28)," #.###,00 €"),""))) | AG29: =IF(AD25="","",IF(OR(FORMULARIO!B3<>"",FORMULARIO!B4<>"",FORMULARIO!B5<>"",FORMULARIO!B6<>"",FORMULARIO!F9<>"",FORMULARIO!B8<>""),"",AO28)) | AN29: =IF(AM28="",0,AM28) -> 0
AC30: =IF(AD25="","",IF(OR(FORMULARIO!B3<>"",FORMULARIO!B4<>"",FORMULARIO!B5<>"",FORMULARIO!B6<>"",FORMULARIO!F9<>"",FORMULARIO!B8<>""),"","Manutención: pernoctando")) | AD30: =IF(AD25="","",IF(AND(OR(ANEXO!B207=J1,ANEXO!B207=J2,ANEXO!B207=J3,ANEXO!B207=J6),B2>1),B12,IF(AND(ANEXO!B207=J4,B50=1),0,IF(AND(ANEXO!B207=J4,B14>1),B24,IF(AND(ANEXO!B207=J5),B111,0))))) | AE30: =IF(AD25="","",IF(OR(FORMULARIO!B3<>"",FORMULARIO!B4<>"",FORMULARIO!B5<>"",FORMULARIO!B6<>"",FORMULARIO!F9<>"",FORMULARIO!B8<>""),"",AO30)) | AF30: =IF(AD25="","","1/2 M") | AG30: =IF(AD25="","",IF(AND(OR(ANEXO!B207=J1,ANEXO!B207=J2,ANEXO!B207=J3,ANEXO!B207=J6),B2>1),H12,IF(AND(OR(ANEXO!B207=J1,ANEXO!B207=J2,ANEXO!B207=J3),B56=1),F61,IF(AND(ANEXO!B207=J4,B50=1),F54,IF(AND(ANEXO!B207=J4,F31>1),D24,IF(AND(ANEXO!B207=J5),H111,0)))))) | AH30: =IF(AD25="","",IF(OR(FORMULARIO!B3<>"",FORMULARIO!B4<>"",FORMULARIO!B5<>"",FORMULARIO!B6<>"",FORMULARIO!F9<>"",FORMULARIO!B8<>""),"",AP30)) | AI30: =IF(AD25="","",IF(OR(FORMULARIO!B3<>"",FORMULARIO!B4<>"",FORMULARIO!B5<>"",FORMULARIO!B6<>"",FORMULARIO!F9<>"",FORMULARIO!B8<>""),"","Manutención si pernoctar")) | AK30: =IF(AD25="","",IF(AND(OR(ANEXO!B207=J1,ANEXO!B207=J2,ANEXO!B207=J3,ANEXO!B207=J6),B2>1),F12,IF(AND(OR(ANEXO!B207=J1,ANEXO!B207=J2,ANEXO!B207=J3),B56=1),B61,IF(AND(ANEXO!B207=J4,B50=1),0,IF(AND(ANEXO!B207=J5,AF26=1),F111,0))))) | AL30: =IF(AD25="","",AQ30) | AN30: DIETAS | AO30: =IFERROR(AD31*AD30,0) -> 0 | AP30: =IFERROR(AG31*AG30,0) -> 0 | AQ30: =IFERROR(AK30*AK31,0) -> 0 | AR30: =IFERROR(IF(AN26="SÍ",0,IF(AN32<>"",AO31,AO30+AP30+AQ30)),0) -> 0 | AS30: dietas
A31: DIAS INTERMEDIOS | E31: Manutención pernoctando | F31: =IF(AND(ANEXO!B207=J4,B26>1),E31,"") | H31: =IF(B26="",0,IF(F31="",0,B26-2)) -> 0 | AD31: =IF(AD25="","",IF(AN32<>"",0,IF(AI6=ANEXO!C390,ANEXO!E401,IF(AF26="","",IF(AN26="SÍ",0,IF(AND(AN23<>"",AN24="SÍ"),ANEXO!F398,ANEXO!E398)))))) | AG31: =IF(AD25="","",IF(AN32<>"",0,IF(AI6=ANEXO!C390,ANEXO!C401,IF(AF26="","",IF(AN26="SÍ",0,IF(AND(AN23<>"",AN24="SÍ"),ANEXO!G398,ANEXO!H398)))))) | AK31: =IF(AD25="","",IF(AN32<>"",0,IF(AF26="","",IF(AN26="""SÍ",0,ANEXO!I398)))) | AN31: TOTAL | AO31: =IFERROR(IF(OR(FORMULARIO!B3<>"",FORMULARIO!B4<>"",FORMULARIO!B5<>"",FORMULARIO!B6<>"",FORMULARIO!F9<>""),"",IF(AN32<>"",AT33,AR28+AR30)),0) | AP31: =IFERROR(IF(AN32<>"",AQ31*50,AR28+AR30),0) -> 0 | AQ31: =IFERROR(AD30+AG30+AK30,0) -> 0
AC32: =IF(AD25="","",IF(OR(FORMULARIO!B3<>"",FORMULARIO!B4<>"",FORMULARIO!B5<>"",FORMULARIO!B6<>"",FORMULARIO!F9<>"",FORMULARIO!B8<>""),"",IF(AN32<>"",ANEXO!D388,IF(AF26<>"","Según normativa Total dietas en T.Nacional desglosado sin pagos a terceros: en manutención "&TEXT((AR30),"#.###,00 €")&" alojamiento "&TEXT(AR28,"#.###,00 €"),"")))) | AL32: =IF(AD25="","",IF(OR(FORMULARIO!B3<>"",FORMULARIO!B4<>"",FORMULARIO!B5<>"",FORMULARIO!B6<>"",FORMULARIO!F9<>"",FORMULARIO!B8<>""),"",AN31)) | AM32: =IF(AD25="","",AO31) | AN32: =IF(AND(FORMULARIO!I57<>"",FORMULARIO!I60="SÍ"),ANEXO!D388,"")
A33: REGRESO | F33: =IF(AND(OR(E25=J25,E25=J27),B26<>"",C25<C33),E33,"") | AN33: 50 | AO33: 1500 | AP33: =IFERROR(DATEDIF(AK23,AK24,"M"),0) -> 0 | AQ33: =IFERROR(DAY(AK23),0) -> 0 | AR33: =IFERROR(DAY(AK24),0) -> 0 | AS33: =IF(AND(AP33=1,AQ33=AR33),0,IF(AR33>AQ33,AR33-AQ33,AR33)) -> 0 | AT33: =IF(AK23=AK24,AO33*AP33,AN33*AS33+(AO33*AP33)+(AU33*AN33)+(AN33*AU33)) -> 0 | AU33: =AK23-AD25 -> #VALUE! | AV33: Dia de salida
B34: >=14:00 y <=22:00 | C34: 0.58333333 | D34: 0.91666667 | E34: 1/2 Manutención | F34: =IF(ANEXO!B207<>J4,"",IF(AND(ANEXO!B207=J4,C25>=C34,C25<=D34),E34,"")) | H34: =IF(B26="",0,IF(F34<>"","1",0)) -> 0 | AC34: =IF(AD36="","",IF(OR(FORMULARIO!B3<>"",FORMULARIO!B4<>"",FORMULARIO!B5<>"",FORMULARIO!B6<>"",FORMULARIO!F9<>"",FORMULARIO!B8<>""),"","VIAJE EN TRÁNSITO DE REGRESO DIETAS EN TERRITORIO NACIONAL")) | AH34: =IF(AD36="","",IF(OR(FORMULARIO!B3<>"",FORMULARIO!B4<>"",FORMULARIO!B5<>"",FORMULARIO!B6<>"",FORMULARIO!F9<>"",FORMULARIO!B8<>""),"",FORMULARIO!C118)) | AK34: =IF(AD36="","",IF(OR(FORMULARIO!B3<>"",FORMULARIO!B4<>"",FORMULARIO!B5<>"",FORMULARIO!B6<>"",FORMULARIO!F9<>""),"",IF(FORMULARIO!C119="","",FORMULARIO!C119))) | AN34: =FORMULARIO!G112 | AU34: =AD26-AK24 -> #VALUE! | AV34: Día de regreso
B35: >22:00 | C35: 0.91666667 | D35: 1 | E35: Manutención completa cena | F35: =IF(ANEXO!B207<>J4,"",IF(AND(B26>1,ANEXO!B207=J4,C25>C29,I26="SÍ"),E35,E34)) | H35: =IF(C25=D35,0,IF(B26="",0,IF(F35="1/2 Manutención","1",0))) -> 0 | AC35: =IF(AD36="","",FORMULARIO!G112) | AE35: =IF(AD36="","",IF(AC35="","",FORMULARIO!G113)) | AH35: =IF(AD36="","",IF(OR(FORMULARIO!B3<>"",FORMULARIO!B4<>"",FORMULARIO!B5<>"",FORMULARIO!B6<>"",FORMULARIO!F9<>"",FORMULARIO!B8<>""),"",FORMULARIO!F118)) | AK35: =IF(AD36="","",IF(OR(FORMULARIO!B3<>"",FORMULARIO!B4<>"",FORMULARIO!B5<>"",FORMULARIO!B6<>"",FORMULARIO!F9<>""),"",IF(FORMULARIO!F119="","",FORMULARIO!F119))) | AN35: =FORMULARIO!G113 -> Elija la Opción ▼
A36: Manutención pernoctando | B36: =H27+H31+F36 -> 0 | C36: 1/2 Manutención | D36: =H28+H34+H35 -> 0 | E36: =H28+H34+H35 -> 0 | F36: =IF(C25=D35,0,IF(I26="SÍ",1,0)) -> 0 | AC36: =IF(AD36="","",IF(OR(FORMULARIO!B3<>"",FORMULARIO!B4<>"",FORMULARIO!B5<>"",FORMULARIO!B6<>"",FORMULARIO!F9<>"",FORMULARIO!B8<>""),"",FORMULARIO!C112)) | AD36: =IF(FORMULARIO!C113="","",FORMULARIO!C113) | AE36: =IF(AD36="","",IF(OR(FORMULARIO!B3<>"",FORMULARIO!B4<>"",FORMULARIO!B5<>"",FORMULARIO!B6<>"",FORMULARIO!F9<>""),"",IF(FORMULARIO!F113="","",FORMULARIO!F113))) | AF36: =IF(AD36="","",IF(OR(FORMULARIO!B3<>"",FORMULARIO!B4<>"",FORMULARIO!B5<>"",FORMULARIO!B6<>"",FORMULARIO!F9<>"",FORMULARIO!B8<>""),"","Total días de viaje")) | AH36: =IF(AD36="","",IF(OR(FORMULARIO!B3<>"",FORMULARIO!B4<>"",FORMULARIO!B5<>"",FORMULARIO!B6<>"",FORMULARIO!F9<>"",FORMULARIO!B8<>""),"",FORMULARIO!C120)) | AK36: =IF(AD36="","",FORMULARIO!E120) | AN36: =IF(AM39="",0,AM39) -> 0
A37: VARIOS DIAS | B37: =FORMULARIO!F113 -> 0 | C37: =FORMULARIO!F116 -> 0 | E37: =AF2 | AC37: =IF(AD36="","",IF(OR(FORMULARIO!B3<>"",FORMULARIO!B4<>"",FORMULARIO!B5<>"",FORMULARIO!B6<>"",FORMULARIO!F9<>"",FORMULARIO!B8<>""),"",FORMULARIO!C115)) | AD37: =IF(FORMULARIO!C116="","",FORMULARIO!C116) | AE37: =IF(AD36="","",IF(OR(FORMULARIO!B3<>"",FORMULARIO!B4<>"",FORMULARIO!B5<>"",FORMULARIO!B6<>"",FORMULARIO!F9<>""),"",IF(FORMULARIO!F116="","",FORMULARIO!F116))) | AF37: =IF(OR(AD36="",AD37=""),"",(AD37-AD36)+1)
A38: ESPAÑA REGRESO | B38: =IF(OR(FORMULARIO!C113="",FORMULARIO!C116=""),"",(FORMULARIO!C116-FORMULARIO!C113)+1) | E38: Junta y US | AC38: =IF(AD36="","",IF(OR(FORMULARIO!B3<>"",FORMULARIO!B4<>"",FORMULARIO!B5<>"",FORMULARIO!B6<>"",FORMULARIO!F9<>"",FORMULARIO!B8<>""),"",FORMULARIO!H116)) | AE38: =IF(AD36="","",IF(OR(FORMULARIO!B3<>"",FORMULARIO!B4<>"",FORMULARIO!B5<>"",FORMULARIO!B6<>"",FORMULARIO!F9<>""),"",IF(AC38="","",FORMULARIO!I117))) | AH38: =IF(AD36="","",IF(OR(FORMULARIO!B3<>"",FORMULARIO!B4<>"",FORMULARIO!B5<>"",FORMULARIO!B6<>"",FORMULARIO!F9<>"",FORMULARIO!B8<>""),"","noches")) | AL38: =IF(AD36="","",IF(OR(FORMULARIO!B3<>"",FORMULARIO!B4<>"",FORMULARIO!B5<>"",FORMULARIO!B6<>"",FORMULARIO!F9<>"",FORMULARIO!B8<>""),"","noches")) | AN38: decreto | AO38: factura | AP38: SUPERA
A39: SALIDA | B39: <14:00 | C39: =IF(E37=J1,O1,O3) -> 0.58333333 | E39: Manutención pernoctando | F39: =IF(AND(OR(ANEXO!B207=J1,ANEXO!B207=J3,ANEXO!B207=J6),B38>1,B25<C27),E27,IF(AND(ANEXO!B207=J5,B38>1,B37<L7),E39,"")) | H39: =IF(B38="",0,IF(F39<>"","1",0)) -> 0 | AC39: =IF(AD36="","",IF(OR(FORMULARIO!B3<>"",FORMULARIO!B4<>"",FORMULARIO!B5<>"",FORMULARIO!B6<>"",FORMULARIO!F9<>"",FORMULARIO!B8<>""),"","Alojamiento:")) | AD39: =IF(AD36="","",IF(OR(FORMULARIO!B3<>"",FORMULARIO!B4<>"",FORMULARIO!B5<>"",FORMULARIO!B6<>"",FORMULARIO!F9<>""),"","decreto/noche")) | AE39: =IF(AD36="","",IF(AI6=ANEXO!C390,ANEXO!J401,IF(AF37="","",IF(AND(AN35="SÍ",AN34<>""),ANEXO!D398,ANEXO!C398)))) | AG39: =IF(AD36="","",IF(OR(FORMULARIO!B3<>"",FORMULARIO!B4<>"",FORMULARIO!B5<>"",FORMULARIO!B6<>"",FORMULARIO!F9<>"",FORMULARIO!B8<>""),"","total factura")) | AH39: =IF(AD36="","",FORMULARIO!E123) | AI39: =IF(AD36="","",AR39) | AJ39: =IF(AD36="","",IF(AD36="","",IF(OR(FORMULARIO!B3<>"",FORMULARIO!B4<>"",FORMULARIO!B5<>"",FORMULARIO!B6<>"",FORMULARIO!F9<>"",FORMULARIO!B8<>""),"","Pagos a Terceros"))) | AL39: =IF(AD36="","",FORMULARIO!I123) | AM39: =IF(AD36="","",IF(OR(FORMULARIO!B3<>"",FORMULARIO!B4<>"",FORMULARIO!B5<>"",FORMULARIO!B6<>"",FORMULARIO!F9<>"",FORMULARIO!B8<>""),"",FORMULARIO!G123)) | AN39: =IFERROR(AE39*AH39,0) -> 0 | AO39: =FORMULARIO!C123 -> 0 | AP39: =IF(AO39>AN39,AO39-AN39,AO39) -> 0 | AQ39: alojamientos | AR39: =IFERROR(IF(AO39>AN39,AN39,AO39),0) -> 0
B40: >=14:00 Y <22:00 | C40: =IF(E37=J1,O1,O3) -> 0.58333333 | D40: 0.91666667 | E40: 1/2 Manutención | F40: =IF(AND(OR(ANEXO!B207=J1,ANEXO!B207=J3,ANEXO!B207=J6),B37>=C40,B37<=D40),E40,IF(AND(ANEXO!B207=J5,B38>1,B37>L7,B37>L8,B37<D47),E40,"")) | H40: =IF(B38="",0,IF(F40<>"","1",0)) -> 0 | AC40: =IF(AD36="","",IF(OR(FORMULARIO!B3<>"",FORMULARIO!B4<>"",FORMULARIO!B5<>"",FORMULARIO!B6<>"",FORMULARIO!F9<>"",FORMULARIO!B8<>""),"",IF(AO39>AN39,"Según decreto de dietas de alojamiento le corresponde "&TEXT((AN39)," #.###,00 €"),""))) | AG40: =IF(AD36="","",IF(OR(FORMULARIO!B3<>"",FORMULARIO!B4<>"",FORMULARIO!B5<>"",FORMULARIO!B6<>"",FORMULARIO!F9<>"",FORMULARIO!B8<>""),"",AO39))
B41: >22:00 | C41: 0.91666667 | E41: No corresponde manutención | F41: =IF(AND(OR(ANEXO!B207=J1,ANEXO!B207=J3,ANEXO!B207=J6),B25>C41),E41,IF(AND(ANEXO!B207=J5,B37>L8),E41,"")) | AC41: =IF(AD36="","",IF(OR(FORMULARIO!B3<>"",FORMULARIO!B4<>"",FORMULARIO!B5<>"",FORMULARIO!B6<>"",FORMULARIO!F9<>"",FORMULARIO!B8<>""),"","Manutención pernoctando")) | AD41: =IF(AD36="","",IF(OR(AF2=J1,AF2=J2,AF2=J3,AF2=J6),B48,IF(AND(AF2=J4,B14>1),B36,IF(AF2=J5,B48,0)))) | AE41: =IF(AD36="","",IF(OR(FORMULARIO!B3<>"",FORMULARIO!B4<>"",FORMULARIO!B5<>"",FORMULARIO!B6<>"",FORMULARIO!F9<>"",FORMULARIO!B8<>""),"",IFERROR(AD42*AD41,0))) | AF41: =IF(AD36="","","1/2 M") | AG41: =IF(AD36="","",IF(OR(ANEXO!B207=J1,ANEXO!B207=J2,ANEXO!B207=J3,ANEXO!B207=J6),D48,IF(AND(ANEXO!B207=J4,B14>1),D36,IF(ANEXO!B207=J5,D47,0)))) | AH41: =IF(AD36="","",IF(OR(FORMULARIO!B3<>"",FORMULARIO!B4<>"",FORMULARIO!B5<>"",FORMULARIO!B6<>"",FORMULARIO!F9<>"",FORMULARIO!B8<>""),"",IFERROR(AG41*AG42,0))) | AI41: =IF(AD36="","",IF(OR(FORMULARIO!B3<>"",FORMULARIO!B4<>"",FORMULARIO!B5<>"",FORMULARIO!B6<>"",FORMULARIO!F9<>"",FORMULARIO!B8<>""),"","Manutención si pernoctar")) | AK41: =IF(AD36="","",IF(OR(AF2=J1,AF2=J2,AF2=J3,AF2=J6),F48,IF(AF2=J4,0,IF(AF2=J5,F48,0)))) | AL41: =IF(AD36="","",IF(OR(FORMULARIO!B3<>"",FORMULARIO!B4<>"",FORMULARIO!B5<>"",FORMULARIO!B6<>"",FORMULARIO!F9<>""),"",AQ41)) | AN41: DIETAS | AO41: =IFERROR(AD41*AD42,0) -> 0 | AP41: =IFERROR(AG41*AG42,0) -> 0 | AQ41: =IFERROR(AK41*AK42,0) -> 0 | AR41: =IFERROR(SUM(AO41+AP41+AQ41),0) -> 0 | AS41: DIETAS
AD42: =IF(AD36="","",IF(AI6=ANEXO!C390,ANEXO!E401,IF(AF37="","",IF(AK36="SÍ",0,IF(AND(AN34<>"",AN35="SÍ"),ANEXO!F398,ANEXO!E398))))) | AG42: =IF(AD36="","",IF(AI6=ANEXO!C390,ANEXO!C401,IF(AF37="","",IF(AK36="SÍ",0,(IF(AND(AN34<>"",AN35="SÍ"),ANEXO!G398,ANEXO!H398)))))) | AK42: =IF(AD36="","",IF(AF37="","",IF(AK36="SÍ",0,ANEXO!I398))) | AN42: TOTAL | AO42: =IF(OR(FORMULARIO!B3<>"",FORMULARIO!B4<>"",FORMULARIO!B5<>"",FORMULARIO!B6<>"",FORMULARIO!F9<>""),"",IFERROR(AR41+AR39,0)) | AP42: =IFERROR(AR41+AR39,0) -> 0 | AQ42: =IFERROR(AD41+AG41+AK41,0) -> 0
A43: DIAS INTERMEDIOS | E43: Manutención pernoctando | F43: =IF(AND(OR(ANEXO!B207=J1,ANEXO!B207=J3,ANEXO!B207=J6,ANEXO!B207=J5),B38>1),E43,"") | H43: =IFERROR(IF(B38="",0,IF(F43="",0,B38-2)),0) -> 0 | AC43: =IF(AD36="","",IF(OR(FORMULARIO!B3<>"",FORMULARIO!B4<>"",FORMULARIO!B5<>"",FORMULARIO!B6<>"",FORMULARIO!F9<>"",FORMULARIO!B8<>""),"",IF(AF37<>"","Según normativa Total dietas en T.Nacional desglosado sin pagos a terceros: en manutención "&TEXT((AR41),"#.###,00 €")&" alojamiento "&TEXT(AR39,"#.###,00 €"),""))) | AL43: =IF(AD36="","",IF(OR(FORMULARIO!B3<>"",FORMULARIO!B4<>"",FORMULARIO!B5<>"",FORMULARIO!B6<>"",FORMULARIO!F9<>"",FORMULARIO!B8<>""),"",AN42)) | AM43: =IF(AD36="","",AO42)
A45: REGRESO | B45: <15:00 | C45: =IF(E37=J1,P1,P3) -> 0.625 | E45: No corresponde manutención | F45: =IF(AND(OR(ANEXO!B207=J1,ANEXO!B207=J3,ANEXO!B207=J6,ANEXO!B207=J5),B38<>"",C37<C45),E45,"") | AC45: =IF(AD47="","",IF(OR(FORMULARIO!B3<>"",FORMULARIO!B4<>"",FORMULARIO!B5<>"",FORMULARIO!B6<>"",FORMULARIO!F9<>"",FORMULARIO!B8<>""),"","DIETAS EN EL PRIMER PAÍS EXTRANJERO ")) | AF45: =IF(AD47="","",IFERROR(FORMULARIO!H68,"")) | AH45: =IF(AD47="","",IF(OR(FORMULARIO!B3<>"",FORMULARIO!B4<>"",FORMULARIO!B5<>"",FORMULARIO!B6<>"",FORMULARIO!F9<>"",FORMULARIO!B8<>""),"",FORMULARIO!D68)) | AK45: =IF(AD47="","",IF(FORMULARIO!D69="","",FORMULARIO!D69)) | AN45: =F63
B46: >15:00 Y < =22:00 | C46: =IF(E37=J1,P1,P3) -> 0.625 | D46: 0.91666667 | E46: 1/2 Manutención | F46: =IF(AND(OR(ANEXO!B207=J1,ANEXO!B207=J3,ANEXO!B207=J6),B38>1,C37>C46,C37<=D46),E46,IF(AND(ANEXO!B207=J5,B38>1,C37>L7,C37<L8),E46,"")) | H46: =IF(B38="",0,IF(F46<>"","1",0)) -> 0 | AH46: =IF(AD47="","",IF(OR(FORMULARIO!B3<>"",FORMULARIO!B4<>"",FORMULARIO!B5<>"",FORMULARIO!B6<>"",FORMULARIO!F9<>"",FORMULARIO!B8<>""),"",FORMULARIO!D71)) | AK46: =IF(AD47="","",IF(FORMULARIO!D72="","",FORMULARIO!D72)) | AN46: =IF(AM50="",0,AM50) -> 0 | AP46: =IF(FORMULARIO!H69<>"",ANEXO!D389,"")
B47: >22:00 | C47: 0.91666667 | D47: 1 | E47: Manutención sin pernoctar | F47: =IF(AND(OR(ANEXO!B207=J1,ANEXO!B207=J3,ANEXO!B207=J6),B38<>"",C37>C47,C37<D47),E47,IF(AND(ANEXO!B207=J5,B38>1,C37>L8),E39,"")) | H47: =IF(B38="",0,IF(F47<>"","1",0)) -> 0 | AC47: =IF(AD47="","",IF(OR(FORMULARIO!B3<>"",FORMULARIO!B4<>"",FORMULARIO!B5<>"",FORMULARIO!B6<>"",FORMULARIO!F9<>"",FORMULARIO!B8<>""),"",FORMULARIO!C68)) | AD47: =IF(FORMULARIO!C69="","",FORMULARIO!C69) | AE47: =IF(AD47="","",IF(FORMULARIO!F69="","",FORMULARIO!F69)) | AF47: =IF(AD47="","",IF(OR(FORMULARIO!B3<>"",FORMULARIO!B4<>"",FORMULARIO!B5<>"",FORMULARIO!B6<>"",FORMULARIO!F9<>"",FORMULARIO!B8<>""),"","Total días de viaje ")) | AH47: =IF(AD47="","",IF(OR(FORMULARIO!B3<>"",FORMULARIO!B4<>"",FORMULARIO!B5<>"",FORMULARIO!B6<>"",FORMULARIO!F9<>"",FORMULARIO!B8<>""),"",FORMULARIO!F75)) | AL47: =IF(AD47="","",FORMULARIO!I75)
A48: Manutención pernoctando | B48: =H39+H43 -> 0 | C48: 1/2 Manut | D48: =H40+H46 -> 0 | E48: Manutención sin pernoctar | F48: =H47 -> 0 | AC48: =IF(AD47="","",IF(OR(FORMULARIO!B3<>"",FORMULARIO!B4<>"",FORMULARIO!B5<>"",FORMULARIO!B6<>"",FORMULARIO!F9<>"",FORMULARIO!B8<>""),"",FORMULARIO!C71)) | AD48: =IF(FORMULARIO!C72="","",FORMULARIO!C72) | AE48: =IF(AD47="","",IF(FORMULARIO!F72="","",FORMULARIO!F72)) | AF48: =IF(AD47="","",IF(OR(AD47="",AD48=""),"",(AD48-AD47)+1)) | AH48: =IF(AD47="","",FORMULARIO!C75) | AL48: =IF(AD47="","",IF(AH48="","",FORMULARIO!E75))
A49: UN DÍA | B49: =FORMULARIO!F54 -> 0 | C49: =FORMULARIO!F57 -> 0 | E49: =AF2 | AC49: =IF(AD47="","",IF(AND(O22="",AF2=J1),"",IF(AND(AE48<D72,AF2=J1),FORMULARIO!C74,""))) | AE49: =IF(AD47="","",IF(AC49="","",IF(AND(AD47<>"",AF2=J1,FORMULARIO!F74<'LIQUIDACIÓN-GASTOS'!D72),FORMULARIO!F74,IF(AF2=J4,FORMULARIO!E75)))) | AH49: =IF(AD47="","",IF(OR(FORMULARIO!B3<>"",FORMULARIO!B4<>"",FORMULARIO!B5<>"",FORMULARIO!B6<>"",FORMULARIO!F9<>"",FORMULARIO!B8<>""),"","noches")) | AL49: =IF(AD47="","",IF(OR(FORMULARIO!B3<>"",FORMULARIO!B4<>"",FORMULARIO!B5<>"",FORMULARIO!B6<>"",FORMULARIO!F9<>"",FORMULARIO!B8<>""),"","noches"))
A50: ESPAÑA IDA | B50: =IF(OR(FORMULARIO!C54="",FORMULARIO!C57=""),"",(FORMULARIO!C57-FORMULARIO!C54)+1) | E50: Ministerio | F50: =C49-B49 -> 0 | H50: 0.20833333 | I50: =IF(AND(AF2=J4,B50=1),0,"") | AC50: =IF(AD47="","",IF(OR(FORMULARIO!B3<>"",FORMULARIO!B4<>"",FORMULARIO!B5<>"",FORMULARIO!B6<>"",FORMULARIO!F9<>"",FORMULARIO!B8<>""),"","Alojamiento:")) | AD50: =IF(AD47="","",IF(OR(FORMULARIO!B3<>"",FORMULARIO!B4<>"",FORMULARIO!B5<>"",FORMULARIO!B6<>"",FORMULARIO!F9<>"",FORMULARIO!B8<>""),"","decreto/noche")) | AE50: =IF(AD47="","",IFERROR(VLOOKUP(AF45,ANEXO!A210:G387,3,0),"")) | AG50: =IF(AD47="","",IF(OR(FORMULARIO!B3<>"",FORMULARIO!B4<>"",FORMULARIO!B5<>"",FORMULARIO!B6<>"",FORMULARIO!F9<>"",FORMULARIO!B8<>""),"","total factura")) | AH50: =IF(AD47="","",FORMULARIO!F78) | AI50: =IF(AD47="","",AR51) | AJ50: =IF(AD47="","",IF(OR(FORMULARIO!B3<>"",FORMULARIO!B4<>"",FORMULARIO!B5<>"",FORMULARIO!B6<>"",FORMULARIO!F9<>"",FORMULARIO!B8<>""),"","Pagos a Terceros")) | AL50: =IF(AD47="","",IF(OR(FORMULARIO!B3<>"",FORMULARIO!B4<>"",FORMULARIO!B5<>"",FORMULARIO!B6<>"",FORMULARIO!F9<>"",FORMULARIO!B8<>""),"",FORMULARIO!I78)) | AM50: =IF(AD47="","",IF(OR(FORMULARIO!B3<>"",FORMULARIO!B4<>"",FORMULARIO!B5<>"",FORMULARIO!B6<>"",FORMULARIO!F9<>"",FORMULARIO!B8<>""),"",FORMULARIO!G78)) | AN50: decreto | AO50: factura | AP50: supera
A51: UN DIA | F51: =IF(E49<>J28,"",IF(AND(E49=J28,B49<=C51),E51,"")) -> 0 | H51: =IF(B50="",0,IF(F51<>"","1",0)) -> 0 | AC51: =IF(AD47="","",IF(OR(FORMULARIO!B3<>"",FORMULARIO!B4<>"",FORMULARIO!B5<>"",FORMULARIO!B6<>"",FORMULARIO!F9<>"",FORMULARIO!B8<>""),"",IFERROR(IF(AO51>AN51,"Según decreto de dietas le corresponde"&TEXT((AN51)," #.###,00 €"),""),""))) | AG51: =IF(AD47="","",IF(OR(FORMULARIO!B3<>"",FORMULARIO!B4<>"",FORMULARIO!B5<>"",FORMULARIO!B6<>"",FORMULARIO!F9<>"",FORMULARIO!B8<>""),"",AO51)) | AN51: =IFERROR(AE50*AH50,0) -> 0 | AO51: =FORMULARIO!C78 -> 0 | AP51: =IF(AO51>AN51,AO51-AN51,AO51) -> 0 | AQ51: alojamiento | AR51: =IFERROR(IF(AO51>AN51,AN51,AO51),0) -> 0
B52: >14:00 Y <22:00 | C52: 0.58333333 | D52: 0.66666667 | E52: 1/2 Manutención | F52: =IF(AND(ANEXO!B207=J4,B50=1,F50>H50,B49<C49>D52),E52,"") | H52: =IF(B50="",0,IF(F52<>"","1",0)) -> 0 | AC52: =IF(AD47="","",IF(OR(FORMULARIO!B3<>"",FORMULARIO!B4<>"",FORMULARIO!B5<>"",FORMULARIO!B6<>"",FORMULARIO!F9<>"",FORMULARIO!B8<>""),"","Manutención pernoctando")) | AD52: =IF(AD47="","",IF(OR(ANEXO!B207=J1,ANEXO!B207=J2,ANEXO!B207=J3,ANEXO!B207=J5),B73,IF(ANEXO!B207=J4,K73,0))) | AE52: =IF(AD47="","",IF(OR(FORMULARIO!B3<>"",FORMULARIO!B4<>"",FORMULARIO!B5<>"",FORMULARIO!B6<>"",FORMULARIO!F9<>"",FORMULARIO!B8<>""),"",AO52)) | AF52: =IF(AD47="","","1/2 M") | AG52: =IF(AD47="","",IF(OR(ANEXO!B207=J1,ANEXO!B207=J2,ANEXO!B207=J3,ANEXO!B207=J5),D73,IF(ANEXO!B207=J4,M73,0))) | AH52: =IF(AD47="","",IF(OR(FORMULARIO!B3<>"",FORMULARIO!B4<>"",FORMULARIO!B5<>"",FORMULARIO!B6<>"",FORMULARIO!F9<>"",FORMULARIO!B8<>""),"",AP52)) | AI52: =IF(AD47="","",IF(OR(FORMULARIO!B3<>"",FORMULARIO!B4<>"",FORMULARIO!B5<>"",FORMULARIO!B6<>"",FORMULARIO!F9<>"",FORMULARIO!B8<>""),"","1/2 M.EXTR.")) | AJ52: =IF(AD47="","",IFERROR(IF(OR(ANEXO!B207=J1,ANEXO!B207=J2),I71,0),"")) | AK52: =IF(AD47="","",IF(OR(FORMULARIO!B3<>"",FORMULARIO!B4<>"",FORMULARIO!B5<>"",FORMULARIO!B6<>"",FORMULARIO!F9<>"",FORMULARIO!B8<>""),"",AQ52)) | AL52: =IF(AD47="","",IF(OR(FORMULARIO!B3<>"",FORMULARIO!B4<>"",FORMULARIO!B5<>"",FORMULARIO!B6<>"",FORMULARIO!F9<>"",FORMULARIO!B8<>""),"","sin.pernoctar")) | AM52: =IF(AD47="","",IFERROR(IF(OR(ANEXO!B207=J1,ANEXO!B207=J2,ANEXO!B207=J3),H72,0),"")) | AN52: DIETAS | AO52: =IFERROR(AD52*AD53,0) -> 0 | AP52: =IFERROR(AG52*AG53,0) -> 0 | AQ52: =IFERROR(AJ52*AJ53,0) -> 0 | AR52: =IFERROR(AM52*AM53,0) -> 0 | AS52: =IFERROR(AO52+AP52+AQ52+AR52,0) -> 0 | AT52: DIETAS
AD53: =IF(AD47="","",IFERROR(IF(AN55<>"",0,IF(AL47="SÍ",0,VLOOKUP(AF45,ANEXO!A210:G387,4,0))),0)) | AG53: =IF(AD47="","",IFERROR(IF(AN55<>"",0,IF(AL47="SÍ",0,VLOOKUP(AF45,ANEXO!A210:G387,6,0))),0)) | AJ53: =IF(AD47="","",IF(AI6=ANEXO!I207,0,IFERROR(IF(AN55<>"",0,IF(AL47="SÍ",0,VLOOKUP(AF45,ANEXO!A210:G387,7,0))),0))) | AL53: =IF(AD47="","",IF(OR(FORMULARIO!B3<>"",FORMULARIO!B4<>"",FORMULARIO!B5<>"",FORMULARIO!B6<>"",FORMULARIO!F9<>""),"",AR52)) | AM53: =IF(AD47="","",IFERROR(IF(AN55<>"",0,IF(AL47="SÍ",0,IF(AR54>0,0,(VLOOKUP(AF45,ANEXO!A210:G387,5,0))))),0)) | AN53: 65 | AO53: 1950 | AP53: =IFERROR(DATEDIF(AK45,AK46,"M"),0) -> 0 | AQ53: =IFERROR(DAY(AK45),0) -> 0 | AR53: =IFERROR(DAY(AK46),0) -> 0 | AS53: =IF(AND(AP53=3,AQ53=AR53),0,IF(AR53>AQ53,AR53-AQ53,AR53)) -> 0 | AT53: =IF(AK45=AK46,AO53*AP53,AN53*AS53+(AO53*AP53)+(AN53*AU53)+AN53*AU54) -> 0 | AU53: =AK45-AD47 -> #VALUE! | AV53: Dias de salida
E54: 1/2 Manutención | F54: =H52 -> 0 | AC54: =IF(AD47="","",IFERROR(IF(AN55<>"",ANEXO!D389,IF(AND(ANEXO!B404=ANEXO!AX3,ANEXO!F404>0),"Según convocatoria del proyecto las dietas en este país extranjero incluyendo alojamiento más manutención son de €/día "&TEXT(ANEXO!D404,"#.###,00 €"),IF(AF48<>0,"Según normativa Total dietas en el extranjero desglosado sin pagos a terceros:en manutención "&TEXT((AS52),"#.###,00 €")&" alojamiento "&TEXT(AR51,"#.###,00 €"),""))),0)) | AL54: =IF(AD47="","",IF(OR(FORMULARIO!B3<>"",FORMULARIO!B4<>"",FORMULARIO!B5<>"",FORMULARIO!B6<>"",FORMULARIO!F9<>"",FORMULARIO!B8<>""),"","TOTAL")) | AM54: =IF(AD47="","",AO54) | AN54: TOTAL | AO54: =IF(OR(FORMULARIO!B3<>"",FORMULARIO!B4<>"",FORMULARIO!B5<>"",FORMULARIO!B6<>"",FORMULARIO!F9<>""),"",IFERROR(IF(AN55<>"",AT53,AR51+AS52+AR54),0)) | AP54: =IFERROR(AR51+AS52+AR54,0) -> 0 | AQ54: =IFERROR(AD52+AG52+AJ52+AM52,0) -> 0 | AR54: =ANEXO!F404 -> 0 | AU54: =AD48-AK46 -> #VALUE! | AV54: dia de regreso
A55: UN DÍA | B55: =FORMULARIO!F54 -> 0 | C55: =FORMULARIO!F57 -> 0 | D55: =FORMULARIO!C5414/1 -> 0 | E55: =AF2 | AN55: =IF(AND(FORMULARIO!H69<>"",FORMULARIO!H71="SÍ"),ANEXO!D389,"")
A56: ESPAÑA IDA | B56: =IF(OR(FORMULARIO!C54="",FORMULARIO!C57=""),"",(FORMULARIO!C57-FORMULARIO!C54)+1) | E56: Junta y US | F56: =C55-B55 -> 0 | H56: 0.20833333 | J56: =IF(AD25="","",IF(AND(ANEXO!B207=J4,B50=1),0,IF(AND(ANEXO!B207=J4,B14>1),B24,IF(AND(ANEXO!B207=J5),B111,0)))) | AC56: =IF(AD58="","",IF(OR(FORMULARIO!B3<>"",FORMULARIO!B4<>"",FORMULARIO!B5<>"",FORMULARIO!B6<>"",FORMULARIO!F9<>"",FORMULARIO!B8<>""),"","DIETAS EN EL SEGUNDO PAÍS EXTRANJERO")) | AF56: =IF(AD58="","",FORMULARIO!H143) | AH56: =IF(AD58="","",IF(OR(FORMULARIO!B3<>"",FORMULARIO!B4<>"",FORMULARIO!B5<>"",FORMULARIO!B6<>"",FORMULARIO!F9<>"",FORMULARIO!B8<>""),"",FORMULARIO!C143)) | AK56: =IF(AD58="","",IF(FORMULARIO!C144="","",FORMULARIO!C144)) | AN56: =O75
A57: UN DIA | C57: 0.625 | F57: =IF(E55<>J34,"",IF(AND(E55=J34,B55<=C57),E57,"")) -> 0 | H57: =IF(F57<>"","1","") -> 1 | AH57: =IF(AD58="","",IF(OR(FORMULARIO!B3<>"",FORMULARIO!B4<>"",FORMULARIO!B5<>"",FORMULARIO!B6<>"",FORMULARIO!F9<>"",FORMULARIO!B8<>""),"",FORMULARIO!F143)) | AK57: =IF(AD58="","",IF(FORMULARIO!F144="","",FORMULARIO!F144)) | AN57: =IF(AF2=J4,"",P75)
B58: <14:00 | C58: =IF(E55=J1,O1,O3) -> 0.58333333 | D58: 0.91666667 | E58: Manutención sin pernoctar | F58: =IF(AND(OR(ANEXO!B207=J1,ANEXO!B207=J3,ANEXO!B207=J6),B56=1,B55<C58,C49>D58),E58,"") | H58: =IF(B56="",0,IF(F58<>"","1",0)) -> 0 | AC58: =IF(AD58="","",IF(OR(FORMULARIO!B3<>"",FORMULARIO!B4<>"",FORMULARIO!B5<>"",FORMULARIO!B6<>"",FORMULARIO!F9<>"",FORMULARIO!B8<>""),"",FORMULARIO!C146)) | AD58: =IF(FORMULARIO!C147="","",FORMULARIO!C147) | AE58: =IF(AD58="","",IF(FORMULARIO!F147="","",FORMULARIO!F147)) | AF58: =IF(AD58="","",IF(OR(FORMULARIO!B3<>"",FORMULARIO!B4<>"",FORMULARIO!B5<>"",FORMULARIO!B6<>"",FORMULARIO!F9<>"",FORMULARIO!B8<>""),"","Total días de viaje")) | AH58: =IF(AD58="","",IF(OR(FORMULARIO!B3<>"",FORMULARIO!B4<>"",FORMULARIO!B5<>"",FORMULARIO!B6<>"",FORMULARIO!F9<>"",FORMULARIO!B8<>""),"",FORMULARIO!C153)) | AL58: =IF(AD58="","",FORMULARIO!F153) | AN58: =IF(AM61="",0,AM61) -> 0
B59: <14:00 y > 15:00 y >22:00 | C59: =IF(E55=J1,O1,O3) -> 0.58333333 | D59: 0.91666667 | E59: 1/2 Manutención | F59: =IF(AND(OR(ANEXO!B207=J3,ANEXO!B207=J6,ANEXO!B207=J1),B56=1,B55<C59,C55>C57,C55<=D59),E59,"") | H59: =IF(B56="",0,IF(F59<>"","1",0)) -> 0 | I59: =IF(AND(OR(E55=J3,E55=J1),B56=1,B55<C58,C55>C57,C55>D58),E59,"") | AC59: =IF(AD58="","",IF(OR(FORMULARIO!B3<>"",FORMULARIO!B4<>"",FORMULARIO!B5<>"",FORMULARIO!B6<>"",FORMULARIO!F9<>"",FORMULARIO!B8<>""),"",FORMULARIO!C149)) | AD59: =IF(FORMULARIO!C150="","",FORMULARIO!C150) | AE59: =IF(AD58="","",IF(FORMULARIO!F150="","",FORMULARIO!F150)) | AF59: =IF(AD58="","",IF(OR(FORMULARIO!B3<>"",FORMULARIO!B4<>"",FORMULARIO!B5<>"",FORMULARIO!B6<>"",FORMULARIO!F9<>""),"",IF(OR(AD58="",AD59=""),"",(AD59-AD58)+1))) | AH59: =IF(AD58="","",FORMULARIO!C151) | AL59: =IF(AD58="","",IF(AH59="","",FORMULARIO!F151))
B60: >14:00>22:00 | C60: 0.58333333 | D60: 0.91666667 | E60: 1/2 Manutención | F60: =IF(AND(OR(ANEXO!B207=J3,ANEXO!B207=J6,ANEXO!B207=J1),B56=1,B55>C60,C55>D60),E61,"") | H60: =IF(B56="",0,IF(F60<>"","1",0)) -> 0 | AC60: =IF(AD58="","",IF(AND(O23="",AF2=J1),"",IF(AND(AE59<M96,AF2=J1),"Hora de salida del extranjero;",""))) | AE60: =IF(AD58="","",IF(AC60="","",IF(AC60="","",IF(AN57="","",AN57)))) | AH60: =IF(AD58="","",IF(OR(FORMULARIO!B3<>"",FORMULARIO!B4<>"",FORMULARIO!B5<>"",FORMULARIO!B6<>"",FORMULARIO!F9<>"",FORMULARIO!B8<>""),"","noches")) | AL60: =IF(AD58="","",IF(OR(FORMULARIO!B3<>"",FORMULARIO!B4<>"",FORMULARIO!B5<>"",FORMULARIO!B6<>"",FORMULARIO!F9<>"",FORMULARIO!B8<>""),"","noches")) | AN60: decreto | AO60: factura | AP60: supera
A61: Manutención sin pernoctar | B61: =H58 -> 0 | E61: 1/2 Manutención | F61: =H59+H60 -> 0 | AC61: =IF(AD58="","",IF(OR(FORMULARIO!B3<>"",FORMULARIO!B4<>"",FORMULARIO!B5<>"",FORMULARIO!B6<>"",FORMULARIO!F9<>"",FORMULARIO!B8<>""),"","Alojamiento:")) | AD61: =IF(AD58="","",IF(OR(FORMULARIO!B3<>"",FORMULARIO!B4<>"",FORMULARIO!B5<>"",FORMULARIO!B6<>"",FORMULARIO!F9<>""),"","decreto/noche")) | AE61: =IF(AD58="","",IFERROR(VLOOKUP(AF56,ANEXO!A210:G387,3,0),"")) | AG61: =IF(AD58="","",IF(OR(FORMULARIO!B3<>"",FORMULARIO!B4<>"",FORMULARIO!B5<>"",FORMULARIO!B6<>"",FORMULARIO!F9<>"",FORMULARIO!B8<>""),"","total factura")) | AH61: =IF(AD58="","",FORMULARIO!F156) | AI61: =IF(AD58="","",AR61) | AJ61: =IF(AD58="","",IF(OR(FORMULARIO!B3<>"",FORMULARIO!B4<>"",FORMULARIO!B5<>"",FORMULARIO!B6<>"",FORMULARIO!F9<>"",FORMULARIO!B8<>""),""," Pagos a Terceros")) | AL61: =IF(AD58="","",IF(OR(FORMULARIO!B3<>"",FORMULARIO!B4<>"",FORMULARIO!B5<>"",FORMULARIO!B6<>"",FORMULARIO!F9<>"",FORMULARIO!B8<>""),"",FORMULARIO!I156)) | AM61: =IF(AD58="","",IF(OR(FORMULARIO!B3<>"",FORMULARIO!B4<>"",FORMULARIO!B5<>"",FORMULARIO!B6<>"",FORMULARIO!F9<>"",FORMULARIO!B8<>""),"",FORMULARIO!G156)) | AN61: =IFERROR(AE61*AH61,0) -> 0 | AO61: =FORMULARIO!C156 -> 0 | AP61: =IF(AO61>AN61,AO61-AN61,AO61) -> 0 | AQ61: Alojamiento | AR61: =IFERROR(IF(AO61>AN61,AN61,AO61),0) -> 0
A62: VARIOS DIAS | B62: =FORMULARIO!F69 -> 0 | C62: =FORMULARIO!F72 -> 0 | E62: =AF2 | I62: =ANEXO!B207 -> BORRADOR | J62: VARIOS DIAS | K62: =FORMULARIO!F69 -> 0 | L62: =FORMULARIO!F72 -> 0 | N62: =AF2 | AC62: =IF(AD58="","",IF(OR(FORMULARIO!B3<>"",FORMULARIO!B4<>"",FORMULARIO!B5<>"",FORMULARIO!B6<>"",FORMULARIO!F9<>"",FORMULARIO!B8<>""),"",IFERROR(IF(AO61>AN61,"Según decreto de dietas le corresponde"&TEXT((AN61)," #.###,00 €"),""),""))) | AG62: =IF(AD58="","",IF(OR(FORMULARIO!B3<>"",FORMULARIO!B4<>"",FORMULARIO!B5<>"",FORMULARIO!B6<>"",FORMULARIO!F9<>"",FORMULARIO!B8<>""),"",AO61))
A63: 1º PAIS EXTRANJERO | B63: =IF(OR(FORMULARIO!C69="",FORMULARIO!C72=""),"",(FORMULARIO!C72-FORMULARIO!C69)+1) | E63: Junta y US | F63: =O22 | H63: =FORMULARIO!F74 -> 0 | I63: =FORMULARIO!G73 | J63: 1º PAIS EXTRANJERO | K63: =IF(OR(FORMULARIO!C69="",FORMULARIO!C72=""),"",(FORMULARIO!C72-FORMULARIO!C69)+1) | N63: Ministerio | O63: =FORMULARIO!C75 | P63: =IF(AND(FORMULARIO!E75="SÍ",M14<>""),"SÍ","NO") -> NO | AC63: =IF(AD58="","",IF(OR(FORMULARIO!B3<>"",FORMULARIO!B4<>"",FORMULARIO!B5<>"",FORMULARIO!B6<>"",FORMULARIO!F9<>"",FORMULARIO!B8<>""),"","Manutención: pernoctando")) | AD63: =IF(AD58="","",IF(OR(ANEXO!B207=J1,ANEXO!B207=J2,ANEXO!B207=J3,ANEXO!B207=J5),K85,IF(ANEXO!B207=J4,B85,0))) | AE63: =IF(AD58="","",IF(OR(FORMULARIO!B3<>"",FORMULARIO!B4<>"",FORMULARIO!B5<>"",FORMULARIO!B6<>"",FORMULARIO!F9<>"",FORMULARIO!B8<>""),"",AO63)) | AF63: =IF(AD58="","","1/2 M") | AG63: =IF(AD58="","",IF(OR(ANEXO!B207=J1,ANEXO!B207=J2,ANEXO!B207=J3,ANEXO!B207=J5),M85,IF(ANEXO!B207=J4,D85,0))) | AH63: =IF(AD58="","",IF(OR(FORMULARIO!B3<>"",FORMULARIO!B4<>"",FORMULARIO!B5<>"",FORMULARIO!B6<>"",FORMULARIO!F9<>"",FORMULARIO!B8<>""),"",AP63)) | AI63: =IF(AD58="","",IF(OR(FORMULARIO!B3<>"",FORMULARIO!B4<>"",FORMULARIO!B5<>"",FORMULARIO!B6<>"",FORMULARIO!F9<>"",FORMULARIO!B8<>""),"","1/2 M.EXTR.")) | AJ63: =IF(AD58="","",IFERROR(IF(OR(AF2=J1,AF2=J2,AF2=J3),Q83,0),"")) | AK63: =IF(AD58="","",IF(OR(FORMULARIO!B3<>"",FORMULARIO!B4<>"",FORMULARIO!B5<>"",FORMULARIO!B6<>"",FORMULARIO!F9<>"",FORMULARIO!B8<>""),"",AQ63)) | AL63: =IF(AD58="","",IF(OR(FORMULARIO!B3<>"",FORMULARIO!B4<>"",FORMULARIO!B5<>"",FORMULARIO!B6<>"",FORMULARIO!F9<>"",FORMULARIO!B8<>""),"","sin.pernoctar")) | AM63: =IF(AD58="","",IFERROR(IF(OR(AF2=J1,AF2=J2,AF2=J3,AF2=J5),O85,0),"")) | AN63: DIETAS | AO63: =IFERROR(AD63*AD64,0) -> 0 | AP63: =IFERROR(AG63*AG64,0) -> 0 | AQ63: =IFERROR(AJ63*AJ64,0) -> 0 | AR63: =IFERROR(AM63*AM64,0) -> 0 | AS63: =IFERROR(AO63+AP63+AQ63+AR63,0) -> 0 | AT63: DIETAS
A64: SALIDA | B64: <14:00 | C64: =IF(E62=J1,O1,O3) -> 0.58333333 | E64: Manutención pernoctando | F64: =IF(AND(OR(ANEXO!B207=J1,ANEXO!B207=J3),B63>1,B62<C64),E64,IF(AND(ANEXO!B207=J5,B63>1,B62<L7),E64,"")) | H64: =IF(B63="",0,IF(F64<>"","1",0)) -> 0 | J64: SALIDA | K64: <14:00 | L64: 0.58333333 | N64: Manutención pernoctando | O64: =IF(AND(N62=J4,K63>1,K62<L64),N64,"") | P64: =IF(K63="",0,IF(O64<>"","1",0)) -> 0 | AD64: =IF(AD58="","",IFERROR(IF(AN66<>"",0,IF(AL58="SÍ",0,(VLOOKUP(AF56,ANEXO!A210:G387,4,0)))),0)) | AG64: =IF(AD58="","",IFERROR(IF(AN66<>"",0,IF(AL58="SÍ",0,(VLOOKUP(AF56,ANEXO!A210:G387,6,0)))),0)) | AJ64: =IF(AD58="","",IFERROR(IF(AN66<>"",0,IF(AL58="SÍ",0,(VLOOKUP(AF56,ANEXO!A210:G387,7,0)))),0)) | AL64: =IF(AD58="","",IF(OR(FORMULARIO!B3<>"",FORMULARIO!B4<>"",FORMULARIO!B5<>"",FORMULARIO!B6<>"",FORMULARIO!F9<>"",FORMULARIO!B8<>""),"",AR63)) | AM64: =IF(AD58="","",IFERROR(IF(AN66<>"",0,IF(AL58="SÍ",0,(VLOOKUP(AF56,ANEXO!A210:G387,5,0)))),0)) | AN64: 65 | AO64: 1950 | AP64: =IFERROR(DATEDIF(AK56,AK57,"M"),0) -> 0 | AQ64: =IFERROR(DAY(AK56),0) -> 0 | AR64: =IFERROR(DAY(AK57),0) -> 0 | AS64: =IF(AND(AP64=3,AQ64=AR64),0,IF(AR64>AQ64,AR64-AQ64,AR64)) -> 0 | AT64: =IF(AK56=AK57,AO64*AP643,AO64*AP64+(AS64*AN64)+(AN64*AU64)+(AN64*AU65)) -> 0 | AU64: =IFERROR(AK56-AD58,0) -> 0 | AV64: DIA DE SALIDA
B65: >=14:00 Y <22:00 | C65: =IF(E62=J1,O1,O3) -> 0.58333333 | D65: 0.91666667 | E65: 1/2 Manutención | F65: =IF(AND(OR(ANEXO!B207=J1,ANEXO!B207=J3),B63>1,B62>=C65,B62<D65),E65,IF(AND(ANEXO!B207=J5,B63>1,B62>L7,B62<=L8),E65,"")) | H65: =IF(B63="",0,IF(F65<>"","1",0)) -> 0 | K65: >=14:00 Y <=22:00 | L65: 0.58333333 | M65: 0.91666667 | N65: 1/2 Manutención | O65: =IF(AND(N62=J4,K63>1,K62>=L65,K62<=M65),N65,"") | P65: =IF(K63="",0,IF(O65<>"","1",0)) -> 0 | AC65: =IF(AD58="","",IF(AN66<>"",ANEXO!D389,IF(AND(ANEXO!B404=ANEXO!AX3,ANEXO!F405>0),"Según convocatoria del proyecto las dietas en este país extranjero incluyendo alojamiento más manutención son de €/día "&TEXT(ANEXO!D405,"#.###,00 €"),IF(AF59<>"","Según normativa Total dietas en el extrajero desglosado sin pagos a terceros: en manutención "&TEXT((AS63),"#.###,00 €")&" alojamiento "&TEXT(AR62,"#.###,00 €"),"")))) | AL65: =IF(AD58="","",IF(OR(FORMULARIO!B3<>"",FORMULARIO!B4<>"",FORMULARIO!B5<>"",FORMULARIO!B6<>"",FORMULARIO!F9<>"",FORMULARIO!B8<>""),"","TOTAL")) | AM65: =IF(AD58="","",AO65) | AN65: TOTAL | AO65: =IF(OR(FORMULARIO!B3<>"",FORMULARIO!B4<>"",FORMULARIO!B5<>"",FORMULARIO!B6<>"",FORMULARIO!F9<>""),"",IFERROR(IF(AN66<>"",AT64,AR61+AS63+AR65),0)) | AP65: =IFERROR(AR61+AS63+AR65,0) -> 0 | AQ65: =IFERROR(AD63+AG63+AJ63+AM63,0) -> 0 | AR65: =ANEXO!F405 -> 0 | AU65: =IFERROR(AD59-AK57,0) -> 0 | AV65: DIA DE REGRESO
B66: >22:00 | C66: 0.91666667 | E66: No corresponde manutención | F66: =IF(AND(OR(ANEXO!B207=J1,ANEXO!B207=J3),B63>1,B62>C66),E66,IF(AND(ANEXO!B207=J5,B63>1,B62>L8),E66,"")) | K66: >22:00 | L66: 0.91666667 | N66: No corresponde manutención | O66: =IF(AND(N62=J4,K63>1,K62>L66),N66,"") | P66: =IF(O66<>"","1",0) -> 0 | AN66: =IF(AND(FORMULARIO!H144<>"",FORMULARIO!H146="SÍ"),ANEXO!D389,"")
AC67: =IF(AD69="","",IF(OR(FORMULARIO!B3<>"",FORMULARIO!B4<>"",FORMULARIO!B5<>"",FORMULARIO!B6<>"",FORMULARIO!F9<>"",FORMULARIO!B8<>""),"","DIETAS EN EL TERCER PAÍS EXTRANJERO")) | AF67: =IF(AD69="","",FORMULARIO!H160) | AH67: =IF(AD69="","",IF(OR(FORMULARIO!B3<>"",FORMULARIO!B4<>"",FORMULARIO!B5<>"",FORMULARIO!B6<>"",FORMULARIO!F9<>"",FORMULARIO!B8<>""),"",FORMULARIO!C160)) | AK67: =IF(AD69="","",IF(FORMULARIO!C161="","",FORMULARIO!C161)) | AN67: =O87
A68: DIAS INTERMEDIOS | E68: Manutención pernoctando | F68: =IF(AND(OR(ANEXO!B207=J1,ANEXO!B207=J3,ANEXO!B207=J5),B63>1),E68,"") | H68: =IFERROR(IF(B63="",0,IF(F68="",0,B63-2)),0) -> 0 | J68: DIAS INTERMEDIOS | N68: Manutención pernoctando | O68: =IF(AF2=J4,N68,"") | P68: =IFERROR(IF(O68="",0,K63-2),0) -> 0 | AH68: =IF(AD69="","",IF(OR(FORMULARIO!B3<>"",FORMULARIO!B4<>"",FORMULARIO!B5<>"",FORMULARIO!B6<>"",FORMULARIO!F9<>"",FORMULARIO!B8<>""),"",FORMULARIO!F160)) | AK68: =IF(AD69="","",IF(FORMULARIO!F161="","",FORMULARIO!F161)) | AN68: =P87
AC69: =IF(AD69="","",IF(OR(FORMULARIO!B3<>"",FORMULARIO!B4<>"",FORMULARIO!B5<>"",FORMULARIO!B6<>"",FORMULARIO!F9<>"",FORMULARIO!B8<>""),"",FORMULARIO!C163)) | AD69: =IF(FORMULARIO!C164="","",FORMULARIO!C164) | AE69: =IF(AD69="","",IF(FORMULARIO!F164="","",FORMULARIO!F164)) | AF69: =IF(AD69="","",IF(OR(FORMULARIO!B3<>"",FORMULARIO!B4<>"",FORMULARIO!B5<>"",FORMULARIO!B6<>"",FORMULARIO!F9<>"",FORMULARIO!B8<>""),"","Total días de viaje")) | AH69: =IF(AD69="","",IF(OR(FORMULARIO!B3<>"",FORMULARIO!B4<>"",FORMULARIO!B5<>"",FORMULARIO!B6<>"",FORMULARIO!F9<>"",FORMULARIO!B8<>""),"",FORMULARIO!C165)) | AL69: =IF(AD69="","",FORMULARIO!F165) | AN69: =IF(AM72="",0,AM72) -> 0
A70: REGRESO | B70: <15:00 | C70: =IF(E62=J1,P1,P3) -> 0.625 | E70: No corresponde manutención | F70: =IF(AND(OR(ANEXO!B207=J1,ANEXO!B207=J3,ANEXO!B207=J5),C62<L7),E70,"") | J70: REGRESO | AC70: =IF(AD69="","",IF(OR(FORMULARIO!B3<>"",FORMULARIO!B4<>"",FORMULARIO!B5<>"",FORMULARIO!B6<>"",FORMULARIO!F9<>"",FORMULARIO!B8<>""),"",FORMULARIO!C166)) | AD70: =IF(FORMULARIO!C167="","",FORMULARIO!C167) | AE70: =IF(AD69="","",IF(FORMULARIO!F167="","",FORMULARIO!F167)) | AF70: =IF(AD69="","",IF(OR(AD69="",AD70=""),"",(AD70-AD69)+1)) | AH70: =IF(AD69="","",FORMULARIO!C170) | AL70: =IF(AD69="","",IF(AH70="","",FORMULARIO!F170))
B71: >15:00 Y < =22:00 | C71: =IF(E62=J1,P1,P3) -> 0.625 | D71: 0.91666667 | E71: 1/2 Manutención | F71: =IF(AND(OR(ANEXO!B207=J1,ANEXO!B207=J3),C62>C71,C62<=D71),E71,IF(AND(ANEXO!B207=J5,C62>L7,C62<=L8),E71,"")) | H71: =IF(B63="",0,IF(FORMULARIO!G73<>"",0,IF(F71<>"","1",0))) -> 0 | I71: =IF(O22<>"",1,0) -> 0 | K71: >=14:00 y <=22:00 | L71: 0.58333333 | M71: 0.91666667 | N71: 1/2 Manutención | O71: =IF(AND(N62=J4,K63>1,L62>=L71,L62<=M71),N71,"") | P71: =IF(K63="",0,IF(O71<>"",1,0)) -> 0 | AC71: =IF(AD69="","",IF(AND(AE70<M96,AF2=J1),FORMULARIO!C169,"")) | AE71: =IF(AD69="","",IF(AC71="","",IF(AN68="","",AN68))) | AH71: =IF(AD69="","",IF(OR(FORMULARIO!B3<>"",FORMULARIO!B4<>"",FORMULARIO!B5<>"",FORMULARIO!B6<>"",FORMULARIO!F9<>"",FORMULARIO!B8<>""),"","noches")) | AL71: =IF(AD69="","",IF(OR(FORMULARIO!B3<>"",FORMULARIO!B4<>"",FORMULARIO!B5<>"",FORMULARIO!B6<>"",FORMULARIO!F9<>"",FORMULARIO!B8<>""),"","noches"))
B72: >22:00 | C72: 0.91666667 | D72: 1 | E72: Manutención sin pernoctar | F72: =IF(C62>=D72,"",IF(AND(OR(ANEXO!B207=J1,ANEXO!B207=J3),C62>C72),E72,IF(AND(ANEXO!B207=J5,C62>L8,C62<D72),E64,""))) | H72: =IF(AND(I71=0,C62>C72,C62<D72),1,0) -> 0 | K72: >22:00 | L72: 0.91666667 | M72: 1 | N72: Manutención completa cena | O72: =IF(AND(N62=J4,K63>1,L62>L72,P63="SÍ"),N72,IF(AND(N62=J4,K63>1,L62>L72,P63="NO"),N71,"")) | P72: =IF(K63="",0,IF(L62=M72,0,IF(AND(L62>M71,P63="NO"),1,0))) -> 0 | AC72: =IF(AD69="","",IF(OR(FORMULARIO!B3<>"",FORMULARIO!B4<>"",FORMULARIO!B5<>"",FORMULARIO!B6<>"",FORMULARIO!F9<>"",FORMULARIO!B8<>""),"","Alojamiento: ")) | AD72: =IF(AD69="","",IF(OR(FORMULARIO!B3<>"",FORMULARIO!B4<>"",FORMULARIO!B5<>"",FORMULARIO!B6<>"",FORMULARIO!F9<>"",FORMULARIO!B8<>""),"","decreto/noche")) | AE72: =IF(AD69="","",IFERROR(VLOOKUP(AF67,ANEXO!A210:G398,3,0),"")) | AG72: =IF(AD69="","",IF(OR(FORMULARIO!B3<>"",FORMULARIO!B4<>"",FORMULARIO!B5<>"",FORMULARIO!B6<>"",FORMULARIO!F9<>"",FORMULARIO!B8<>""),"","total factura")) | AH72: =IF(AD69="","",FORMULARIO!F167) | AI72: =IF(AD69="","",AO73) | AJ72: =IF(AD69="","",IF(OR(FORMULARIO!B3<>"",FORMULARIO!B4<>"",FORMULARIO!B5<>"",FORMULARIO!B6<>"",FORMULARIO!F9<>"",FORMULARIO!B8<>"",FORMULARIO!B8<>""),"","Pagos a Terceros")) | AL72: =IF(AD69="","",IF(OR(FORMULARIO!B3<>"",FORMULARIO!B4<>"",FORMULARIO!B5<>"",FORMULARIO!B6<>"",FORMULARIO!F9<>"",FORMULARIO!B8<>""),"",FORMULARIO!I173)) | AM72: =IF(AD69="","",IF(OR(FORMULARIO!B3<>"",FORMULARIO!B4<>"",FORMULARIO!B5<>"",FORMULARIO!B6<>"",FORMULARIO!F9<>"",FORMULARIO!B8<>""),"",FORMULARIO!G173)) | AN72: decreto | AO72: factura | AP72: supera
A73: Manutención pernoctando | B73: =H64+H68+I73 -> 0 | C73: 1/2 Manut. | D73: =H65+H71 -> 0 | E73: Manutención sin pernoctar | F73: =IF(I71<>"",0,H72) -> 0 | I73: =IF(F72=E64,1,0) -> 0 | J73: Manutención pernoctando | K73: =P64+P68+O73 -> 0 | L73: 1/2 Manut. | M73: =IF(P63="NO",P65+P71+P72,P65+P71) -> 0 | N73: Manutención completa cena | O73: =IF(L62=M72,0,IF(AND(L62>M71,P63="SÍ"),1,0)) -> 0 | P73: =IF(K63="",0,IF(L62=M72,0,IF(O72=N71,1,0))) -> 0 | AC73: =IF(AD69="","",IF(OR(FORMULARIO!B3<>"",FORMULARIO!B4<>"",FORMULARIO!B5<>"",FORMULARIO!B6<>"",FORMULARIO!F9<>"",FORMULARIO!B8<>""),"",IFERROR(IF(AO73>AN73,"Según decreto de dietas le corresponde"&TEXT((AN73)," #.###,00 €"),""),""))) | AG73: =IF(AD69="","",IF(OR(FORMULARIO!B3<>"",FORMULARIO!B4<>"",FORMULARIO!B5<>"",FORMULARIO!B6<>"",FORMULARIO!F9<>"",FORMULARIO!B8<>""),"",AO73)) | AN73: =IFERROR(AE72*AH72,0) -> 0 | AO73: =FORMULARIO!C173 -> 0 | AP73: =IF(AO73>AN73,AO73-AN73,AO73) -> 0 | AQ73: alojamiento | AR73: =IFERROR(IF(AO73>AN73,AN73,AO73),0) -> 0
A74: VARIOS DIAS | B74: =FORMULARIO!F147 -> 0 | C74: =FORMULARIO!F150 -> 0 | E74: =AF2 | J74: VARIOS DIAS | K74: =FORMULARIO!F147 -> 0 | L74: =FORMULARIO!F150 -> 0 | N74: =AF2 | Q74: =ANEXO!B207 -> BORRADOR | AC74: =IF(AD69="","",IF(OR(FORMULARIO!B3<>"",FORMULARIO!B4<>"",FORMULARIO!B5<>"",FORMULARIO!B6<>"",FORMULARIO!F9<>"",FORMULARIO!B8<>""),"","Manutención: pernoctando")) | AD74: =IF(AD69="","",IF(AF2=J4,B97,(IF(OR(AF2=J1,AF2=J2,AF2=J3),K97,0)))) | AE74: =IF(AD69="","",IF(OR(FORMULARIO!B3<>"",FORMULARIO!B4<>"",FORMULARIO!B5<>"",FORMULARIO!B6<>"",FORMULARIO!F9<>"",FORMULARIO!B8<>""),"",AO75)) | AF74: =IF(AD69="","","1/2 M") | AG74: =IF(AD69="","",IFERROR(IF(OR(AF2=J1,AF2=J2,AF2=J3),M97,IF(AF2=J4,D97,0)),0)) | AH74: =IF(AD69="","",IF(OR(FORMULARIO!B3<>"",FORMULARIO!B4<>"",FORMULARIO!B5<>"",FORMULARIO!B6<>"",FORMULARIO!F9<>"",FORMULARIO!B8<>""),"",AP75)) | AI74: =IF(AD69="","",IF(OR(FORMULARIO!B3<>"",FORMULARIO!B4<>"",FORMULARIO!B5<>"",FORMULARIO!B6<>"",FORMULARIO!F9<>"",FORMULARIO!B8<>""),"","1/2 M.EXTR.")) | AJ74: =IF(AD69="","",IFERROR(IF(OR(AF2=J1,AF2=J2,AF2=J3),Q95,0),0)) | AK74: =IF(AD69="","",IF(OR(FORMULARIO!B3<>"",FORMULARIO!B4<>"",FORMULARIO!B5<>"",FORMULARIO!B6<>"",FORMULARIO!F9<>"",FORMULARIO!B8<>""),"",AQ75)) | AL74: =IF(AD69="","",IF(OR(FORMULARIO!B3<>"",FORMULARIO!B4<>"",FORMULARIO!B5<>"",FORMULARIO!B6<>"",FORMULARIO!F9<>"",FORMULARIO!B8<>""),"","sin.pernoctar")) | AM74: =IF(AD69="","",IFERROR(IF(OR(AF2=J1,AF2=J2,AF2=J3),O97,0),"")) | AN74: 65 | AO74: 1950 | AP74: =IFERROR(DATEDIF(AK67,AK68,"M"),"") | AQ74: =IFERROR(DAY(AK67),"") | AR74: =IFERROR(DAY(AK68),0) -> 0 | AS74: =IF(AND(AP74=3,AQ74=AR74),0,IF(AR74>AQ74,AR74-AQ74,AR74)) -> 0 | AT74: =IF(AK67=AK68,AO74*AP674,AN74*AS74+(AO74*AP74)+(AN74*AU74)+(AN74*AU75)) -> 0 | AU74: =IFERROR(AK67-AD69,0) -> 0 | AV74: dia de salida
A75: 2º PAIS EXTRANJERO | B75: =IF(OR(FORMULARIO!C147="",FORMULARIO!C150=""),"",(FORMULARIO!C150-FORMULARIO!C147)+1) | E75: Ministerio | F75: =FORMULARIO!C151 | I75: =IF(AND(FORMULARIO!F151="SÍ",M15<>""),"SÍ","NO") -> NO | J75: 2º PAIS EXTRANJERO | K75: =IF(OR(FORMULARIO!C147="",FORMULARIO!C150=""),"",(FORMULARIO!C150-FORMULARIO!C147)+1) | N75: Junta y US | O75: =O23 | P75: =IF(FORMULARIO!F152="","",FORMULARIO!F152) | Q75: =FORMULARIO!G151 | AD75: =IF(AD69="","",IFERROR(IF(AN77<>"",0,(IF(AL69="SÍ",0,VLOOKUP(AF67,ANEXO!A210:G409,4,0)))),0)) | AG75: =IF(AD69="","",IFERROR(IF(AN77<>"",0,IF(AL69="SÍ",0,VLOOKUP(AF67,ANEXO!A210:G409,6,0))),0)) | AJ75: =IF(AD69="","",IFERROR(IF(AN77<>"",0,IF(AL69="SÍ",0,(VLOOKUP(AF67,ANEXO!A210:G387,7,0)))),0)) | AL75: =IF(AD69="","",IF(OR(FORMULARIO!B3<>"",FORMULARIO!B4<>"",FORMULARIO!B5<>"",FORMULARIO!B6<>"",FORMULARIO!F9<>"",FORMULARIO!B8<>""),"",AR75)) | AM75: =IF(AD69="","",IFERROR(IF(AN77<>"",0,IF(AL69="SÍ",0,VLOOKUP(AF67,ANEXO!A210:G409,5,0))),0)) | AN75: DIETAS | AO75: =IFERROR(AD74*AD75,0) -> 0 | AP75: =IFERROR(AG74*AG75,0) -> 0 | AQ75: =IFERROR(AJ74*AJ75,0) -> 0 | AR75: =IFERROR(AM74*AM75,0) -> 0 | AS75: =IFERROR(AO75+AP75+AQ75+AR75,0) -> 0 | AT75: DIETAS | AU75: =IFERROR(AD70-AK68,0) -> 0 | AV75: Dia de regreso
A76: SALIDA | B76: <14:00 | C76: 0.58333333 | E76: Manutención pernoctando | F76: =IF(ANEXO!B207<>J4,"",IF(AND(ANEXO!B207=J4,B75>1,B74<C76),E76,"")) | H76: =IF(B75="",0,IF(F76<>"","1",0)) -> 0 | J76: SALIDA | K76: <14:00 | L76: =IF(N74=J1,O1,O3) -> 0.58333333 | N76: Manutención pernoctando | O76: =IF(AND(OR(ANEXO!B207=J1,ANEXO!B207=J3),K75<>"",K75>1,K74<L76),N76,IF(AND(ANEXO!B207=J5,K75>1,K74<L7),N76,"")) | P76: =IF(K75="",0,IF(O76<>"","1",0)) -> 0 | AC76: =IF(AD69="","",IF(AF70="","",IF(AN77<>"",ANEXO!D389,IF(AND(ANEXO!B404=ANEXO!AX3,ANEXO!F406>0),"Según convocatoria del proyecto las dietas en este país extranjero incluyendo alojamiento más manutención son de €/día "&TEXT(ANEXO!D406,"#.###,00 €"),IF(AF70<>"","Según normativa Total dietas en el extranjero desglosado sin pagos a terceros: en manutención "&TEXT((AS75),"#.###,00 €")&" alojamiento "&TEXT(AR73,"#.###,00 €"),""))))) | AL76: =IF(AD69="","","TOTAL") | AM76: =IF(AD69="","",AO76) | AN76: TOTAL | AO76: =IF(OR(FORMULARIO!B3<>"",FORMULARIO!B4<>"",FORMULARIO!B5<>"",FORMULARIO!B6<>"",FORMULARIO!F9<>""),"",IFERROR(IF(AN77<>"",AT74,AR73+AS75+AR76),0)) | AP76: =IFERROR(AR73+AS75+AR76,0) -> 0 | AQ76: =IFERROR(AD74+AG74+AM74+AJ74,0) -> 0 | AR76: =ANEXO!F406 -> 0
B77: >=14:00 Y <=22:00 | C77: 0.58333333 | D77: 0.91666667 | E77: 1/2 Manutención | F77: =IF(ANEXO!B207<>J4,"",IF(AND(ANEXO!B207=J4,B75>1,B74>=C77,B74<=D77),E77,"")) | H77: =IF(B75="",0,IF(F77<>"","1",0)) -> 0 | K77: >=14:00 Y <22:00 | L77: =IF(N74=J1,O1,O3) -> 0.58333333 | M77: 0.91666667 | N77: 1/2 Manutención | O77: =IF(AND(OR(ANEXO!B207=J1,ANEXO!B207=J3),K75>1,K74>=L77,K74<M77),N77,IF(AND(ANEXO!B207=J5,K74>L7,K74<=L8,K74<M84),N77,"")) | P77: =IF(K75="",0,IF(O77<>"","1",0)) -> 0 | AN77: =IF(AND(FORMULARIO!H161<>"",FORMULARIO!H163="SÍ"),ANEXO!D389,"")
B78: >22:00 | C78: 0.91666667 | E78: No corresponde manutención | F78: =IF(ANEXO!B207<>J4,"",IF(AND(ANEXO!B207=J4,B75>1,B74>C78),E78,"")) | H78: =IF(F78<>"",1,0) -> 0 | K78: >22:00 | L78: 0.91666667 | N78: No corresponde manutención | O78: =IF(AND(OR(ANEXO!B207=J1,ANEXO!B207=J3),K75>1,K74>L78),N78,IF(AND(ANEXO!B207=J5,K75>1,K74>L8),N78,"")) | P78: =IF(O78<>"","1","") | AC78: =IF(OR(FORMULARIO!B3<>"",FORMULARIO!B4<>"",FORMULARIO!B5<>"",FORMULARIO!B6<>"",FORMULARIO!F9<>"",FORMULARIO!B8<>""),"","LIQUIDACION SIN RENUNCIA A FAVOR DE:"&((AF11))) | AL78: =IFERROR(SUM(AO76+AO65+AO54+AO42+AO31+AO21+AN17),0) -> 0 | AN78: =IFERROR(AP76+AP65+AP54+AP42+AP31+AN17+AO21,0) -> 0 | AO78: Manutención | AP78: =IFERROR(SUM(AR30+AR41+AS52+AS63+AS75),0) -> 0 | AQ78: alojamiento | AR78: =IFERROR(SUM(AR28+AR39+AR51+AR61+AR73),0) -> 0 | AS78: locomoción | AT78: =AN17 -> 0 | AU78: =AP21 -> Inscripcion + otros gastos | AW78: =AO21 -> 0
AH79: =IF(OR(FORMULARIO!B3<>"",FORMULARIO!B4<>"",FORMULARIO!B5<>"",FORMULARIO!B6<>"",FORMULARIO!F9<>"",FORMULARIO!B8<>""),"","Pagos a favor de Terceros :") | AL79: =IFERROR(AN79,0) | AN79: =IFERROR(IF(OR(FORMULARIO!B3<>"",FORMULARIO!B4<>"",FORMULARIO!B5<>"",FORMULARIO!B6<>"",FORMULARIO!F9<>"",FORMULARIO!B8<>""),"",AN69+AN58+AN46+AN36+AN29+AN19+AN18),0)
A80: DIAS INTERMEDIOS | E80: Manutención pernoctando | F80: =IF(AND(ANEXO!B207=J4,B75>1),E80,"") | H80: =IFERROR(IF(B75="",0,IF(F80="",0,B75-2)),0) -> 0 | J80: DIAS INTERMEDIOS | N80: Manutención pernoctando | O80: =IF(AND(OR(ANEXO!B207=J1,ANEXO!B207=J3,ANEXO!B207=J5),K75>1),N80,"") | P80: =IFERROR(IF(K75="",0,K75-2),0) -> 0 | AC80: =IF(OR(FORMULARIO!B3<>"",FORMULARIO!B4<>"",FORMULARIO!B5<>"",FORMULARIO!B6<>"",FORMULARIO!F9<>"",FORMULARIO!B8<>"",FORMULARIO!B8<>""),"",FORMULARIO!B10) | AE80: =IF(OR(FORMULARIO!B3<>"",FORMULARIO!B4<>"",FORMULARIO!B5<>"",FORMULARIO!B6<>"",FORMULARIO!F9<>"",FORMULARIO!B8<>""),"",FORMULARIO!E10) | AH80: =IF(OR(FORMULARIO!B3<>"",FORMULARIO!B4<>"",FORMULARIO!B5<>"",FORMULARIO!B6<>"",FORMULARIO!F9<>"",FORMULARIO!B8<>""),"","EL GASTO TOTAL DE ESTE VIAJE ASCIENDE A:") | AL80: =IF(OR(FORMULARIO!B3<>"",FORMULARIO!B4<>"",FORMULARIO!B5<>"",FORMULARIO!B6<>"",FORMULARIO!F9<>"",FORMULARIO!B8<>""),"",AN80) | AN80: =IFERROR(AN79+AN81,0) -> 0 | AO80: =AN80 -> 0
AC81: =IF(OR(FORMULARIO!B3<>"",FORMULARIO!B4<>"",FORMULARIO!B5<>"",FORMULARIO!B6<>"",FORMULARIO!F9<>"",FORMULARIO!B8<>""),"",IF(AE80="NO","Desglose a mi favor: Manutención "&TEXT((AP78),"#.###,00 €")&" Alojamiento "&TEXT(AR78,"#.###,00 €")&" Inscripción "&TEXT(AF21,"#.###,00 €")&" Locomoción "&TEXT(AT78,"#.###,00 €")&" Otros gastos "&TEXT(AM21,"#.###,00 €"),IF(AE80="SÍ","A cobrar tras presentar la renuncia. Manutención "&TEXT((Renuncia!G48),"#.###,00 €")&" Alojamiento "&TEXT(Renuncia!G49,"#.###,00 €")&" Inscripción "&TEXT(Renuncia!G51,"#.###,00 €")&" Locomoción "&TEXT(Renuncia!G50,"#.###,00 €")&" Otros gastos "&TEXT(Renuncia!G52,"#.###,00 €")&" TOTAL:"))) | AL81: =IF(AE80="SÍ",Renuncia!G47,"") | AN81: =IFERROR(AO76+AO65+AO54+AO42+AO31+AO21+AN17,0) -> 0
A82: REGRESO | J82: REGRESO | K82: <15:00 | L82: =IF(N74=J1,P1,P3) -> 0.625 | N82: No corresponde manutención | O82: =IF(AND(OR(ANEXO!B207=J1,ANEXO!B207=J3,ANEXO!B207=J5),L74<L7),E72,"")
B83: >14:00 y <22:00 | C83: 0.58333333 | D83: 0.91666667 | E83: 1/2 Manutención | F83: =IF(AND(ANEXO!B207=J4,B75>1,C74>C83,C74<=D83),E83,"") | H83: =IF(B75="",0,IF(F83<>"","1",0)) -> 0 | K83: >15:00 Y < =22:00 | L83: =IF(N74=J1,P1,P3) -> 0.625 | M83: 0.91666667 | N83: 1/2 Manutención | O83: =IF(AND(OR(ANEXO!B207=J1,ANEXO!B207=J3),L74>L83,L74<=M83),N83,IF(AND(ANEXO!B207=J5,K75>1,L74>L7,L74<=L8),N83,"")) | P83: =IF(K75="",0,IF(FORMULARIO!G151<>"",0,IF(O83<>"","1",0))) -> 0 | Q83: =IF(O23<>"",1,0) -> 0 | AG83: =AF11
B84: >22:00 | C84: 0.91666667 | D84: 1 | E84: Manutención completa cena | F84: =IF(AND(ANEXO!B207=J4,B75>1,C74>C84,I75="SÍ"),E84,IF(AND(ANEXO!B207=J4,B75>1,C74>C84,I75="NO"),E83,"")) | H84: =IF(B75="",0,IF(F84<>"","1",0)) -> 0 | K84: >22:00 | L84: 0.91666667 | M84: 1 | N84: Manutención sin pernoctar | O84: =IF(L74>=M84,"",IF(AND(OR(ANEXO!B207=J1,ANEXO!B207=J3),L74>L84),N84,IF(AND(ANEXO!B207=J5,L74>L8,L74<M84),N76,""))) | P84: =IF(AND(Q83=0,L74>L84,L74<M84),1,0) -> 0 | Q84: =IF(O84=N76,1,0) -> 0 | AC84: =IF(AG10=AN10,"ESTA LIQUIDACIÓN TIENEN QUE FIRMARLA ELECTRÓNICAMENTE EL I.P. Y EL TITULAR DE LA LIQUIDACIÓN",IF(AG10=AN11,"ESTA LIQUIDACIÓN SOLO TIENE QUE SER FIRMARLA POR EL I.P. (POR PORTAFIRMAS U.S)",""))
A85: Manutención pernoctando | B85: =H76+H80+F85 -> 0 | C85: 1/2 Manut. | D85: =IF(I75="NO",H77+H83+H84,H77+H83) -> 0 | F85: =IF(I75="SÍ",1,0) -> 0 | J85: Manutención pernoctando | K85: =IFERROR(P76+P80+Q84,"") -> 0 | L85: 1/2 Manut. | M85: =P77+P83 -> 0 | N85: Manutención sin pernoctar | O85: =IF(Q83="1",0,P84) -> 0 | AC85: =IF(OR(FORMULARIO!B3<>"",FORMULARIO!B4<>"",FORMULARIO!B5<>"",FORMULARIO!B6<>"",FORMULARIO!F9<>"",FORMULARIO!B8<>""),"","En caso de proyectos europeos MSCA, se establece un importe mensual con un límite mínimo y un máximo. El mínimo se abonará siempre, con independencia de que los gastos justificados en la liquidación alcancen o no dicha cuantía.")
A86: VARIOS DIAS | B86: =FORMULARIO!F164 -> 0 | C86: =FORMULARIO!F167 -> 0 | E86: =AF2 | J86: VARIOS DIAS | K86: =FORMULARIO!F164 -> 0 | L86: =FORMULARIO!F167 -> 0 | N86: =AF2
A87: 3º PAIS EXTRANJERO | B87: =IF(OR(FORMULARIO!C164="",FORMULARIO!C167=""),"",(FORMULARIO!C167-FORMULARIO!C164)+1) | E87: Ministerio | F87: =FORMULARIO!C170 | I87: =IF(AND(FORMULARIO!F170="SÍ",M16<>""),"SÍ","NO") -> NO | J87: 3º PAIS EXTRANJERO | K87: =IF(OR(FORMULARIO!C164="",FORMULARIO!C167=""),"",(FORMULARIO!C167-FORMULARIO!C164)+1) | N87: Junta y US | O87: =O24 | P87: =IF(FORMULARIO!F169="","",FORMULARIO!F169) | Q87: =FORMULARIO!G168 | AF87: =IF(OR(FORMULARIO!B3<>"",FORMULARIO!B4<>"",FORMULARIO!B5<>"",FORMULARIO!B6<>"",FORMULARIO!F9<>"",FORMULARIO!B8<>""),"","En Sevila a") | AG87: =IF(OR(FORMULARIO!B3<>"",FORMULARIO!B4<>"",FORMULARIO!B5<>"",FORMULARIO!B6<>"",FORMULARIO!F9<>"",FORMULARIO!B8<>""),"",FORMULARIO!D9)
A88: SALIDA | B88: <14:00 | C88: 0.58333333 | E88: Manutención pernoctando | F88: =IF(AND(ANEXO!B207=J4,B87>1,B86<C88),E88,"") | H88: =IF(B87="",0,IF(F88<>"","1",0)) -> 0 | J88: SALIDA | K88: <14:00 | L88: =IF(N86=J1,O1,O3) -> 0.58333333 | N88: Manutención pernoctando | O88: =IF(AND(OR(ANEXO!B207=J1,ANEXO!B207=J3),K87<>"",K87>1,K86<L88),N88,IF(AND(ANEXO!B207=J5,K87>1,K86<L7),N88,"")) | P88: =IF(K87="",0,IF(O88<>"","1",0)) -> 0
B89: >=14:00 Y <=22:00 | C89: 0.58333333 | D89: 0.91666667 | E89: 1/2 Manutención | F89: =IF(AND(ANEXO!B207=J4,B87>1,B86>=C89,B86<=D89),E89,"") | H89: =IF(B87="",0,IF(F89<>"","1",0)) -> 0 | K89: >=14:00 Y <22:00 | L89: =IF(N86=J1,O1,O3) -> 0.58333333 | M89: 0.91666667 | N89: 1/2 Manutención | O89: =IF(AND(OR(ANEXO!B207=J1,ANEXO!B207=J3),K87>1,K86>=L89,K86<M89),N89,IF(AND(ANEXO!B207=J5,K87>1,K86>=L7,K86<L8),N89,"")) | P89: =IF(K87="",0,IF(O89<>"","1",0)) -> 0 | AC89: En aplicación del principio de transparencia y lealtad regulado en el Reglamento General de Protección de datos RGPD UE 2016/679 se le informa que la Universidad de Sevilla es responsable del presente tratamiento, “Gestión de la Investigación” que tiene como finalidad la “Gestión Económico, administrativa, técnica y académica de la investigación en la US”. El tratamiento es necesario para la ejecución de un contrato en el que el interesado es parte; para el cumplimiento de una obligación legal, el cumplimiento de una misión de interés público o en el ejercicio de poderes públicos conferidos a la US. Asimismo, y en su caso, se legitima con el consentimiento del interesado. De acuerdo con las citadas normas, tiene derecho a acceder, rectificar y suprimir sus datos personales, así como a otros derechos que puede consultar, junto a una información adicional más detallada, en el enlace
B90: >22:00 | C90: 0.91666667 | E90: No corresponde manutención | F90: =IF(AND(ANEXO!B207=J4,B87>1,B86>C90),E90,"") | K90: >22:00 | L90: 0.91666667 | N90: No corresponde manutención | O90: =IF(AND(OR(ANEXO!B207=J1,ANEXO!B207=J3),K87>1,K86>L90),N90,IF(AND(ANEXO!B207=J5,K87>1,K86>L8),N90,""))
A92: DIAS INTERMEDIOS | E92: Manutención pernoctando | F92: =IF(AND(ANEXO!B207=J4,B87>1),E92,"") | H92: =IF(B87="",0,IF(F92="",0,B87-2)) -> 0 | J92: DIAS INTERMEDIOS | N92: Manutención pernoctando | O92: =IF(AND(OR(N86=J1,N86=J3),K87>1),N92,"") | P92: =IFERROR(IF(K87="",0,K87-2),0) -> 0 | AC92: Información sobre protección de datos
A94: REGRESO | J94: REGRESO | K94: <15:00 | L94: =IF(N86=J1,P1,P3) -> 0.625 | N94: No corresponde manutención | O94: =IF(AND(OR(N86=J1,N86=J3,N86=J5),L86<L94),N94,"") | AC94: =FORMULARIO!B3 -> Escriba la fecha de la solicitud en D9 y siga las instrucciones | AM94: VOLVER AL FORMULARIO
B95: >=14:00 y <=22:00 | C95: 0.58333333 | D95: 0.91666667 | E95: 1/2 Manutención | F95: =IF(AND(ANEXO!B207=J4,B87>1,C86>=C95,C86<=D95),E95,"") | H95: =IF(B87="",0,IF(F95<>"","1",0)) -> 0 | I95: =IF(AND(B87>1,C86>D95,B86<>"",C86<>"",AF2=J4),"¿Aporta factura de cena de día de regreso?","") | K95: >15:00 Y < =22:00 | L95: =IF(N86=J1,P1,P3) -> 0.625 | M95: 0.91666667 | N95: 1/2 Manutención | O95: =IF(AND(OR(N86=J1,N86=J3),L86>L95,L86<=M95),N95,IF(AND(N86=J5,L86>L7,L86<=L8,),N95,"")) | P95: =IF(K87="",0,IF(FORMULARIO!G168<>"",0,IF(O95<>"","1",0))) -> 0 | Q95: =IF(O24<>"",1,0) -> 0 | AC95: =FORMULARIO!B4
B96: >22:00 | C96: 0.91666667 | D96: 1 | E96: Manutención completa cena | F96: =IF(AND(ANEXO!B207=J4,B87>1,C86>D95,I87="SÍ"),E96,IF(AND(ANEXO!B207=J4,B87>1,C86>D95,I87="NO"),E95,"")) | H96: =IF(C86=D96,0,IF(AND(C86>D95,I87="NO"),1,0)) -> 0 | K96: >22:00 | L96: 0.91666667 | M96: 1 | N96: Manutención sin pernoctar | O96: =IF(L86>=M96,"",IF(AND(OR(N86=J1,N86=J3),L86>L96,L86<M96,Q95<>"1"),N96,IF(AND(N86=J5,L86>L8,L86<M96),N96,""))) | AC96: =FORMULARIO!B5&FORMULARIO!B8
A97: Manutención pernoctando | B97: =H88+H92+F97 -> 0 | C97: 1/2 Manut. | D97: =IF(I87="NO",H89+H95+H96,H89+E99) -> 0 | F97: =IF(C86=D96,0,IF(AND(C86>D95,I87="SÍ"),1,0)) -> 0 | J97: Manutención pernoctando | K97: =IFERROR(P88+P92,"") -> 0 | L97: 1/2 Manut. | M97: =P89+P95 -> 0 | N97: Manutención sin pernoctar | O97: =IF(Q95="1",0,P96) -> 0 | AC97: =FORMULARIO!B6
D98: =IF(I87="N",H89+H95+H96,F97) -> 0 | AC98: =FORMULARIO!F9
AC99: =IF(OR(AC94<>"",AC95<>"",AC96<>"",AC97<>"",AC98<>""),"LA LIQUIDACIÓN PRESENTA ERRORES, POR FAVOR, REVISE EL FORMULARIO Y EL CUADRO DE AVISO PARA VERIFICAR LOS DATOS PENDIENTES DE COMPLETAR","") -> LA LIQUIDACIÓN PRESENTA ERRORES, POR FAVOR, REVISE EL FORMULARIO Y EL CUADRO DE AVISO PARA VERIFICAR LOS DATOS PENDIENTES DE COMPLETAR
A100: VARIOS DIAS | B100: =FORMULARIO!F54 -> 0 | C100: =FORMULARIO!F57 -> 0 | E100: =AF2 | I100: =ANEXO!B207 -> BORRADOR
A101: ESPAÑA IDA | B101: =IF(OR(FORMULARIO!C54="",FORMULARIO!C57=""),"",(FORMULARIO!C57-FORMULARIO!C54)+1) | E101: Junta y US | F101: =FORMULARIO!G53 | I101: =FORMULARIO!G54 -> Elija la Opción ▼
A102: SALIDA | B102: <15:00 | C102: 0.625 | E102: Manutención pernoctando | F102: =IF(AND(ANEXO!B207=J5,B101>1,B100<L7),E102,"") | H102: =IF(B101="",0,IF(F102<>"","1",0)) -> 0
B103: >15:00 y >21:00 Y antes 24:00 | C103: 0.64583333 | D103: 0.875 | E103: 1/2 Manutención | F103: =IF(AND(ANEXO!B207=J5,B101>1,B100>L7,B100<L8,B100<D104),E103,IF(AND(ANEXO!B207=J5,B101=1,B100<L7,C100<L8),E103,"")) | H103: =IF(B101="",0,IF(F103<>"","1",0)) -> 0
...

Sheet CALCULOS DE LAS DIETAS
J3: R. DECRETO DEL MINISTERIO

Sheet Renuncia
H1: =INICIO!N1 -> 46288
C2: =IF('LIQUIDACIÓN-GASTOS'!AC7<>"","RENUNCIA DE LA LIQUIDACIÓN","") | BF2: =IF($J$48<>"","",IF(J53>0," ",C2))
B3: =B53 -> "GUARDE ESTA HOJA EN PDF Y ADJÚNTELA CON LA LIQUIDACIÓN UNA VEZ FIRMADA POR PORTAFIRMAS"
C5: =IF('LIQUIDACIÓN-GASTOS'!AC7<>"","DATOS DE MI LIQUIDACION","") | BF5: =IF($J$48<>"","",IF(J53>0," ",C5))
B7: ='LIQUIDACIÓN-GASTOS'!AE6 | C7: ='LIQUIDACIÓN-GASTOS'!AF6 | E7: ='LIQUIDACIÓN-GASTOS'!AI6 -> Elija la Opción ▼
A8: ='LIQUIDACIÓN-GASTOS'!AC11 | C8: ='LIQUIDACIÓN-GASTOS'!AF11 | G8: ='LIQUIDACIÓN-GASTOS'!AJ11 | BD8: =IF($J$48<>"","",IF($J$53>0," ",A8)) | BF8: =IF($J$48<>"","",IF($J$53>0," ",C8)) | BJ8: =IF($J$48<>"","",IF($J$53>0," ",G8)) | BK8: =IF($J$48<>"","",IF($J$53>0," ",H8)) -> 0
B9: ='LIQUIDACIÓN-GASTOS'!AC12 | C9: ='LIQUIDACIÓN-GASTOS'!AE12 | G9: =FORMULARIO!F18 -> Categoría profesional | H9: =FORMULARIO!F19 -> 0 | BD9: =IF($J$48<>"","",IF($J$53>0," ",B9)) | BF9: =IF($J$48<>"","",IF($J$53>0," ",C9)) | BJ9: =IF($J$48<>"","",IF($J$53>0," ",G9)) -> Categoría profesional | BK9: =IF($J$48<>"","",IF($J$53>0," ",H9)) -> 0
B10: ='LIQUIDACIÓN-GASTOS'!AC14 | C10: ='LIQUIDACIÓN-GASTOS'!AE14 | BD10: =IF($J$48<>"","",IF($J$53>0," ",B10)) | BF10: =IF($J$48<>"","",IF($J$53>0," ",C10))
B11: ='LIQUIDACIÓN-GASTOS'!AG14 | C11: ='LIQUIDACIÓN-GASTOS'!AH14 | G11: ='LIQUIDACIÓN-GASTOS'!AJ14 | H11: ='LIQUIDACIÓN-GASTOS'!AK14 | BD11: =IF($J$48<>"","",IF($J$53>0," ",B11)) | BF11: =IF($J$48<>"","",IF($J$53>0," ",C11)) | BJ11: =IF($J$48<>"","",IF($J$53>0," ",G11)) | BK11: =IF($J$48<>"","",IF($J$53>0," ",H11))
B12: ='LIQUIDACIÓN-GASTOS'!AC15 | D12: ='LIQUIDACIÓN-GASTOS'!AF15 | E12: ='LIQUIDACIÓN-GASTOS'!AG15 | F12: ='LIQUIDACIÓN-GASTOS'!AI15 | BD12: =IF($J$48<>"","",IF($J$53>0," ",B12)) | BF12: =IF($J$48<>"","",IF($J$53>0," ",C12)) -> 0 | BG12: =IF($J$48<>"","",IF($J$53>0," ",D12)) | BH12: =IF($J$48<>"","",IF($J$53>0," ",E12)) | BI12: =IF($J$48<>"","",IF($J$53>0," ",F12))
BG13: =IF($J$48<>"","",IF($J$53<0," ",D13)) -> 0 | BI13: =IF($J$48<>"","",IF($J$45<0," ",F13)) -> 0 | BJ13: =IF($J$48<>"","",IF($J$45>0," ",G12)) -> 0
B14: DESGLOSE DE LA LIQUIDACIÓN | D14: DESGLOSE DE LA RENUNCIA | G14: A PERCIBIR | BD14: =IF($J$48<>"","",IF($J$53>0," ",B14)) -> DESGLOSE DE LA LIQUIDACIÓN | BE14: DESGLOSE DE LA LIQUIDACIÓN | BG14: =IF($J$48<>"","",IF($J$53>0," ",D14)) -> DESGLOSE DE LA RENUNCIA | BJ14: =IF($J$48<>"","",IF($J$53>0," ",G14)) -> A PERCIBIR
B15: Territorio Nacional : | D15: Territorio Nacional : | F15: Renuncia a: | BD15: =IF($J$48<>"","",IF($J$53>0," ",B15)) -> Territorio Nacional : | BG15: =IF($J$48<>"","",IF($J$53>0," ",D15)) -> Territorio Nacional : | BI15: =IF($J$48<>"","",IF($J$45>0," ",F15)) -> Renuncia a:
B16: Manutención: | C16: =IF(C34<>0,0,'LIQUIDACIÓN-GASTOS'!AR30) -> 0 | D16: Manutención: | F16: 0 | G16: =IFERROR(C16-F16,0) -> 0 | H16: =IF(F16>C16,"Renuncia no válida, el importe no puede ser negativo","") | BD16: =IF($J$48<>"","",IF($J$53>0," ",B16)) -> Manutención: | BE16: =IF($J$48<>"","",IF($J$53>0," ",C16)) -> 0 | BG16: =IF($J$48<>"","",IF($J$53>0," ",D16)) -> Manutención: | BI16: =IF($J$48<>"","",IF($J$53>0," ",F17)) -> 0 | BJ16: =IF($J$48<>"","",IF($J$53>0," ",G16)) -> 0 | BK16: =IF($J$48<>"","",IF($J$53>0," ",H16))
B17: Alojamiento: | C17: =IF(C34<>0,0,'LIQUIDACIÓN-GASTOS'!AR28) -> 0 | D17: Alojamiento: | F17: 0 | G17: =IFERROR(C17-F17,0) -> 0 | H17: =IF(F17>C17,"Renuncia no válida, el importe no puede ser negativo","") | BD17: =IF($J$48<>"","",IF($J$53>0," ",B17)) -> Alojamiento: | BE17: =IF($J$48<>"","",IF($J$53>0," ",C17)) -> 0 | BG17: =IF($J$48<>"","",IF($J$53>0," ",D17)) -> Alojamiento: | BI17: =IF($J$48<>"","",IF($J$53>0," ",F18)) -> 0 | BJ17: =IF($J$48<>"","",IF($J$53>0," ",G17)) -> 0 | BK17: =IF($J$48<>"","",IF($J$45>0," ",H17))
B19: =FORMULARIO!H68 -> ELIJA EL PAÍS ▼ | C19: 1º País extranjero | D19: =FORMULARIO!H68 -> ELIJA EL PAÍS ▼ | BD19: =IF($J$48<>"","",IF($J$53>0," ",B19)) -> ELIJA EL PAÍS ▼ | BG19: =IF($J$53>0," ",D19) -> ELIJA EL PAÍS ▼
B20: Manutención: | C20: =IF(C34<>0,0,'LIQUIDACIÓN-GASTOS'!AS52) -> 0 | D20: Manutención: | F20: 0 | G20: =IFERROR(C20-F20,0) -> 0 | H20: =IF(F20>C20,"Renuncia no válida, el importe no puede ser negativo","") | BD20: =IF($J$48<>"","",IF($J$53>0," ",B20)) -> Manutención: | BE20: =IF($J$48<>"","",IF($J$53>0," ",C20)) -> 0 | BG20: =IF($J$53>0," ",D20) -> Manutención: | BI20: =IF($J$48<>"","",IF($J$53>0," ",F20)) -> 0 | BJ20: =IF($J$48<>"","",IF($J$53>0," ",G20)) -> 0 | BK20: =IF($J$48<>"","",IF($J$45>0," ",H20))
B21: Alojamiento: | C21: =IF(C34<>0,0,'LIQUIDACIÓN-GASTOS'!AR51) -> 0 | D21: Alojamiento: | F21: 0 | G21: =IFERROR(C21-F21,0) -> 0 | H21: =IF(F21>C21,"Renuncia no válida, el importe no puede ser negativo","") | BD21: =IF($J$48<>"","",IF($J$53>0," ",B21)) -> Alojamiento: | BE21: =IF($J$48<>"","",IF($J$53>0," ",C21)) -> 0 | BG21: =IF($J$53>0," ",D21) -> Alojamiento: | BI21: =IF($J$48<>"","",IF($J$53>0," ",F21)) -> 0 | BJ21: =IF($J$48<>"","",IF($J$53>0," ",G21)) -> 0 | BK21: =IF($J$48<>"","",IF($J$45>0," ",H21))
B23: =FORMULARIO!H143 -> ELIJA EL PAÍS ▼ | C23: 2º País extranjero | D23: =FORMULARIO!H143 -> ELIJA EL PAÍS ▼ | BD23: =IF($J$48<>"","",IF($J$53>0," ",B23)) -> ELIJA EL PAÍS ▼ | BG23: =IF($J$53>0," ",B23) -> ELIJA EL PAÍS ▼
B24: Manutención: | C24: =IF(C34<>0,0,'LIQUIDACIÓN-GASTOS'!AS63) -> 0 | D24: Manutención: | F24: 0 | G24: =IFERROR(C24-F24,0) -> 0 | H24: =IF(F24>C24,"Renuncia no válida, el importe no puede ser negativo","") | BD24: =IF($J$48<>"","",IF($J$53>0," ",B24)) -> Manutención: | BE24: =IF($J$48<>"","",IF($J$53>0," ",C24)) -> 0 | BG24: =IF($J$53>0," ",B24) -> Manutención: | BI24: =IF($J$48<>"","",IF($J$53>0," ",F24)) -> 0 | BJ24: =IF($J$48<>"","",IF($J$53>0," ",G24)) -> 0 | BK24: =IF($J$48<>"","",IF($J$45>0," ",H24))
B25: Alojamiento: | C25: =IF(C34<>0,0,'LIQUIDACIÓN-GASTOS'!AR61) -> 0 | D25: Alojamiento: | F25: 0 | G25: =IFERROR(C25-F25,0) -> 0 | H25: =IF(F25>C25,"Renuncia no válida, el importe no puede ser negativo","") | BD25: =IF($J$48<>"","",IF($J$53>0," ",B25)) -> Alojamiento: | BE25: =IF($J$48<>"","",IF($J$53>0," ",C25)) -> 0 | BG25: =IF($J$53>0," ",B25) -> Alojamiento: | BI25: =IF($J$48<>"","",IF($J$53>0," ",F25)) -> 0 | BJ25: =IF($J$48<>"","",IF($J$53>0," ",G25)) -> 0 | BK25: =IF($J$48<>"","",IF($J$45>0," ",H25))
B27: =FORMULARIO!H160 -> ELIJA EL PAÍS ▼ | C27: 3º País extranjero | D27: =FORMULARIO!H160 -> ELIJA EL PAÍS ▼ | BD27: =IF($J$48<>"","",IF($J$53>0," ",B27)) -> ELIJA EL PAÍS ▼ | BG27: =IF($J$53>0," ",B27) -> ELIJA EL PAÍS ▼
B28: Manutención: | C28: =IF(C34<>0,0,'LIQUIDACIÓN-GASTOS'!AS75) -> 0 | D28: Manutención: | F28: 0 | G28: =IFERROR(C28-F28,0) -> 0 | H28: =IF(F28>C28,"Renuncia no válida, el importe no puede ser negativo","") | BD28: =IF($J$48<>"","",IF($J$53>0," ",B28)) -> Manutención: | BE28: =IF($J$48<>"","",IF($J$53>0," ",C28)) -> 0 | BG28: =IF($J$53>0," ",B28) -> Manutención: | BI28: =IF($J$48<>"","",IF($J$53>0," ",F28)) -> 0 | BJ28: =IF($J$48<>"","",IF($J$53>0," ",G28)) -> 0 | BK28: =IF($J$48<>"","",IF($J$45>0," ",H28))
B29: Alojamiento: | C29: =IF(C34<>0,0,'LIQUIDACIÓN-GASTOS'!AR73) -> 0 | D29: Alojamiento: | F29: 0 | G29: =IFERROR(C29-F29,0) -> 0 | H29: =IF(F29>C29,"Renuncia no válida, el importe no puede ser negativo","") | BD29: =IF($J$48<>"","",IF($J$53>0," ",B29)) -> Alojamiento: | BE29: =IF($J$48<>"","",IF($J$53>0," ",C29)) -> 0 | BG29: =IF($J$53>0," ",B29) -> Alojamiento: | BI29: =IF($J$48<>"","",IF($J$53>0," ",F29)) -> 0 | BJ29: =IF($J$48<>"","",IF($J$53>0," ",G29)) -> 0 | BK29: =IF($J$48<>"","",IF($J$45>0," ",H29))
B31: Territorio Nacional Regreso: | D31: Territorio Nacional Regreso: | BD31: =IF($J$48<>"","",IF($J$53>0," ",B31)) -> Territorio Nacional Regreso: | BG31: =IF($J$53>0," ",B31) -> Territorio Nacional Regreso:
B32: Manutención: | C32: =IF(C34<>0,0,'LIQUIDACIÓN-GASTOS'!AR41) -> 0 | D32: Manutención: | F32: 0 | G32: =IFERROR(C32-F32,0) -> 0 | H32: =IF(F32>C32,"Renuncia no válida, el importe no puede ser negativo","") | BD32: =IF($J$48<>"","",IF($J$53>0," ",B32)) -> Manutención: | BE32: =IF($J$48<>"","",IF($J$53>0," ",C32)) -> 0 | BG32: =IF($J$53>0," ",B32) -> Manutención: | BI32: =IF($J$48<>"","",IF($J$53>0," ",F32)) -> 0 | BJ32: =IF($J$48<>"","",IF($J$53>0," ",G32)) -> 0 | BK32: =IF($J$48<>"","",IF($J$45>0," ",H32))
B33: Alojamiento: | C33: =IF(C34<>0,0,'LIQUIDACIÓN-GASTOS'!AR39) -> 0 | D33: Alojamiento: | F33: 0 | G33: =IFERROR(C33-F33,0) -> 0 | H33: =IF(F33>C33,"Renuncia no válida, el importe no puede ser negativo","") | BD33: =IF($J$48<>"","",IF($J$53>0," ",B33)) -> Alojamiento: | BE33: =IF($J$48<>"","",IF($J$53>0," ",C33)) -> 0 | BG33: =IF($J$53>0," ",B33) -> Alojamiento: | BI33: =IF($J$48<>"","",IF($J$53>0," ",F33)) -> 0 | BJ33: =IF($J$48<>"","",IF($J$53>0," ",G33)) -> 0 | BK33: =IF($J$48<>"","",IF($J$45>0," ",H33))
B34: BOLSA: | C34: =IF(OR('LIQUIDACIÓN-GASTOS'!AN55<>"",'LIQUIDACIÓN-GASTOS'!AN32<>"",'LIQUIDACIÓN-GASTOS'!AN55<>"",'LIQUIDACIÓN-GASTOS'!AN66<>"",'LIQUIDACIÓN-GASTOS'!AN77<>""),'LIQUIDACIÓN-GASTOS'!AO31+'LIQUIDACIÓN-GASTOS'!AO54+'LIQUIDACIÓN-GASTOS'!AO65+'LIQUIDACIÓN-GASTOS'!AO76,0) -> 0 | F34: 0 | G34: =IFERROR(C34-F34,0) -> 0 | BD34: =IF($J$48<>"","",IF($J$53>0," ",B34)) -> BOLSA:
B35: Locomoción: | D35: Locomoción: | BD35: =IF($J$48<>"","",IF($J$53>0," ",B35)) -> Locomoción: | BG35: Locomoción:
B36: ='LIQUIDACIÓN-GASTOS'!AC17&"" &"" &'LIQUIDACIÓN-GASTOS'!AD17 -> 0 | C36: ='LIQUIDACIÓN-GASTOS'!AG17 -> 0 | D36: ='LIQUIDACIÓN-GASTOS'!AC17&"" &"" &'LIQUIDACIÓN-GASTOS'!AD17 -> 0 | F36: 0 | G36: =IFERROR(C36-F36,0) -> 0 | H36: =IF(F36>C36,"Renuncia no válida, el importe no puede ser negativo","") | BD36: =IF($J$48<>"","",IF($J$53>0," ",B36)) -> 0 | BE36: =IF($J$48<>"","",IF($J$53>0," ",C36)) -> 0 | BG36: =IF($J$53>0," ",B36) -> 0 | BI36: =IF($J$48<>"","",IF($J$53>0," ",F36)) -> 0 | BJ36: =IF($J$48<>"","",IF($J$53>0," ",G36)) -> 0 | BK36: =IF($J$48<>"","",IF($J$45>0," ",H36))
B37: ='LIQUIDACIÓN-GASTOS'!AC18 | C37: ='LIQUIDACIÓN-GASTOS'!AD18 -> 0 | D37: ='LIQUIDACIÓN-GASTOS'!AC18 | F37: 0 | G37: =IFERROR(C37-F37,0) -> 0 | H37: =IF(F37>C37,"Renuncia no válida, el importe no puede ser negativo","") | BD37: =IF($J$48<>"","",IF($J$53>0," ",B37)) | BE37: =IF($J$48<>"","",IF($J$53>0," ",C37)) -> 0 | BG37: =IF($J$53>0," ",B37) | BI37: =IF($J$48<>"","",IF($J$53>0," ",F37)) -> 0 | BJ37: =IF($J$48<>"","",IF($J$53>0," ",G37)) -> 0 | BK37: =IF($J$48<>"","",IF($J$45>0," ",H37))
B38: ='LIQUIDACIÓN-GASTOS'!AC19 | C38: ='LIQUIDACIÓN-GASTOS'!AD19 -> 0 | D38: ='LIQUIDACIÓN-GASTOS'!AC19 | F38: 0 | G38: =IFERROR(C38-F38,0) -> 0 | H38: =IF(F38>C38,"Renuncia no válida, el importe no puede ser negativo","") | BD38: =IF($J$48<>"","",IF($J$53>0," ",B38)) | BE38: =IF($J$48<>"","",IF($J$53>0," ",C38)) -> 0 | BG38: =IF($J$53>0," ",B38) | BI38: =IF($J$48<>"","",IF($J$53>0," ",F38)) -> 0 | BJ38: =IF($J$48<>"","",IF($J$53>0," ",G38)) -> 0 | BK38: =IF($J$48<>"","",IF($J$45>0," ",H38))
B39: ='LIQUIDACIÓN-GASTOS'!AE18 | C39: ='LIQUIDACIÓN-GASTOS'!AF18 -> 0 | D39: ='LIQUIDACIÓN-GASTOS'!AE18 | F39: 0 | G39: =IFERROR(C39-F39,0) -> 0 | H39: =IF(F39>C39,"Renuncia no válida, el importe no puede ser negativo","") | BD39: =IF($J$48<>"","",IF($J$53>0," ",B39)) | BE39: =IF($J$48<>"","",IF($J$53>0," ",C39)) -> 0 | BG39: =IF($J$53>0," ",B39) | BI39: =IF($J$48<>"","",IF($J$53>0," ",F39)) -> 0 | BJ39: =IF($J$48<>"","",IF($J$53>0," ",G39)) -> 0 | BK39: =IF($J$48<>"","",IF($J$45>0," ",H39))
B40: ='LIQUIDACIÓN-GASTOS'!AE19 | C40: ='LIQUIDACIÓN-GASTOS'!AF19 -> 0 | D40: ='LIQUIDACIÓN-GASTOS'!AE19 | F40: 0 | G40: =IFERROR(C40-F40,0) -> 0 | H40: =IF(F40>C40,"Renuncia no válida, el importe no puede ser negativo","") | BD40: =IF($J$48<>"","",IF($J$53>0," ",B40)) | BE40: =IF($J$48<>"","",IF($J$53>0," ",C40)) -> 0 | BG40: =IF($J$53>0," ",B40) | BI40: =IF($J$48<>"","",IF($J$53>0," ",F40)) -> 0 | BJ40: =IF($J$48<>"","",IF($J$53>0," ",G40)) -> 0 | BK40: =IF($J$48<>"","",IF($J$45>0," ",H40))
B41: ='LIQUIDACIÓN-GASTOS'!AG18 | C41: ='LIQUIDACIÓN-GASTOS'!AH18 -> 0 | D41: ='LIQUIDACIÓN-GASTOS'!AG18 | F41: 0 | G41: =IFERROR(C41-F41,0) -> 0 | H41: =IF(F41>C41,"Renuncia no válida, el importe no puede ser negativo","") | BD41: =IF($J$48<>"","",IF($J$53>0," ",B41)) | BE41: =IF($J$48<>"","",IF($J$53>0," ",C41)) -> 0 | BG41: =IF($J$53>0," ",B41) | BI41: =IF($J$48<>"","",IF($J$53>0," ",F41)) -> 0 | BJ41: =IF($J$48<>"","",IF($J$53>0," ",G41)) -> 0 | BK41: =IF($J$48<>"","",IF($J$45>0," ",H41))
B42: ='LIQUIDACIÓN-GASTOS'!AG19 | C42: ='LIQUIDACIÓN-GASTOS'!AH19 -> 0 | D42: ='LIQUIDACIÓN-GASTOS'!AG19 | F42: 0 | G42: =IFERROR(C42-F42,0) -> 0 | H42: =IF(F42>C42,"Renuncia no válida, el importe no puede ser negativo","") | BD42: =IF($J$48<>"","",IF($J$53>0," ",B42)) | BE42: =IF($J$48<>"","",IF($J$53>0," ",C42)) -> 0 | BG42: =IF($J$53>0," ",B42) | BI42: =IF($J$48<>"","",IF($J$53>0," ",F42)) -> 0 | BJ42: =IF($J$48<>"","",IF($J$53>0," ",G42)) -> 0 | BK42: =IF($J$48<>"","",IF($J$45>0," ",H42))
B43: ='LIQUIDACIÓN-GASTOS'!AL21 | C43: ='LIQUIDACIÓN-GASTOS'!AM21 -> 0 | E43: ='LIQUIDACIÓN-GASTOS'!AL21 | F43: 0 | G43: =IFERROR(C43-F43,0) -> 0 | H43: =IF(F43>C43,"Renuncia no válida, el importe no puede ser negativo","") | BI43: =IF($J$48<>"","",IF($J$53>0," ",F43)) -> 0 | BJ43: =IF($J$48<>"","",IF($J$53>0," ",G43)) -> 0 | BK43: =IF($J$48<>"","",IF($J$45>0," ",H43))
B44: Inscripcion. | C44: ='LIQUIDACIÓN-GASTOS'!AF21 -> 0 | D44: Inscripcion. | F44: 0 | G44: =IFERROR(C44-F44,0) -> 0 | H44: =IF(F44>C44,"Renuncia no válida, el importe no puede ser negativo","") | BD44: =IF($J$48<>"","",IF($J$53>0," ",B44)) -> Inscripcion. | BE44: =IF($J$48<>"","",IF($J$53>0," ",C44)) -> 0 | BG44: =IF($J$53>0," ",B44) -> Inscripcion. | BI44: =IF($J$48<>"","",IF($J$53>0," ",F44)) -> 0 | BJ44: =IF($J$48<>"","",IF($J$53>0," ",G44)) -> 0 | BK44: =IF($J$48<>"","",IF($J$45>0," ",H44))
B45: TOTAL SIN RENUNCIA | C45: ='LIQUIDACIÓN-GASTOS'!AL78 -> 0 | D45: TOTAL | F45: =IFERROR(SUM(F16+F17+F20+F21+F24+F25+F28+F29+F32+F33+F36+F37+F38+F39+F40+F41++F42+F43+F44+F34),0) -> 0 | G45: =IFERROR(SUM(G16+G17+G20+G21+G24+G25+G28+G29+G32+G33+G36+G37+G38+G39+G40+G41+G42+G43+G44+G34),0) -> 0 | BD45: =IF($J$48<>"","",IF($J$53>0," ",B45)) -> TOTAL SIN RENUNCIA | BE45: =IF($J$48<>"","",IF($J$53>0," ",C45)) -> 0 | BG45: =IF($J$53>0," ",D45) -> TOTAL | BI45: =IF($J$48<>"","",IF($J$53>0," ",F45)) -> 0 | BJ45: =IF($J$48<>"","",IF($J$53>0," ",G45)) -> 0 | BK45: =IF($J$48<>"","",IF($J$53>0," ",H45)) -> 0
B47: =IF(OR(ANEXO!D388,ANEXO!D389<>""),"BOLSA","") | E47: TOTAL A PERCIBIR | G47: =IFERROR(SUM(G16+G17+G20+G21+G24+G25+G28+G29+G32+G33+G34+G36+G37+G38+G39+G40+G41+G42+G43+G44),0) -> 0 | H47: Desglose | BH47: =IF($J$48<>"","",IF($J$53>0," ",E47)) -> TOTAL A PERCIBIR | BJ47: =IF($J$48<>"","",IF($J$53>0," ",G47)) -> 0 | BK47: =IF($J$48<>"","",IF($J$45>0," ",H47)) -> Desglose
B48: =IF('LIQUIDACIÓN-GASTOS'!AE80="SÍ"," De los "&TEXT((C45),"#.###,00 €")&" a mi favor renuncio a: "&TEXT((F45),"#.###,00 €"),"") | F48: Manutención: | G48: =IFERROR(G16+G20+G24+G28+G32,0) -> 0 | BD48: =IF($J$48<>"","",IF($J$53>0," ",B48)) | BE48: =J48 -> 0 | BI48: =IF($J$48<>"","",IF($J$53>0," ",F48)) -> Manutención: | BJ48: =IF($J$48<>"","",IF($J$53>0," ",G48)) -> 0
F49: Alojamiento: | G49: =IFERROR(G17+G21+G25+G29+G33,0) -> 0 | BD49: =IF($J$48<>"","",IF($J$53>0," ",B49)) -> 0 | BI49: =IF($J$48<>"","",IF($J$53>0," ",F49)) -> Alojamiento: | BJ49: =IF($J$48<>"","",IF($J$53>0," ",G49)) -> 0
F50: Locomoción: | G50: =IFERROR(G36+G37+G38+G39+G40+G41+G42,0) -> 0 | BD50: =IF($J$48<>"","",IF($J$53>0," ",B50)) -> 0 | BI50: =IF($J$48<>"","",IF($J$53>0," ",F50)) -> Locomoción: | BJ50: =IF($J$48<>"","",IF($J$53>0," ",G50)) -> 0
F51: Inscripción: | G51: =IFERROR(G44,0) -> 0 | BI51: =IF($J$48<>"","",IF($J$53>0," ",F51)) -> Inscripción: | BJ51: =IF($J$48<>"","",IF($J$53>0," ",G51)) -> 0
F52: otros gastos | G52: =IFERROR(G43,0) -> 0 | BI52: =IF($J$48<>"","",IF($J$53>0," ",F52)) -> otros gastos
B53: "GUARDE ESTA HOJA EN PDF Y ADJÚNTELA CON LA LIQUIDACIÓN UNA VEZ FIRMADA POR PORTAFIRMAS"
B55: VOLVER AL FORMULARIO

Sheet CALCULO NUEVO DECRETO
A1: FECHA | B1: HORA INICIO | C1: HORA FIN | D1: ¿TRANSPORTE COLECTIVO? (Sí/No) | E1: HORA SALIDA (billete) | F1: HORA LLEGADA (prevista) | G1: INICIO EFECTIVO | H1: FIN EFECTIVO | I1: TIPO DE MANUTENCIÓN | J1: NOTA
G2: 0.58333333 | H2: 0.91666667 | I2: =IF(AND(G2<TIME(15,0,0),H2>TIME(21,0,0)),"MANUTENCIÓN COMPLETA",IF(AND(G2<TIME(15,0,0),H2>=TIME(15,0,0),H2<=TIME(21,0,0)),"MEDIA MANUTENCIÓN (ALMUERZO)",IF(AND(G2>=TIME(15,30,0),H2>TIME(21,0,0)),"MEDIA MANUTENCIÓN (CENA)","SIN MANUTENCIÓN"))) -> MANUTENCIÓN COMPLETA | J2: =IF(I2="MANUTENCIÓN COMPLETA","Comienza antes de 15:00 y termina después de 21:00 (Art. 9.c)",IF(I2="MEDIA MANUTENCIÓN (ALMUERZO)","Comienza antes de 15:00 y termina entre 15:00 y 21:00 (Art. 9.b)",IF(I2="MEDIA MANUTENCIÓN (CENA)","Comienza a partir de 15:30 y termina después de 21:00 (Art. 9.b)","No obliga a realizar comidas principales fuera (Art. 9.a)"))) -> Comienza antes de 15:00 y termina después de 21:00 (Art. 9.c)
D6: Calcula el tipo de manutención automáticamente según el Art. 9 del documento “DEVENGO DE DIETAS.pdf”:
D8: SIN MANUTENCIÓN: cuando la comisión no obliga a realizar ninguna de las dos comidas principales fuera de la residencia (Art. 9.a). [fr-prod.as...rosoft.com]
D9: MEDIA MANUTENCIÓN (ALMUERZO): si comienza antes de 15:00 y termina entre 15:00 y 21:00 (Art. 9.b). [fr-prod.as...rosoft.com]
D10: MEDIA MANUTENCIÓN (CENA): si comienza a partir de 15:30 y termina después de 21:00 (Art. 9.b).
D11: MANUTENCIÓN COMPLETA: si comienza antes de 15:00 y termina después de 21:00 (Art. 9.c).
D16: comienza antes de 15:00 y termina entre 15:00 y 21:00 media manutencion (almuerzo) (arti 9,b)
D17: comienza antes de 15:00 y termina después de 21:00 manutención completa (arti 9,b)
D18: comienza 15:00 y termina 22:00 sin manutencion No obliga a realizar comidas principales fuera (art. 9,a)
D19: comienza 15:00 y termina 21:00 sin manutencion No obliga a realizar comidas principales fuera (art. 9,a)
D20: comienza 14:59 y termina 20:59 ( termina entre las 15:00y 21:00 (art.9,b) media manutención (almerzo)
D21: comienza 15:15 y termina 22: SIN MANUTENCIÓN , NO OLBIGA A REALIZAR COMODAS PRINCIPALES FUERA (ART.9.a)
D24: Según el Decreto sobre indemnizaciones por razón del servicio de la Junta de Andalucía, la manutención sin pernoctar se devenga en los siguientes casos:
... D30: En Madrid: 26,67 € (igual que en el resto del territorio nacional).

Sheet VARIOS PAÍSES EXTRANJERO
C1: =IF(D90<>"","",IF(E91<>D9,"","Nº")) | D1: =IF(D90<>"","LIQUIDACIÓN NO CUMPLIMENTADA CORRECTAMENTE",IF(E91<>D9,"LIQUIDACIÓN NO CUMPLIMENTADA CORRECTAMENTE",AL5)) -> LIQUIDACIÓN NO CUMPLIMENTADA CORRECTAMENTE | K1: Elija la Opción ▼ | M1: DECRETO DE DIETAS 54/1989 | P1: PARA PROYECTOS DE ÁMBITO REGIONAL Y EUROPEO
C2: =IF(B8=K2,M2,IF(B8=K3,M1,IF(B8=K4,M1,""))) | K2: Ministerio | M2: R.D. 462/2002 de 24 DE MAYO | P2: APLICAR A PROYECTOS DE ÁMBITO NACIONAL | W2: FECHA ACTIVIDAD | X2: =IF(D13="","",D13) | Y2: =IF(F13="","",F13) | Z2: =TEXT(X2,"dd-mm-aa")&" al "&TEXT(Y2,"dd-mm-aa") -> al | AL2: Nº | CR2: =IF($B$94<>"","",C2)
C3: =IF(B19=K2,P2,IF(B19=K3,P1,IF(B19=K4,P1,""))) | K3: Junta excepto Madrid | W3: FECHA INICO Y FIN DE LOS VIAJES | X3: =W4& " "&TEXT(Y6,"dd-mm-aa")&" al "&TEXT(Z6,"dd-mm-aa")&" -T. Extranjero del "&TEXT(X26,"dd-mm-aa")&" al "&TEXT(Y26,"dd-mm-aa") &" "&W26 &" del "&TEXT(X46,"dd-mm-aa")&" al "&TEXT(Y46,"dd-mm-aa") &" "&W46 &" del "&TEXT(X66,"dd-mm-aa")&" al "&TEXT(Y66,"dd-mm-aa") &" "&W66 -> T. Nacional: del al -T. Extranjero del al del al del al | AL3: =H9 -> 0
C4: =IF(D90<>"","",IF(E91<>D9,"","Esta Liquidación deberá justificar TODOS los gastos relacionados con el viaje y adjuntar la Comisión de Servicio Original.")) | K4: Junta Madrid | M4: MINISTERIO | P4: JUNTA | S4: MADRID | W4: T. Nacional: del | AL4: =IF(C15<>"",C15,IF(C30<>"",C30,IF(C41<>"",C41,IF(C52<>"",C52,"")))) | CR4: =IF($B$94<>"","",C4)
K5: 0 | M5: Manutención completa | O5: 37.4 | P5: Manutención Pernoctando | R5: 40.82 | S5: 41.78 | Y5: inicio | Z5: fin | AL5: =AL4&AL3 -> 0 | AQ5: ALOJAMIENTOS NUEVA LEY DE CONTRATOS
C6: =IF(D90<>"","Para cumplimentar correctamente la liquidación, antes de imprimir atienda ","") -> Para cumplimentar correctamente la liquidación, antes de imprimir atienda | K6: VALIDACION | M6: 1/2 Manutención | O6: 18.7 | P6: Manutención sin pernoctar | R6: 26.67 | S6: 26.67 | W6: Alojamiento T. Nacional | X6: =SUM(G20:G22) -> 0 | Y6: =IF(C15="","",C15) | Z6: =IF(C17="","",C17) | AB6: €/N | AC6: €; | AD6: ESPAÑA | AG6: t.Fact | AQ6: decreto de dietas | AU6: GRABAR FACT.SEGÚN DIETAS | CR6: =IF($B$94<>"","LIQUIDACIÓN NO VÁLIDA PARA SU PRESENTACIÓN, FALTA CUMPLIMENTAR ALGUNOS DATOS.","") -> LIQUIDACIÓN NO VÁLIDA PARA SU PRESENTACIÓN, FALTA CUMPLIMENTAR ALGUNOS DATOS.
B7: ÁREA DE INVESTIGACIÓN | C7: =IF(D90<>"","a los mensajes que van apareciendo y siga las instrucciones. ","") -> a los mensajes que van apareciendo y siga las instrucciones. | K7: Fecha | L7: Hora | M7: Alojamiento | O7: 65.97 | P7: 1/2 Manutención | R7: 20.41 | S7: 20.89 | V7: decreto | W7: =B20 -> Alojamiento (según decreto) | X7: =C20 -> 0 | Y7: =D20 -> noche | Z7: a | AA7: =E20 | AB7: =F20 -> €/noche | AC7: =G20 | AD7: =IF(AC7<>0, X7 &" " & Y7 &" " & Z7 & " "& AA7 & " "& $AB$6 & " "& AC7&AC6,"") -> 0 noche a €/N €; | AG7: decreto<0 | AH7: €/N | AI7: AL PROYECTO | AK7: IVA | AL7: IVA | AM7: BI | AN7: 0.21 | AO7: TOTAL FAC | AQ7: =AD6&" "&AD7 -> ESPAÑA 0 noche a €/N €; | CQ7: =IF($B$94<>"","",B7)
B8: Elija la Opción ▼ | C8: =IF(B8=K1,K15,IF(D9="","ESCRIBA SU NOMBRE Y APELLIDOS",IF(H9="","FALTA INDICAR EL D.N.I.",IF(C10="","FALTA CUMPLIMENTAR LA VINCULACIÓN CON EL PROYECTO",IF(G10="","FALTA INDICAR CUERPO O ESCALA",IF(C11="","FALTA CUMPLIMENTAR EL MOTIVO DEL VIAJE",IF(C12="","FALTA CUMPLIMENTAR EL ITINERARIO",IF(H12="","FALTA CUMPLIMENTAR EL LUGAR DE DESTINO",IF(D13="","FALTA INDICAR LA FECHA DE INICIO DE LA ACTIVIDAD",IF(F13="","FALTA INDICAR LA FECHA DE FIN DE LA ACTIVIDAD",IF(OR(B15="Falta indicar la hora",B17="Falta indicar la hora"),"FALTA INDICAR LA HORA",IF(AND(L18<>0,C15=""),"FALTA INDICAR LA FECHA DESDE",IF(AND(L18<>0,C17=""),"FALTA INDICAR LA FECHA DESDE",IF(OR(H21="Falta indicar las noches",H22="Falta indicar las noches"),"FALTA INDICAR LAS NOCHES",IF(H25="Falta indicar los días","FALTA INDICAR LOS DÍAS",IF(AND(Z25>0,C30=""),"FALTA INDICAR LA FECHA DESDE",IF(AND(Z25>0,C32=""),"FALTA INDICAR LA FECHA DESDE",IF(OR(F30="Falta indicar la hora",F32="Falta indicar la hora"),"FALTA INDICAR LA HORA",IF(OR(H35="Falta indicar las noches",H36="Falta indicar las noches"),"FALTA INDICAR LAS NOCHES",IF(H39="Falta indicar los días","FALTA INDICAR LOS DÍAS",IF(AND(C41="",Z46>0),"FALTA INDICAR LA FECHA DESDE",IF(AND(Z46>0,C43=""),"FALTA INDICAR LA FECHA DESDE",IF(OR(F41="Falta indicar la hora",F43="Falta indicar la hora"),"FALTA INDICAR LA HORA",IF(OR(H46="Falta indicar las noches",H47="Falta indicar las noches"),"FALTA INDICAR LAS NOCHES",IF(H50="Falta indicar los días","FALTA INDICAR LOS DÍAS",IF(AND(Z66>0,C52=""),"FALTA INDICAR LA FECHA DESDE",IF(AND(C54="",Z66>0),"FALTA INDICAR LA FECHA DESDE",IF(OR(F52="Falta indicar la hora",F54="Falta indicar la hora"),"FALTA INDICAR LA HORA",IF(OR(H57="Falta indicar las noches",H58="Falta indicar las noches"),"FALTA INDICAR LAS NOCHES",IF(H61="Falta indicar los días","FALTA INDICAR LOS DÍAS",IF(D72="LIQUIDACIÓN NO VÁLIDA, INDIQUE LA MATRICULA","INDIQUE LA MATRÍCULA",IF(C72="ELIJA LA OPCIÓN DEL TRANSPORTE","FALTA INDICAR EL MEDIO DE TRANSPORTE",IF(D73="","FALTA INDICAR LA FECHA DE INICIO DE LA ACTIVIDAD",IF(F73="","FALTA INDICAR LA FECHA DE FIN DE LA ACTIVIDAD","LIQUIDACIÓN DE DIETAS Y GASTOS DE LOCOMOCIÓN")))))))))))))))))))))))))))))))))) -> ANTES DE COMENZAR DEBE ELEGIR UNA OPCIÓN, MINISTERIO O JUNTA | K8: 36526 | L8: 0.041666667 | M8: horas | P8: Alojamiento | R8: 64.27 | S8: 96.41 | V8: =X8*AA7 -> #VALUE! | W8: =B21 -> Alojamiento (según factura) | X8: =C21 -> 0 | Y8: =D21 -> noche | Z8: a | AA8: =E21 -> 0 | AB8: =F21 -> €/noche | AC8: =G21 -> 0 | AD8: =IF(AC8<>0, X8 &" " & Y8 &" " & Z8 & " "&AH8 & " "& $AB$6 & " "& AG8&AC6,"") | AG8: =IF(AC8>V8,V8,AC8) -> #VALUE! | AH8: =IF(AG8=0,"",AG8/X8) -> #VALUE! | AI8: Imputar | AJ8: €/N | AK8: 0.1 | AL8: 0.1 | AQ8: =AD28 -> 0 noche a €/N €; | AU8: ALOJ. | CQ8: =IF($B$94<>"","",B8) | CR8: =IF(OR(B82<>"",D90<>"",E91<>D9),"",C8)
B9: =IF(B8=K1,K11,"Nombre y Apellidos del titular de la liquidación:") -> 1º Elija la Opción | G9: D.N.I.: | K9: 73050 | L9: 1.0409722 | M9: 0.58333333 | N9: 0.20833333 | P9: horas | Q9: 1/2 MANUTE | R9: EXT | S9: 20.89 | V9: =X9*AA7 -> #VALUE! | W9: =B22 -> Alojamiento Pagos a Terceros | X9: =C22 -> 0 | Y9: =D22 -> noche | Z9: a | AA9: =E22 -> 0 | AB9: =F22 -> €/noche | AC9: =G22 -> 0 | AD9: =IF(AC9<>0,W9 & " " & X9 &" " & Y9 &" " & Z9 & " "& AA9 & " "& AB6 & " "& AC9&AC6,"") | AG9: =IF(AC9>V9,V9,AC9) -> #VALUE! | AH9: =IF(AG9=0,"",AG9/X9) -> #VALUE! | AI9: =AM9*AK8*AN7+AM9 -> #VALUE! | AJ9: =IF(AI9=0,"",AI9/X8) -> #VALUE! | AM9: =AO9/(1+AL8) -> #VALUE! | AO9: =AG8 -> #VALUE! | AQ9: =AD48 -> 0 noche a €/N €; | AU9: ESPAÑA | AV9: =IF(X6>0,AD6&" "&AD8,"") | CQ9: =IF($B$94<>"","",B9) | CS9: =IF($B$94<>"","",D9) | CW9: =IF($B$94<>"","",H9)
B10: Vinculación con el proyecto: | F10: Cuerpo o Escala: | M10: 0.66666667 | N10: diferencia | P10: 0.58333333 | Q10: Manu sin per EXT | S10: 26.67 | W10: =IF(AC7<>0,W7 & " " & X7 &" " & Y7 &" " & Z7 & " "& AA7 & " "& AB7 & " "& AC7,"") -> Alojamiento (según decreto) 0 noche a €/noche | AD10: =IF(X6>0,AD6&" "&AD7&" "&AD8,"") | AI10: =AM10*AK8*AN7+AM10 -> #VALUE! | AJ10: =IF(AI10=0,"",AI10/X9) -> #VALUE! | AM10: =AO10/(1+AL8) -> #VALUE! | AO10: =AG9 -> #VALUE! | AQ10: =AD68 -> 0 noche a €/N €; | AU10: =W26 | AV10: =AD29 | CQ10: =IF($B$94<>"","",B10) | CR10: =IF($B$94<>"","",C10) | CU10: =IF($B$94<>"","",F10) | CV10: =IF($B$94<>"","",G10)
B11: Motivo del viaje: | K11: 1º Elija la Opción | M11: 0.91666667 | N11: =D17-D15 -> 0 | P11: 0.625 | W11: =IF(AC8<>0,W8 & " " & X8 &" " & Y8 &" " & Z8 & " "& AA8 & " "& AB8 & " "& AC8,"") | AI11: =IF(AH8="","",IF(AC8<>0,X8&""&Y8&" "&Z8&" "&AJ9&AB6&" "&AI9&AC6,"")) -> #VALUE! | AU11: =W46 | AV11: =AD49 | CQ11: =IF($B$94<>"","",B11) | CR11: =IF($B$94<>"","",C11)
B12: Itinerario: | G12: Lugar de destino | P12: 0.91666667 | W12: =IF(AC9<>0,W9 & " " & X9 &" " & Y9 &" " & Z9 & " "& AA9 & " "& AB9 & " "& AC9,"") | AI12: =IF(AH9="","",IF(AC9<>0,X9&""&Y9&" "&Z9&" "&AH9&AB6&" "&AI10&AC6,"")) -> #VALUE! | AU12: =W66 | AV12: =AD69 | CQ12: =IF($B$94<>"","",B12) | CR12: =IF($B$94<>"","",C12) | CV12: =IF($B$94<>"","",G12) | CW12: =IF($B$94<>"","",H12)
B13: Fecha de la actividad: | C13: Fecha de inicio | E13: Fecha de fin | G13: consultar | K13: Falta indicar los días | W13: =IF(X6>0,"Total alojamiento en T. Nacional: "&TEXT((X6),"#.###,00 €")&" desglosado en:" & W10 &" " &" " & W11 &" " & W12,"") | AJ13: España | CQ13: =IF($B$94<>"","",B13) | CR13: =IF($B$94<>"","",C13) | CS13: =IF($B$94<>"","",D13) | CT13: =IF($B$94<>"","",E13) | CU13: =IF($B$94<>"","",F13)
B14: Dietas T. Nacional | D14: hh: mm | E14: =IF(F88<>"","",IF(I14<1,"",IF(I14="","",IF(AND(C18<>"",F88="",I14>0,C15<>C17),"Días intermedios, manutención con pernoctación, según días con derecho a dietas","")))) | K14: Falta indicar las noches | W14: Manutención T.Nacional | X14: =SUM(G23:G26) -> 0 | Y14: ESPAÑA | AB14: €/D | AC14: €; | AD14: 1/2M | AJ14: =AJ13&" "&AI11 -> #VALUE! | AQ14: GRABAR FACTURA PAGOS A TERCEROS 10% IVA | CQ14: =IF($B$94<>"","",B14)
B15: =IF(AND(C15<>"",D15=""),"Falta indicar la hora","Desde") -> Desde | E15: =IF(B15="Falta indicar la hora","",IF(AND(C2=M1,C15=C17,C15<>"",D15>P10,D17<=P12),"No corresponde dietas",IF(AND(C2=M1,C15=C17,C15<>"",D15<=P10,D17>P12),"Manutención sin pernoctar",IF(AND(C2=M1,C15=C17,C15<>"",D15>P10,D17>P12),"1/2 Manutención",IF(AND(C2=M1,C15=C17,C15<>"",D15<=P10,D17<=P11),"No corresponde dietas",IF(AND(C2=M1,C15=C17,C15<>"",D15<=P10,D17>P11,D17<=P12),"1/2 Manutención",IF(AND(C2=M1,C15<>C17,C15<>"",D15<=P10),"Para el día de salida: salida , manutención pernoctando",IF(AND(C2=M1,C15<>C17,C15<>"",D15>P12),"Para el día de salida: No corresponde manutención",IF(AND(C2=M1,C15<>C17,C15<>"",D15>P10),"Para el día de salida: salida 1/2 manutención",IF(AND(C2=M2,C15<>"",C15=C17,D15<=M9,D17>M10,N11>=N9),"Sólo le corresponde 1/2 manutención",IF(AND(C2=M2,C15<>"",C15<>C17,D15<=M9),"Para el día de salida: Manute. Completa",IF(AND(C2=M2,C15<>"",C15<>C17,D15>M9,D15<=M11),"Para el día de salida:1/2 manutención",IF(AND(C2=M2,C15<>"",C15<>C17,D15>=M11),"Para el día de salida no corresponde dieta",IF(AND(OR(D15>=M9,D17<=M10,N11<N9),C2=M2,C15<>"",C15=C17),"No le corresponde dietas","")))))))))))))) | K15: ANTES DE COMENZAR DEBE ELEGIR UNA OPCIÓN, MINISTERIO O JUNTA | P15: Elija Opción | W15: =B23 -> 1/2 manutención | X15: =C23 -> 0 | Y15: =D23 -> día | Z15: a | AA15: =E23 | AB15: =F23 -> €/día | AC15: =G23 -> 0 | AJ15: =IF(AI12="","",AJ13&" "&W9&" "&AI12) -> #VALUE! | CQ15: =IF($B$94<>"","",B15) | CR15: =IF(C15="","",IF($B$94<>"","",C15)) | CS15: =IF(D15="","",IF($B$94<>"","",D15)) | CT15: =IF($B$94<>"","",E15)
E16: =IF(B8=K1,"",IF(K19<1,"",IF(K19="","",IF(AND(C18<>"",K19>0,C15<>C17),"Días intermedios, manutención completa según días con derecho a dietas","")))) | K16: LIQUIDACIÓN NO VÁLIDA, DEBE ELEGIR UNA OPCIÓN, MINISTERIO O JUNTA. | P16: Alquiler coche | W16: =B24 | X16: =C24 -> 0 | Y16: =D24 -> día | Z16: a | AA16: =E24 | AB16: =F24 -> €/día | AC16: =G24 | AQ16: ALOJ. | CT16: =IF($B$94<>"","",E16)
B17: =IF(AND(C17<>"",D17=""),"Falta indicar la hora","Hasta") -> Hasta | E17: =IF(B17="Falta indicar la hora","",IF(D17="","",IF(AND(C2=M1,D17>P12,C15<>C17,D17<>""),"Para el día de regreso: manutención sin pernoctar",IF(AND(C2=M1,D17<=P11,C15<>C17),"Para el días de regreso: No corresponde manutención",IF(AND(C2=M1,C15<>C17,D17>P11,D17<=P12),"Para el día de regreso: 1/2 manutención",IF(AND(C2=M2,C17<>"",C15<>C17,D17>M11),"Para el día de regreso: regreso posterior a las 22:00 H,",IF(AND(C2=M2,C17<>"",C15<>C17,D17>M9),"Para el día de regreso: Regreso posterior a las 14:00 H 1/2 nanut.",IF(AND(C2=M2,C17<>"",C15<>C17,D17<=M9),"Para el día de regreso no corresponde dieta","")))))))) | P17: Avión | W17: =B25 -> Manutención (según factura/Ticket) | X17: =C25 -> 0 | Y17: =D25 -> día | Z17: a | AA17: =E25 -> 0 | AB17: =F25 -> €/día | AC17: =G25 -> 0 | AQ17: ESPAÑA | AR17: =AJ15 -> #VALUE! | CQ17: =IF($B$94<>"","",B17) | CR17: =IF(C17="","",IF($B$94<>"","",C17)) | CS17: =IF(D17="","",IF($B$94<>"","",D17)) | CT17: =IF($B$94<>"","",E17)
B18: Total días de viaje : | C18: =IF(OR(C15="",C17=""),"",C17-C15+1) | D18: consultar | E18: =IF(AND(C2=M2,C17<>"",C15<>C17,D17>M11),"excepcionalmente manut. Completa, previa factura de la cena.","") | K18: dias intermedios | L18: =SUM(G20:G26) -> 0 | P18: Barco | W18: =B26 | X18: =C26 -> 0 | Y18: =D26 | Z18: a | AA18: =E26 | AB18: =F26 | AC18: =G26 | AR18: =AI36 -> #VALUE! | CQ18: =IF($B$94<>"","",B18) | CR18: =IF($B$94<>"","",C18)
K19: =IF(C18="","",C18-2) | P19: Bus | W19: =IF(AC15<>0,W15 & " " & X15 &" " & Y15 &" " & Z15 & " "& AA15 & " "& AB15 & " "& AC15,"") | AD19: =IF(AC15<>0,AD14&" "&" "&X15&" "&Y15&" "&Z15&" "&AA15&$AB$14&" "&AC15&$AC$14,"") | AR19: =AL54 -> #VALUE!
B20: Alojamiento (según decreto) | D20: =IF(C20>1,"noches","noche") -> noche | E20: =IF(B8=K2,O7,IF(B8=K3,R8,IF(B8=K4,S8,""))) | F20: €/noche | G20: =IF(E20="","",C20*E20) | K20: decreto | L20: supera | P20: Gasolina | W20: =IF(AC16<>0,W16 & " " & X16 &" " & Y16 &" " & Z16 & " "& AA16 & " "& AB16 & " "& AC16,"") -> 0 día a €/día | AD20: =IF(AC16<>0,X16&" "&Y16&" "&Z16&" "&AA16&$AB$14&" "&AC16&$AC$14,"") -> 0 día a €/D €; | AR20: =AL75 -> #VALUE! | CQ20: =IF($B$94<>"","",B20) | CR20: =IF(C20="","",IF($B$94<>"","",C20)) | CS20: =IF($B$94<>"","",D20) | CT20: =IF($B$94<>"","",E20) | CU20: =IF($B$94<>"","",F20) | CV20: =IF($B$94<>"","",G20)
B21: Alojamiento (según factura) | D21: =IF(C21>1,"noches","noche") -> noche | E21: =IF(C21="",0,G21/C21) -> 0 | F21: €/noche | G21: 0 | H21: =IF(AND(C21="",G21>0),"Falta indicar las noches",IF(L21="","",IF(L21>0,"Supera el Decreto en"&TEXT((L21)," #.##0,00 €"),""))) | K21: =IF(E20="","",C21*E20) | L21: =IF(K21="","",G21-K21) | M21: alojamiento | P21: Metro | W21: =IF(AC17<>0,W17 & " " & X17 &" " & Y17 &" " & Z17 & " "& AA17 & " "& AB17 & " "& AC17,"") | AD21: =IF(AC17<>0,X17&" "&Y17&" "&Z17&" "&AA17&$AB$14&" "&AC17&$AC$14,"") | AF21: =IF(X14>0,"Manut. T.N."&AD19&" "&AD20&" "&AD21&" "&AD22,"") | CQ21: =IF($B$94<>"","",B21) | CR21: =IF(C21="","",IF($B$94<>"","",C21)) | CS21: =IF($B$94<>"","",D21) | CT21: =IF($B$94<>"","",E21) | CU21: =IF($B$94<>"","",F21) | CV21: =IF($B$94<>"","",G21) | CW21: =IF($B$94<>"","",H21)
B22: Alojamiento Pagos a Terceros | D22: =IF(C22>1,"noches","noche") -> noche | E22: =IF(C22="",0,G22/C22) -> 0 | F22: €/noche | G22: 0 | H22: =IF(AND(C22="",G22>0),"Falta indicar las noches",IF(L22="","",IF(L22>0,"Supera el Decreto en"&TEXT((L22)," #.##0,00 €"),M22))) | K22: =IF(E20="","",C22*E20) | L22: =IF(K22="","",G22-K22) | M22: Pagos a Terceros | P22: Parking | W22: =IF(OR(AC18=0,AC18=""),"",W18&" "&X18&" "&Y18&" "&Z18&" "&AA18&" "&AB18&" "&AC18) | AD22: =IF(AC18<>"",X18&" "&Y18&" "&Z18&" "&AA18&$AB$14&" "&AC18&$AC$14,"") | AQ22: MANUTENCION EN VARIOS PAÍSES | CQ22: =IF($B$94<>"","",B22) | CR22: =IF(C22="","",IF($B$94<>"","",C22)) | CS22: =IF($B$94<>"","",D22) | CT22: =IF($B$94<>"","",E22) | CU22: =IF($B$94<>"","",F22) | CV22: =IF($B$94<>"","",G22) | CW22: =IF($B$94<>"","",H22)
B23: 1/2 manutención | D23: =IF(C23>1,"días","día") -> día | E23: =IF(B8=K2,O6,IF(B8=K3,R7,IF(B8=K4,S7,""))) | F23: €/día | G23: =IF(AND(C23>0,B8=K1),0,IF(C23="",0,C23*E23)) -> 0 | H23: Haga Clic para el cálculo de Globalia | K23: decreto | L23: supera | P23: Peaje | W23: =IF(X14>0,"Total manutención en T. Nacional: "&TEXT((X14),"#.###,00 €")&" desglosado en:" & W19 &" " &" " & W20 &" " & W21&" " &W21,"") | AQ23: MANT. | CQ23: =IF($B$94<>"","",B23) | CR23: =IF(C23="","",IF($B$94<>"","",C23)) | CS23: =IF($B$94<>"","",D23) | CT23: =IF($B$94<>"","",E23) | CU23: =IF($B$94<>"","",F23) | CV23: =IF($B$94<>"","",G23)
B24: =IF(B8=K2,M5,IF(B8=K3,P5,IF(B8=K4,P5,""))) | D24: =IF(C24>1,"días","día") -> día | E24: =IF(B24="","",IF(B24=M5,O5,IF(AND(B8=K3,B24=P5),R5,IF(AND(B8=K4,B24=P5),S5,"")))) | F24: €/día | G24: =IF(B24="","",C24*E24) | M24: manutencion | P24: Taxis | AQ24: =Y14 -> ESPAÑA | AR24: =X14 -> 0 | CQ24: =IF($B$94<>"","",B24) | CR24: =IF(C24="","",IF($B$94<>"","",C24)) | CS24: =IF($B$94<>"","",D24) | CT24: =IF($B$94<>"","",E24) | CU24: =IF($B$94<>"","",F24) | CV24: =IF($B$94<>"","",G24)
B25: Manutención (según factura/Ticket) | D25: =IF(C25>1,"días","día") -> día | E25: =IF(C25="",0,G25/C25) -> 0 | F25: €/día | G25: 0 | H25: =IF(AND(C25="",G25>0),"Falta indicar los días",IF(L25="","",IF(L25>0,"Supera el Decreto en"&TEXT((L25)," #.##0,00 €"),""))) | K25: =IF(C25="","",IF(B8=K2,O5*C25,IF(B8=K3,R5*C25,IF(B8=K4,S5*C25,"")))) | L25: =IF(K25="","",G25-K25) | M25: manutencion | P25: Tren | X25: inicio | Y25: fin | Z25: =X27+X35 -> 0 | AQ25: =W26 | AR25: =X35 -> 0 | CQ25: =IF($B$94<>"","",B25) | CR25: =IF(C25="","",IF($B$94<>"","",C25)) | CS25: =IF($B$94<>"","",D25) | CT25: =IF($B$94<>"","",E25) | CU25: =IF($B$94<>"","",F25) | CV25: =IF($B$94<>"","",G25) | CW25: =IF($B$94<>"","",H25)
B26: =IF(OR(B8=K3,B8=K4),P6,"") | D26: =IF(B26="","",IF(C26>1,"días","día")) | E26: =IF(B26=P6,R6,"") | F26: =IF(B26="","","€/día") | G26: =IF(B26="","",C26*E26) | P26: Visado | V26: 1º pais | W26: =IF(D33="ELIJA EL PAÍS ▼","",D33) | X26: =IF(C30="","",C30) | Y26: =IF(C32="","",C32) | AQ26: =W46 | AR26: =X55 -> 0 | CQ26: =IF($B$94<>"","",B26) | CR26: =IF(C26="","",IF($B$94<>"","",C26)) | CS26: =IF($B$94<>"","",D26) | CT26: =IF($B$94<>"","",E26) | CU26: =IF($B$94<>"","",F26) | CV26: =IF($B$94<>"","",G26)
